Workbook
Name a1_Y1: [2]CONFIGURACIÓN!$D$17
Name a1_Y2: [2]CONFIGURACIÓN!$E$17
Name a10_Y10: [2]CONFIGURACIÓN!$M$26
Name a10_Y11: [2]CONFIGURACIÓN!$N$26
Name a2_Y2: [2]CONFIGURACIÓN!$E$18
Name a2_Y3: [2]CONFIGURACIÓN!$F$18
Name a3_Y3: [2]CONFIGURACIÓN!$F$19
Name a3_Y4: [2]CONFIGURACIÓN!$G$19
Name a4_Y4: [2]CONFIGURACIÓN!$G$20
Name a4_Y5: [2]CONFIGURACIÓN!$H$20
Name a5_Y5: [2]CONFIGURACIÓN!$H$21
Name a5_Y6: [2]CONFIGURACIÓN!$I$21
Name a6_Y6: [2]CONFIGURACIÓN!$I$22
Name a6_Y7: [2]CONFIGURACIÓN!$J$22
Name a7_Y7: [2]CONFIGURACIÓN!$J$23
Name a7_Y8: [2]CONFIGURACIÓN!$K$23
Name a8_Y8: [2]CONFIGURACIÓN!$K$24
Name a8_Y9: [2]CONFIGURACIÓN!$L$24
Name a9_Y10: [2]CONFIGURACIÓN!$M$25
Name a9_Y9: [2]CONFIGURACIÓN!$L$25
Name ALMUERZO: '[3]Resumen Preparaciones'!$C$52:$C$113
Name almuerzocena: '[3]Resumen Preparaciones'!$C$52:$C$141
Name año1: [2]CONFIGURACIÓN!$F$9
Name APLICA: #REF!
Name APLICA.: #REF!
Name bbb: [4]lista!$A$11:$A$13
Name CALENDARIO: [2]CALENDARIO!$B$6:$H$161
Name Calidad: [5]PERSONAL!$P$58
Name Campamento: [5]PERSONAL!$P$122
Name Comercio: [6]OCULTAR!$F$14:$G$17
Name Decision: [4]lista!$A$6:$A$7
Name dependencia: '[7]Datos Inciales'!$B$5:$B$30
Name desayuno: '[3]Resumen Preparaciones'!$C$5:$C$50
Name DESAYUNOS: '[3]Resumen Preparaciones'!$C$5:$C$33
Name Ensayos: [5]PERSONAL!$P$100
Name Estrategia: [8]Tablas!$F$2:$F$34
Name EUR: '[2]DATOS ENTRADA'!$E$2
Name fecha_fin_servicio: [2]CONFIGURACIÓN!$C$10
Name fecha_inicio_servicio: [2]CONFIGURACIÓN!$C$9
Name Fuente: [8]Tablas!$D$2:$D$10
Name FUENTES: '[7]Datos Inciales'!$B$40:$B$49
Name GRUPO: #REF!
Name horas_jornada: [2]CONFIGURACIÓN!$C$12
Name horas_ubicacion1: [2]CONFIGURACIÓN!$C$47
Name horas_ubicacion2: [2]CONFIGURACIÓN!$C$48
Name horas_ubicacion3: [2]CONFIGURACIÓN!$C$49
Name horas_ubicacion4: [2]CONFIGURACIÓN!$C$50
Name horas_ubicacion5: [2]CONFIGURACIÓN!$C$51
Name horas_ubicacion6: [2]CONFIGURACIÓN!$C$52
Name horas_ubicacion7: [2]CONFIGURACIÓN!$C$53
Name Info_Prazo_do_contrato: [9]Seletor!$C$13
Name IVASobreUtilidad: [5]IMPUESTOS!$E$16
Name lista_hnp: '[2]COSTES NO SSPP'!$B$24:$B$33
Name lista_lineas_reparto: '[2]HW&SW'!$C$314:$C$324
Name lista_localizaciones: [2]CONFIGURACIÓN!$B$47:$B$53
Name lista_paises: '[2]DATOS MAESTROS'!$B$13:$B$39
Name lista_perfiles_esp: [2]TASAS!$D$7:$D$198
Name lista_perfiles_resto: [2]TASAS!$B$330:$B$450
Name M: [6]OCULTAR!$B$14:$B$17
Name Manufacturero: [6]OCULTAR!$B$14:$C$17

Sheet Formato de cotizacion
D2: República de Colombia
D3: Instituto Colombiano de Antropología e Historia
D4: Servicios de limpieza y desinfección de los tanques de almacenamiento de agua potable
D5: Formato de cotización
B7: Nombre o Razón Social | H7: NIT
B8: Persona de contacto | H8: Teléfono celular
B9: Correo electrónico | H9: Teléfono fijo
B11: Instrucciones para el diligenciamiento de la cotización
B13: • Por favor diligenciar solo las celdas en AZUL. • Revisar todos los requerimientos que se exponen en los documentos técnico y formular su cotización en concordancia con este, de tal forma que cumplan con la necesidad del Instituto. • Por favor diligenciar en la columna "Porcentaje de IVA" el porcentaje de IVA segun corresponda • Los precios unitarios deberán ser expresado en PESOS COLOMBIANOS. • Los precios unitarios deberán aproximarse por exceso o por defecto al entero más cercano así: (i) si es igual o superior a 50 centavos, se aproxima al entero siguiente; (ii) si es inferior a 50 centavos se baja al entero anterior. • El formato contiene los insumos de costos estimados por el Instituto por lo tanto no se permite modificar, agregar o quitar ningún ítem o sub-ítem. • Los precios unitarios deben contemplar todos los rubros requeridos para la adecuada prestación del servicio y el cumplimiento de las obligaciones tributarias y contractuales como los son trazabilidad del servicio, equipo mínimo de trabajo, impuestos entre otros.
B15: TANQUE ALMACENAMIENTO DE AGUA POTABLE Sede Gregorio Hernández de Alba, Ubicación: Bogotá., Dimensiones: 4.00 x 1.50 x 3.30 Especificaciones: Tanque subterráneo de almacenamiento de agua potable, construido en concreto reforzado e impermeabilizado con un recubrimiento cementicio modificado con polímeros o equivalente, diseñado para proteger superficies de concreto y mampostería contra la humedad, filtraciones y presión de agua. Cuenta con acceso para inspección y mantenimiento mediante escotilla.
B16: Ítem | C16: Descripción (De acuerdo con lo requerido en la ficha técnica) | E16: Unidad | F16: Cantidad | G16: Valor unitario antes de IVA | H16: Porcentaje de IVA según corresponda | I16: Valor unitario IVA incluido | J16: Valor total IVA incluido
B17: 1 | C17: Vaciado y drenaje controlado del tanque. | E17: Un | F17: 1 | H17: 0.19 | I17: =+ROUND(G17*(1+H17),0) -> 0 | J17: =+I17*F17 -> 0
B18: 2 | C18: Retiro y disposición de sedimentos, lodos y residuos acumulados. | E18: Gl | F18: 1 | H18: 0.19 | I18: =+ROUND(G18*(1+H18),0) -> 0 | J18: =+I18*F18 -> 0
B19: 3 | C19: Inspección y diagnóstico de las condiciones físicas y sanitarias del tanque de almacenamiento de agua potable. Incluye Revisión de fisuras, grietas, filtraciones y desprendimientos, Inspección de tapas, escaleras, válvulas, tuberías y accesorios. | E19: Gl | F19: 1 | H19: 0.19 | I19: =+ROUND(G19*(1+H19),0) -> 0 | J19: =+I19*F19 -> 0
B20: 4 | C20: Lavado y limpieza interna de paredes, pisos, cubierta y accesorios del tanque. | E20: Un | F20: 1 | H20: 0.19 | I20: =+ROUND(G20*(1+H20),0) -> 0 | J20: =+I20*F20 -> 0
B21: 5 | C21: Desinfección y enjuague del tanque de agua potable. | E21: Un | F21: 1 | I21: =+ROUND(G21*(1+H21),0) -> 0 | J21: =+I21*F21 -> 0
B22: 6 | C22: Llenado y puesta en funcionamiento del tanque. | E22: Un | F22: 1 | H22: 0.19 | I22: =+ROUND(G22*(1+H22),0) -> 0 | J22: =+I22*F22 -> 0
B23: 7 | C23: Realizar el muestreo y análisis fisicoquímico y microbiológico del agua potable almacenada en el tanque y/o en un punto de consumo abastecido por éste | E23: Un | F23: 1 | G23: 100 | H23: 0.19 | I23: =+ROUND(G23*(1+H23),0) -> 119 | J23: =+I23*F23 -> 119
B25: TOTALES BOGOTÁ | G25: =SUM(G17:G23) -> 100 | I25: =SUM(I17:I23) -> 119 | J25: =SUM(J17:J23) -> 119
B27: TANQUE ALMACENAMIENTO DE AGUA POTABLE Sede Parque Arqueológico de Ídolos, Ubicación: Huila, Dimensiones: 2.0 x 2.0 x 2.0 Especificaciones: Tanque tipo piscina, estructura en concreto reforzada impermeabilización tipo compuesto a base de cemento modificado con polímeros, diseñado para impermeabilizar superficies de concreto y mamposterías expuestas a humedad, filtraciones o presión de agua. o similar. Acceso directo
B28: Ítem | C28: Descripción (De acuerdo con lo requerido en la ficha técnica) | E28: Unidad | F28: Cantidad | G28: Valor unitario antes de IVA | H28: Porcentaje de IVA según corresponda | I28: Valor unitario IVA incluido | J28: Valor total IVA incluido
B29: 1 | C29: Vaciado y drenaje controlado del tanque. | E29: Un | F29: 1 | H29: 0.19 | I29: =+ROUND(G29*(1+H29),0) -> 0 | J29: =+I29*F29 -> 0
B30: 2 | C30: Retiro y disposición de sedimentos, lodos y residuos acumulados. | E30: Gl | F30: 1 | G30: 100 | H30: 0.19 | I30: =+ROUND(G30*(1+H30),0) -> 119 | J30: =+I30*F30 -> 119
B31: 3 | C31: Inspección y diagnóstico de las condiciones físicas y sanitarias del tanque de almacenamiento de agua potable. Incluye Revisión de fisuras, grietas, filtraciones y desprendimientos, Inspección de tapas, escaleras, válvulas, tuberías y accesorios. | E31: Gl | F31: 1 | H31: 0.19 | I31: =+ROUND(G31*(1+H31),0) -> 0 | J31: =+I31*F31 -> 0
B32: 4 | C32: Lavado y limpieza interna de paredes, pisos, cubierta y accesorios del tanque. | E32: Un | F32: 1 | H32: 0.19 | I32: =+ROUND(G32*(1+H32),0) -> 0 | J32: =+I32*F32 -> 0
B33: 5 | C33: Desinfección y enjuague del tanque de agua potable. | E33: Un | F33: 1 | I33: =+ROUND(G33*(1+H33),0) -> 0 | J33: =+I33*F33 -> 0
B34: 6 | C34: Llenado y puesta en funcionamiento del tanque. | E34: Un | F34: 1 | H34: 0.19 | I34: =+ROUND(G34*(1+H34),0) -> 0 | J34: =+I34*F34 -> 0
B35: 7 | C35: Realizar el muestreo y análisis fisicoquímico y microbiológico del agua potable almacenada en el tanque y/o en un punto de consumo abastecido por éste | E35: Un | F35: 1 | H35: 0.19 | I35: =+ROUND(G35*(1+H35),0) -> 0 | J35: =+I35*F35 -> 0
B37: TOTAL IDOLOS | G37: =SUM(G29:G35) -> 100 | I37: =SUM(I29:I35) -> 119 | J37: =SUM(J29:J35) -> 119
B39: TANQUE ALMACENAMIENTO DE AGUA POTABLE Sede administrativa Santa Marta, Ubicación: Santa Marta, Dimensiones: 3.30 x 1.20 x 1.50 Especificaciones: Tanque subterráneo, estructura en concreto reforzada impermeabilización tipo compuesto a base de cemento modificado con polímeros, diseñado para impermeabilizar superficies de concreto y mampostería expuestas a humedad, filtraciones o presión de agua. o similar. Acceso de mantenimiento tipo escotilla
B40: Ítem | C40: Descripción (De acuerdo con lo requerido en la ficha técnica) | E40: Unidad | F40: Cantidad | G40: Valor unitario antes de IVA | H40: Porcentaje de IVA según corresponda | I40: Valor unitario IVA incluido | J40: Valor total IVA incluido
B41: 1 | C41: Vaciado y drenaje controlado del tanque. | E41: Un | F41: 1 | H41: 0.19 | I41: =+ROUND(G41*(1+H41),0) -> 0 | J41: =+I41*F41 -> 0
B42: 2 | C42: Retiro y disposición de sedimentos, lodos y residuos acumulados. | E42: Gl | F42: 1 | H42: 0.19 | I42: =+ROUND(G42*(1+H42),0) -> 0 | J42: =+I42*F42 -> 0
B43: 3 | C43: Inspección y diagnóstico de las condiciones físicas y sanitarias del tanque de almacenamiento de agua potable. Incluye Revisión de fisuras, grietas, filtraciones y desprendimientos, Inspección de tapas, escaleras, válvulas, tuberías y accesorios. | E43: Gl | F43: 1 | H43: 0.19 | I43: =+ROUND(G43*(1+H43),0) -> 0 | J43: =+I43*F43 -> 0
B44: 4 | C44: Lavado y limpieza interna de paredes, pisos, cubierta y accesorios del tanque. | E44: Un | F44: 1 | H44: 0.19 | I44: =+ROUND(G44*(1+H44),0) -> 0 | J44: =+I44*F44 -> 0
B45: 5 | C45: Desinfección y enjuague del tanque de agua potable. | E45: Un | F45: 1 | I45: =+ROUND(G45*(1+H45),0) -> 0 | J45: =+I45*F45 -> 0
B46: 6 | C46: Llenado y puesta en funcionamiento del tanque. | E46: Un | F46: 1 | H46: 0.19 | I46: =+ROUND(G46*(1+H46),0) -> 0 | J46: =+I46*F46 -> 0
B47: 7 | C47: Realizar el muestreo y análisis fisicoquímico y microbiológico del agua potable almacenada en el tanque y/o en un punto de consumo abastecido por éste | E47: Un | F47: 1 | G47: 100 | H47: 0.19 | I47: =+ROUND(G47*(1+H47),0) -> 119 | J47: =+I47*F47 -> 119
B49: TOTAL SANTA MARTA | G49: =SUM(G41:G47) -> 100 | I49: =SUM(I41:I47) -> 119 | J49: =SUM(J41:J47) -> 119
B51: TANQUE ALMACENAMIENTO DE AGUA POTABLE Sede Parque Arqueológico San Agustín, Ubicación: Huila, Dimensiones:7.00 x 2.50 x 2.00 Especificaciones: Tanque subterráneo, estructura en concreto reforzada impermeabilización tipo compuesto a base de cemento modificado con polímeros, diseñado para impermeabilizar superficies de concreto y mampostería expuestas a humedad, filtraciones o presión de agua o similar. Acceso de mantenimiento tipo escotilla
B52: Ítem | C52: Descripción (De acuerdo con lo requerido en la ficha técnica) | E52: Unidad | F52: Cantidad | G52: Valor unitario antes de IVA | H52: Porcentaje de IVA según corresponda | I52: Valor unitario IVA incluido | J52: Valor total IVA incluido
B53: 1 | C53: Vaciado y drenaje controlado del tanque. | E53: Un | F53: 1 | H53: 0.19 | I53: =+ROUND(G53*(1+H53),0) -> 0 | J53: =+I53*F53 -> 0
B54: 2 | C54: Retiro y disposición de sedimentos, lodos y residuos acumulados. | E54: Gl | F54: 1 | H54: 0.19 | I54: =+ROUND(G54*(1+H54),0) -> 0 | J54: =+I54*F54 -> 0
B55: 3 | C55: Inspección y diagnóstico de las condiciones físicas y sanitarias del tanque de almacenamiento de agua potable. Incluye Revisión de fisuras, grietas, filtraciones y desprendimientos, Inspección de tapas, escaleras, válvulas, tuberías y accesorios. | E55: Gl | F55: 1 | H55: 0.19 | I55: =+ROUND(G55*(1+H55),0) -> 0 | J55: =+I55*F55 -> 0
B56: 4 | C56: Lavado y limpieza interna de paredes, pisos, cubierta y accesorios del tanque. | E56: Un | F56: 1 | G56: 100 | H56: 0.19 | I56: =+ROUND(G56*(1+H56),0) -> 119 | J56: =+I56*F56 -> 119
B57: 5 | C57: Desinfección y enjuague del tanque de agua potable. | E57: Un | F57: 1 | I57: =+ROUND(G57*(1+H57),0) -> 0 | J57: =+I57*F57 -> 0
B58: 6 | C58: Llenado y puesta en funcionamiento del tanque. | E58: Un | F58: 1 | H58: 0.19 | I58: =+ROUND(G58*(1+H58),0) -> 0 | J58: =+I58*F58 -> 0
B59: 7 | C59: Realizar el muestreo y análisis fisicoquímico y microbiológico del agua potable almacenada en el tanque y/o en un punto de consumo abastecido por éste | E59: Un | F59: 1 | H59: 0.19 | I59: =+ROUND(G59*(1+H59),0) -> 0 | J59: =+I59*F59 -> 0
B61: TOTAL SAN AGUSTIN | G61: =SUM(G53:G59) -> 100 | I61: =SUM(I53:I59) -> 119 | J61: =SUM(J53:J59) -> 119
B63: TANQUE ALMACENAMIENTO DE AGUA POTABLE Sede Parque Arqueológico San Agustin, Ubicación: Huila. Dimensiones:3.70 x 1.90 x 1.70 Especificaciones: Tanque subterráneo, estructura en concreto reforzada impermeabilización tipo compuesto a base de cemento modificado con polímeros, diseñado para impermeabilizar superficies de concreto y mampostería expuesta a humedad, filtraciones o presión de agua o similar. Acceso de mantenimiento tipo escotilla
B64: Ítem | C64: Descripción (De acuerdo con lo requerido en la ficha técnica) | E64: Unidad | F64: Cantidad | G64: Valor unitario antes de IVA | H64: Porcentaje de IVA según corresponda | I64: Valor unitario IVA incluido | J64: Valor total IVA incluido
B65: 1 | C65: Vaciado y drenaje controlado del tanque. | E65: Un | F65: 1 | H65: 0.19 | I65: =+ROUND(G65*(1+H65),0) -> 0 | J65: =+I65*F65 -> 0
B66: 2 | C66: Retiro y disposición de sedimentos, lodos y residuos acumulados. | E66: Gl | F66: 1 | H66: 0.19 | I66: =+ROUND(G66*(1+H66),0) -> 0 | J66: =+I66*F66 -> 0
B67: 3 | C67: Inspección y diagnóstico de las condiciones físicas y sanitarias del tanque de almacenamiento de agua potable. Incluye Revisión de fisuras, grietas, filtraciones y desprendimientos, Inspección de tapas, escaleras, válvulas, tuberías y accesorios. | E67: Gl | F67: 1 | G67: 100 | H67: 0.19 | I67: =+ROUND(G67*(1+H67),0) -> 119 | J67: =+I67*F67 -> 119
B68: 4 | C68: Lavado y limpieza interna de paredes, pisos, cubierta y accesorios del tanque. | E68: Un | F68: 1 | H68: 0.19 | I68: =+ROUND(G68*(1+H68),0) -> 0 | J68: =+I68*F68 -> 0
B69: 5 | C69: Desinfección y enjuague del tanque de agua potable. | E69: Un | F69: 1 | I69: =+ROUND(G69*(1+H69),0) -> 0 | J69: =+I69*F69 -> 0
B70: 6 | C70: Llenado y puesta en funcionamiento del tanque. | E70: Un | F70: 1 | H70: 0.19 | I70: =+ROUND(G70*(1+H70),0) -> 0 | J70: =+I70*F70 -> 0
B71: 7 | C71: Realizar el muestreo y análisis fisicoquímico y microbiológico del agua potable almacenada en el tanque y/o en un punto de consumo abastecido por éste | E71: Un | F71: 1 | H71: 0.19 | I71: =+ROUND(G71*(1+H71),0) -> 0 | J71: =+I71*F71 -> 0
B73: TOTAL SAN AGUSTIN | G73: =SUM(G65:G71) -> 100 | I73: =SUM(I65:I71) -> 119 | J73: =SUM(J65:J71) -> 119
B75: Ítem | C75: Descripción (De acuerdo con lo requerido en la ficha técnica) | E75: Unidad | F75: Cantidad | G75: Valor unitario antes de IVA | H75: Porcentaje de IVA según corresponda | I75: Valor unitario IVA incluido | J75: Valor total IVA incluido
B76: 1 | C76: Suministro y aplicación de sistema impermeabilizante tipo compuesto a base de cemento modificado con polímeros, diseñado para impermeabilizar superficies de concreto y mampostería expuesta a humedad, filtraciones o presión de agua. o equivalente aprobado para contacto con agua potable, incluyendo materiales, mano de obra, equipos y herramientas. | E76: m2 | F76: 1 | G76: 100 | H76: 0.19 | I76: =+ROUND(G76*(1+H76),0) -> 119 | J76: =+I76*F76 -> 119
B78: TOTAL IMPERMEABILIZANTE | G78: =+G76 -> 100 | I78: =+I76 -> 119 | J78: =+J76 -> 119
B80: TOTAL COTIZACIÓN | H80: =+J78+J73+J61+J49+J37+J25 -> 714
B82: La presente cotización:
B83: • Se remite como parte del estudio de mercado, previo a la contratación, y no implica ninguna obligación de contratar. • El Icanh no se hace responsable de ningún costo directo o indirecto en que incurra el potencial proveedor para presentar la actual cotización, dado que se recibe de buena fe, como fuente de información de precios de referencia del mercado para el estudio de sector. • Tiene una vigencia de 90 días a partir de la fecha de diligenciamiento.
B84: Inscripción en el Registro Único de Proponentes: Las personas naturales y jurídicas, nacionales o extranjeras, con domicilio en Colombia, interesadas en participar en procesos de contratación convocados por las entidades estatales, deben estar inscritas en el RUP, salvo las excepciones previstas de forma taxativa en la ley (Artículo 2.2.1.1.1.5.1 del Decreto 1082 de 2015). Se aclara que esta inscripción no se requiere para remitir cotización durante el estudio de sector.
B90: Firma Representante legal
B92: Nombre Representante legal
B94: Fecha de cotización

Sheet Estudio de mercado
D2: República de Colombia
D3: Instituto Colombiano de Antropología e Historia
D4: Servicios de limpieza y desinfección de los tanques de almacenamiento de agua potable
D5: Estudio de mercado
B8: TANQUE ALMACENAMIENTO DE AGUA POTABLE Sede Gregorio Hernández de Alba, Ubicación: Bogotá., Dimensiones: 4.00 x 1.50 x 3.30 Especificaciones: Tanque subterráneo de almacenamiento de agua potable, construido en concreto reforzado e impermeabilizado con un recubrimiento cementicio modificado con polímeros o equivalente, diseñado para proteger superficies de concreto y mampostería contra la humedad, filtraciones y presión de agua. Cuenta con acceso para inspección y mantenimiento mediante escotilla. | H8: =+EAI!D7 -> Estudios Ambientales Integrados SAS | K8: =+RHARQ!D7 -> RHARQ | N8: =+MAYALA!D7 -> MAYALA SAS | T8: PROMEDIO | W8: MEDIA GEOMÉTRICA | Z8: MEDIA ARMÓNICA | AC8: MEDIANA | AF8: DESVIACIÓN ESTANDAR | AG8: LIMITE SUPERIOR | AH8: LIMITE INFERIOR
B9: Ítem | C9: Descripción (De acuerdo con lo requerido en la ficha técnica) | E9: Unidad | F9: Cantidad | G9: Porcentaje de IVA según corresponda | H9: Valor unitario antes de IVA | I9: Valor unitario IVA incluido | J9: Valor total IVA incluido | K9: Valor unitario antes de IVA | L9: Valor unitario IVA incluido | M9: Valor total IVA incluido | N9: Valor unitario antes de IVA | O9: Valor unitario IVA incluido | P9: Valor total IVA incluido | Q9: Valor unitario antes de IVA | R9: Valor unitario IVA incluido | S9: Valor total IVA incluido | T9: Valor unitario antes de IVA | U9: Valor unitario IVA incluido | V9: Valor total IVA incluido | W9: Valor unitario antes de IVA | X9: Valor unitario IVA incluido | Y9: Valor total IVA incluido | Z9: Valor unitario antes de IVA | AA9: Valor unitario IVA incluido | AB9: Valor total IVA incluido | AC9: Valor unitario antes de IVA | AD9: Valor unitario IVA incluido | AE9: Valor total IVA incluido | AF9: Valor unitario antes de IVA | AG9: Valor unitario antes de IVA | AH9: Valor unitario antes de IVA
B10: 1 | C10: Vaciado y drenaje controlado del tanque. | E10: Un | F10: 1 | G10: 0.19 | H10: =+EAI!G17 -> 200000 | I10: =+ROUND(H10*(1+$G10),0) -> 238000 | J10: =+I10*F10 -> 238000 | K10: =+RHARQ!G17 -> 560000 | L10: =+ROUND(K10*(1+$G10),0) -> 666400 | M10: =+L10*$F10 -> 666400 | N10: =+MAYALA!G17 -> 350000 | O10: =+ROUND(N10*(1+$G10),0) -> 416500 | P10: =+O10*$F10 -> 416500 | R10: =+ROUND(Q10*(1+$G10),0) -> 0 | S10: =+R10*$F10 -> 0 | T10: =+ROUND(AVERAGE($Q10,$N10,$K10,$H10),0) -> 370000 | U10: =+ROUND(T10*(1+$G10),0) -> 440300 | V10: =+U10*$F10 -> 440300 | W10: =+ROUND(GEOMEAN($Q10,$N10,$K10,$H10),0) -> 339700 | X10: =+ROUND(W10*(1+$G10),0) -> 404243 | Y10: =+X10*$F10 -> 404243 | Z10: =+ROUND(HARMEAN($Q10,$N10,$K10,$H10),0) -> 311111 | AA10: =+ROUND(Z10*(1+$G10),0) -> 370222 | AB10: =+AA10*$F10 -> 370222 | AC10: =+ROUND(MEDIAN($Q10,$N10,$K10,$H10),0) -> 350000 | AD10: =+ROUND(AC10*(1+$G10),0) -> 416500 | AE10: =+AD10*$F10 -> 416500 | AF10: =STDEV($Q10,$N10,$K10,$H10) -> 180831.41 | AG10: =+T10+AF10 -> 550831.41 | AH10: =-T10-AG10 -> -920831.41
B11: 2 | C11: Retiro y disposición de sedimentos, lodos y residuos acumulados. | E11: Gl | F11: 1 | G11: 0.19 | H11: =+EAI!G18 -> 300000 | I11: =+ROUND(H11*(1+$G11),0) -> 357000 | J11: =+I11*F11 -> 357000 | K11: =+RHARQ!G18 -> 850000 | L11: =+ROUND(K11*(1+$G11),0) -> 1011500 | M11: =+L11*$F11 -> 1011500 | N11: =+MAYALA!G18 -> 650000 | O11: =+ROUND(N11*(1+$G11),0) -> 773500 | P11: =+O11*$F11 -> 773500 | R11: =+ROUND(Q11*(1+$G11),0) -> 0 | S11: =+R11*$F11 -> 0 | T11: =+ROUND(AVERAGE($Q11,$N11,$K11,$H11),0) -> 600000 | U11: =+ROUND(T11*(1+$G11),0) -> 714000 | V11: =+U11*$F11 -> 714000 | W11: =+ROUND(GEOMEAN($Q11,$N11,$K11,$H11),0) -> 549310 | X11: =+ROUND(W11*(1+$G11),0) -> 653679 | Y11: =+X11*$F11 -> 653679 | Z11: =+ROUND(HARMEAN($Q11,$N11,$K11,$H11),0) -> 496010 | AA11: =+ROUND(Z11*(1+$G11),0) -> 590252 | AB11: =+AA11*$F11 -> 590252 | AC11: =+ROUND(MEDIAN($Q11,$N11,$K11,$H11),0) -> 650000 | AD11: =+ROUND(AC11*(1+$G11),0) -> 773500 | AE11: =+AD11*$F11 -> 773500 | AF11: =STDEV($Q11,$N11,$K11,$H11) -> 278388.22 | AG11: =+T11+AF11 -> 878388.22 | AH11: =-T11-AG11 -> -1478388.2
B12: 3 | C12: Inspección y diagnóstico de las condiciones físicas y sanitarias del tanque de almacenamiento de agua potable. Incluye Revisión de fisuras, grietas, filtraciones y desprendimientos, Inspección de tapas, escaleras, válvulas, tuberías y accesorios. | E12: Gl | F12: 1 | G12: 0.19 | H12: =+EAI!G19 -> 400000 | I12: =+ROUND(H12*(1+$G12),0) -> 476000 | J12: =+I12*F12 -> 476000 | K12: =+RHARQ!G19 -> 320000 | L12: =+ROUND(K12*(1+$G12),0) -> 380800 | M12: =+L12*$F12 -> 380800 | N12: =+MAYALA!G19 -> 2500000 | O12: =+ROUND(N12*(1+$G12),0) -> 2975000 | P12: =+O12*$F12 -> 2975000 | R12: =+ROUND(Q12*(1+$G12),0) -> 0 | S12: =+R12*$F12 -> 0 | T12: =+ROUND(AVERAGE($Q12,$N12,$K12,$H12),0) -> 1073333 | U12: =+ROUND(T12*(1+$G12),0) -> 1277266 | V12: =+U12*$F12 -> 1277266 | W12: =+ROUND(GEOMEAN($Q12,$N12,$K12,$H12),0) -> 683990 | X12: =+ROUND(W12*(1+$G12),0) -> 813948 | Y12: =+X12*$F12 -> 813948 | Z12: =+ROUND(HARMEAN($Q12,$N12,$K12,$H12),0) -> 497925 | AA12: =+ROUND(Z12*(1+$G12),0) -> 592531 | AB12: =+AA12*$F12 -> 592531 | AC12: =+ROUND(MEDIAN($Q12,$N12,$K12,$H12),0) -> 400000 | AD12: =+ROUND(AC12*(1+$G12),0) -> 476000 | AE12: =+AD12*$F12 -> 476000 | AF12: =STDEV($Q12,$N12,$K12,$H12) -> 1236176.9 | AG12: =+T12+AF12 -> 2309509.9 | AH12: =-T12-AG12 -> -3382842.9
B13: 4 | C13: Lavado y limpieza interna de paredes, pisos, cubierta y accesorios del tanque. | E13: Un | F13: 1 | G13: 0.19 | H13: =+EAI!G20 -> 500000 | I13: =+ROUND(H13*(1+$G13),0) -> 595000 | J13: =+I13*F13 -> 595000 | K13: =+RHARQ!G20 -> 3200000 | L13: =+ROUND(K13*(1+$G13),0) -> 3808000 | M13: =+L13*$F13 -> 3808000 | N13: =+MAYALA!G20 -> 1500000 | O13: =+ROUND(N13*(1+$G13),0) -> 1785000 | P13: =+O13*$F13 -> 1785000 | R13: =+ROUND(Q13*(1+$G13),0) -> 0 | S13: =+R13*$F13 -> 0 | T13: =+ROUND(AVERAGE($Q13,$N13,$K13,$H13),0) -> 1733333 | U13: =+ROUND(T13*(1+$G13),0) -> 2062666 | V13: =+U13*$F13 -> 2062666 | W13: =+ROUND(GEOMEAN($Q13,$N13,$K13,$H13),0) -> 1338866 | X13: =+ROUND(W13*(1+$G13),0) -> 1593251 | Y13: =+X13*$F13 -> 1593251 | Z13: =+ROUND(HARMEAN($Q13,$N13,$K13,$H13),0) -> 1006993 | AA13: =+ROUND(Z13*(1+$G13),0) -> 1198322 | AB13: =+AA13*$F13 -> 1198322 | AC13: =+ROUND(MEDIAN($Q13,$N13,$K13,$H13),0) -> 1500000 | AD13: =+ROUND(AC13*(1+$G13),0) -> 1785000 | AE13: =+AD13*$F13 -> 1785000 | AF13: =STDEV($Q13,$N13,$K13,$H13) -> 1365039.7 | AG13: =+T13+AF13 -> 3098372.7 | AH13: =-T13-AG13 -> -4831705.7
B14: 5 | C14: Desinfección y enjuague del tanque de agua potable. | E14: Un | F14: 1 | G14: 0.19 | H14: =+EAI!G21 -> 200000 | I14: =+ROUND(H14*(1+$G14),0) -> 238000 | J14: =+I14*F14 -> 238000 | K14: =+RHARQ!G21 -> 2400000 | L14: =+ROUND(K14*(1+$G14),0) -> 2856000 | M14: =+L14*$F14 -> 2856000 | N14: =+MAYALA!G21 -> 1350000 | O14: =+ROUND(N14*(1+$G14),0) -> 1606500 | P14: =+O14*$F14 -> 1606500 | R14: =+ROUND(Q14*(1+$G14),0) -> 0 | S14: =+R14*$F14 -> 0 | T14: =+ROUND(AVERAGE($Q14,$N14,$K14,$H14),0) -> 1316667 | U14: =+ROUND(T14*(1+$G14),0) -> 1566834 | V14: =+U14*$F14 -> 1566834 | W14: =+ROUND(GEOMEAN($Q14,$N14,$K14,$H14),0) -> 865350 | X14: =+ROUND(W14*(1+$G14),0) -> 1029767 | Y14: =+X14*$F14 -> 1029767 | Z14: =+ROUND(HARMEAN($Q14,$N14,$K14,$H14),0) -> 487218 | AA14: =+ROUND(Z14*(1+$G14),0) -> 579789 | AB14: =+AA14*$F14 -> 579789 | AC14: =+ROUND(MEDIAN($Q14,$N14,$K14,$H14),0) -> 1350000 | AD14: =+ROUND(AC14*(1+$G14),0) -> 1606500 | AE14: =+AD14*$F14 -> 1606500 | AF14: =STDEV($Q14,$N14,$K14,$H14) -> 1100378.7 | AG14: =+T14+AF14 -> 2417045.7 | AH14: =-T14-AG14 -> -3733712.7
B15: 6 | C15: Llenado y puesta en funcionamiento del tanque. | E15: Un | F15: 1 | G15: 0.19 | H15: =+EAI!G22 -> 200000 | I15: =+ROUND(H15*(1+$G15),0) -> 238000 | J15: =+I15*F15 -> 238000 | K15: =+RHARQ!G22 -> 560000 | L15: =+ROUND(K15*(1+$G15),0) -> 666400 | M15: =+L15*$F15 -> 666400 | N15: =+MAYALA!G22 -> 250000 | O15: =+ROUND(N15*(1+$G15),0) -> 297500 | P15: =+O15*$F15 -> 297500 | R15: =+ROUND(Q15*(1+$G15),0) -> 0 | S15: =+R15*$F15 -> 0 | T15: =+ROUND(AVERAGE($Q15,$N15,$K15,$H15),0) -> 336667 | U15: =+ROUND(T15*(1+$G15),0) -> 400634 | V15: =+U15*$F15 -> 400634 | W15: =+ROUND(GEOMEAN($Q15,$N15,$K15,$H15),0) -> 303659 | X15: =+ROUND(W15*(1+$G15),0) -> 361354 | Y15: =+X15*$F15 -> 361354 | Z15: =+ROUND(HARMEAN($Q15,$N15,$K15,$H15),0) -> 278146 | AA15: =+ROUND(Z15*(1+$G15),0) -> 330994 | AB15: =+AA15*$F15 -> 330994 | AC15: =+ROUND(MEDIAN($Q15,$N15,$K15,$H15),0) -> 250000 | AD15: =+ROUND(AC15*(1+$G15),0) -> 297500 | AE15: =+AD15*$F15 -> 297500 | AF15: =STDEV($Q15,$N15,$K15,$H15) -> 195021.37 | AG15: =+T15+AF15 -> 531688.37 | AH15: =-T15-AG15 -> -868355.37
B16: 7 | C16: Realizar el muestreo y análisis fisicoquímico y microbiológico del agua potable almacenada en el tanque y/o en un punto de consumo abastecido por éste | E16: Un | F16: 1 | G16: 0.19 | H16: =+EAI!G23 -> 1600000 | I16: =+ROUND(H16*(1+$G16),0) -> 1904000 | J16: =+I16*F16 -> 1904000 | K16: =+RHARQ!G23 -> 4000000 | L16: =+ROUND(K16*(1+$G16),0) -> 4760000 | M16: =+L16*$F16 -> 4760000 | N16: =+MAYALA!G23 -> 550000 | O16: =+ROUND(N16*(1+$G16),0) -> 654500 | P16: =+O16*$F16 -> 654500 | R16: =+ROUND(Q16*(1+$G16),0) -> 0 | S16: =+R16*$F16 -> 0 | T16: =+ROUND(AVERAGE($Q16,$N16,$K16,$H16),0) -> 2050000 | U16: =+ROUND(T16*(1+$G16),0) -> 2439500 | V16: =+U16*$F16 -> 2439500 | W16: =+ROUND(GEOMEAN($Q16,$N16,$K16,$H16),0) -> 1521181 | X16: =+ROUND(W16*(1+$G16),0) -> 1810205 | Y16: =+X16*$F16 -> 1810205 | Z16: =+ROUND(HARMEAN($Q16,$N16,$K16,$H16),0) -> 1113924 | AA16: =+ROUND(Z16*(1+$G16),0) -> 1325570 | AB16: =+AA16*$F16 -> 1325570 | AC16: =+ROUND(MEDIAN($Q16,$N16,$K16,$H16),0) -> 1600000 | AD16: =+ROUND(AC16*(1+$G16),0) -> 1904000 | AE16: =+AD16*$F16 -> 1904000 | AF16: =STDEV($Q16,$N16,$K16,$H16) -> 1768473.9 | AG16: =+T16+AF16 -> 3818473.9 | AH16: =-T16-AG16 -> -5868473.9
B18: TOTALES BOGOTÁ | H18: =SUM(H10:H16) -> 3400000 | I18: =SUM(I10:I16) -> 4046000 | J18: =SUM(J10:J16) -> 4046000 | K18: =SUM(K10:K16) -> 11890000 | L18: =SUM(L10:L16) -> 14149100 | M18: =SUM(M10:M16) -> 14149100 | N18: =SUM(N10:N16) -> 7150000 | O18: =SUM(O10:O16) -> 8508500 | ... AH18: =SUM(AH10:AH16) -> -21084310
B20: TANQUE ALMACENAMIENTO DE AGUA POTABLE Sede Parque Arqueológico de Ídolos, Ubicación: Huila, Dimensiones: 2.0 x 2.0 x 2.0 Especificaciones: Tanque tipo piscina, estructura en concreto reforzada impermeabilización tipo compuesto a base de cemento modificado con polímeros, diseñado para impermeabilizar superficies de concreto y mamposterías expuestas a humedad, filtraciones o presión de agua. o similar. Acceso directo | H20: =+H8 -> Estudios Ambientales Integrados SAS | K20: =+K8 -> RHARQ | N20: =+N8 -> MAYALA SAS | Q20: =+Q8 -> 0 | T20: =+T8 -> PROMEDIO | W20: =+W8 -> MEDIA GEOMÉTRICA | Z20: =+Z8 -> MEDIA ARMÓNICA | AC20: =+AC8 -> MEDIANA | AF20: DESVIACIÓN ESTANDAR | AG20: LIMITE SUPERIOR | AH20: LIMITE INFERIOR
B21: Ítem | C21: Descripción (De acuerdo con lo requerido en la ficha técnica) | E21: Unidad | F21: Cantidad | G21: Porcentaje de IVA según corresponda | H21: Valor unitario antes de IVA | I21: Valor unitario IVA incluido | J21: Valor total IVA incluido | K21: Valor unitario antes de IVA | L21: Valor unitario IVA incluido | M21: Valor total IVA incluido | N21: Valor unitario antes de IVA | O21: Valor unitario IVA incluido | P21: Valor total IVA incluido | Q21: Valor unitario antes de IVA | R21: Valor unitario IVA incluido | S21: Valor total IVA incluido | T21: Valor unitario antes de IVA | U21: Valor unitario IVA incluido | V21: Valor total IVA incluido | W21: Valor unitario antes de IVA | X21: Valor unitario IVA incluido | Y21: Valor total IVA incluido | Z21: Valor unitario antes de IVA | AA21: Valor unitario IVA incluido | AB21: Valor total IVA incluido | AC21: Valor unitario antes de IVA | AD21: Valor unitario IVA incluido | AE21: Valor total IVA incluido | AF21: Valor unitario antes de IVA | AG21: Valor unitario antes de IVA | AH21: Valor unitario antes de IVA
B22: 1 | C22: Vaciado y drenaje controlado del tanque. | E22: Un | F22: 1 | G22: 0.19 | H22: =+EAI!G29 -> 400000 | I22: =+ROUND(H22*(1+$G22),0) -> 476000 | J22: =+I22*F22 -> 476000 | K22: =+RHARQ!G29 -> 280000 | L22: =+ROUND(K22*(1+$G22),0) -> 333200 | M22: =+L22*$F22 -> 333200 | N22: =+MAYALA!G29 -> 350000 | O22: =+ROUND(N22*(1+$G22),0) -> 416500 | P22: =+O22*$F22 -> 416500 | R22: =+ROUND(Q22*(1+$G22),0) -> 0 | S22: =+R22*$F22 -> 0 | T22: =+ROUND(AVERAGE($Q22,$N22,$K22,$H22),0) -> 343333 | U22: =+ROUND(T22*(1+$G22),0) -> 408566 | V22: =+U22*$F22 -> 408566 | W22: =+ROUND(GEOMEAN($Q22,$N22,$K22,$H22),0) -> 339700 | X22: =+ROUND(W22*(1+$G22),0) -> 404243 | Y22: =+X22*$F22 -> 404243 | Z22: =+ROUND(HARMEAN($Q22,$N22,$K22,$H22),0) -> 336000 | AA22: =+ROUND(Z22*(1+$G22),0) -> 399840 | AB22: =+AA22*$F22 -> 399840 | AC22: =+ROUND(MEDIAN($Q22,$N22,$K22,$H22),0) -> 350000 | AD22: =+ROUND(AC22*(1+$G22),0) -> 416500 | AE22: =+AD22*$F22 -> 416500 | AF22: =STDEV($Q22,$N22,$K22,$H22) -> 60277.138 | AG22: =+T22+AF22 -> 403610.14 | AH22: =-T22-AG22 -> -746943.14
B23: 2 | C23: Retiro y disposición de sedimentos, lodos y residuos acumulados. | E23: Gl | F23: 1 | G23: 0.19 | H23: =+EAI!G30 -> 500000 | I23: =+ROUND(H23*(1+$G23),0) -> 595000 | J23: =+I23*F23 -> 595000 | K23: =+RHARQ!G30 -> 720000 | L23: =+ROUND(K23*(1+$G23),0) -> 856800 | M23: =+L23*$F23 -> 856800 | N23: =+MAYALA!G30 -> 650000 | O23: =+ROUND(N23*(1+$G23),0) -> 773500 | P23: =+O23*$F23 -> 773500 | R23: =+ROUND(Q23*(1+$G23),0) -> 0 | S23: =+R23*$F23 -> 0 | T23: =+ROUND(AVERAGE($Q23,$N23,$K23,$H23),0) -> 623333 | U23: =+ROUND(T23*(1+$G23),0) -> 741766 | V23: =+U23*$F23 -> 741766 | W23: =+ROUND(GEOMEAN($Q23,$N23,$K23,$H23),0) -> 616224 | X23: =+ROUND(W23*(1+$G23),0) -> 733307 | Y23: =+X23*$F23 -> 733307 | Z23: =+ROUND(HARMEAN($Q23,$N23,$K23,$H23),0) -> 608846 | AA23: =+ROUND(Z23*(1+$G23),0) -> 724527 | AB23: =+AA23*$F23 -> 724527 | AC23: =+ROUND(MEDIAN($Q23,$N23,$K23,$H23),0) -> 650000 | AD23: =+ROUND(AC23*(1+$G23),0) -> 773500 | AE23: =+AD23*$F23 -> 773500 | AF23: =STDEV($Q23,$N23,$K23,$H23) -> 112398.1 | AG23: =+T23+AF23 -> 735731.1 | AH23: =-T23-AG23 -> -1359064.1
B24: 3 | C24: Inspección y diagnóstico de las condiciones físicas y sanitarias del tanque de almacenamiento de agua potable. Incluye Revisión de fisuras, grietas, filtraciones y desprendimientos, Inspección de tapas, escaleras, válvulas, tuberías y accesorios. | E24: Gl | F24: 1 | G24: 0.19 | H24: =+EAI!G31 -> 600000 | I24: =+ROUND(H24*(1+$G24),0) -> 714000 | J24: =+I24*F24 -> 714000 | K24: =+RHARQ!G31 -> 160000 | L24: =+ROUND(K24*(1+$G24),0) -> 190400 | M24: =+L24*$F24 -> 190400 | N24: =+MAYALA!G31 -> 2500000 | O24: =+ROUND(N24*(1+$G24),0) -> 2975000 | P24: =+O24*$F24 -> 2975000 | R24: =+ROUND(Q24*(1+$G24),0) -> 0 | S24: =+R24*$F24 -> 0 | T24: =+ROUND(AVERAGE($Q24,$N24,$K24,$H24),0) -> 1086667 | U24: =+ROUND(T24*(1+$G24),0) -> 1293134 | V24: =+U24*$F24 -> 1293134 | W24: =+ROUND(GEOMEAN($Q24,$N24,$K24,$H24),0) -> 621447 | X24: =+ROUND(W24*(1+$G24),0) -> 739522 | Y24: =+X24*$F24 -> 739522 | Z24: =+ROUND(HARMEAN($Q24,$N24,$K24,$H24),0) -> 360721 | AA24: =+ROUND(Z24*(1+$G24),0) -> 429258 | AB24: =+AA24*$F24 -> 429258 | AC24: =+ROUND(MEDIAN($Q24,$N24,$K24,$H24),0) -> 600000 | AD24: =+ROUND(AC24*(1+$G24),0) -> 714000 | AE24: =+AD24*$F24 -> 714000 | AF24: =STDEV($Q24,$N24,$K24,$H24) -> 1243596.9 | AG24: =+T24+AF24 -> 2330263.9 | AH24: =-T24-AG24 -> -3416930.9
B25: 4 | C25: Lavado y limpieza interna de paredes, pisos, cubierta y accesorios del tanque. | E25: Un | F25: 1 | G25: 0.19 | H25: =+EAI!G32 -> 600000 | I25: =+ROUND(H25*(1+$G25),0) -> 714000 | J25: =+I25*F25 -> 714000 | K25: =+RHARQ!G32 -> 1600000 | L25: =+ROUND(K25*(1+$G25),0) -> 1904000 | M25: =+L25*$F25 -> 1904000 | N25: =+MAYALA!G32 -> 1500000 | O25: =+ROUND(N25*(1+$G25),0) -> 1785000 | P25: =+O25*$F25 -> 1785000 | R25: =+ROUND(Q25*(1+$G25),0) -> 0 | S25: =+R25*$F25 -> 0 | T25: =+ROUND(AVERAGE($Q25,$N25,$K25,$H25),0) -> 1233333 | U25: =+ROUND(T25*(1+$G25),0) -> 1467666 | V25: =+U25*$F25 -> 1467666 | W25: =+ROUND(GEOMEAN($Q25,$N25,$K25,$H25),0) -> 1129243 | X25: =+ROUND(W25*(1+$G25),0) -> 1343799 | Y25: =+X25*$F25 -> 1343799 | Z25: =+ROUND(HARMEAN($Q25,$N25,$K25,$H25),0) -> 1014085 | AA25: =+ROUND(Z25*(1+$G25),0) -> 1206761 | AB25: =+AA25*$F25 -> 1206761 | AC25: =+ROUND(MEDIAN($Q25,$N25,$K25,$H25),0) -> 1500000 | AD25: =+ROUND(AC25*(1+$G25),0) -> 1785000 | AE25: =+AD25*$F25 -> 1785000 | AF25: =STDEV($Q25,$N25,$K25,$H25) -> 550757.05 | AG25: =+T25+AF25 -> 1784090.1 | AH25: =-T25-AG25 -> -3017423.1
B26: 5 | C26: Desinfección y enjuague del tanque de agua potable. | E26: Un | F26: 1 | G26: 0.19 | H26: =+EAI!G33 -> 300000 | I26: =+ROUND(H26*(1+$G26),0) -> 357000 | J26: =+I26*F26 -> 357000 | K26: =+RHARQ!G33 -> 1200000 | L26: =+ROUND(K26*(1+$G26),0) -> 1428000 | M26: =+L26*$F26 -> 1428000 | N26: =+MAYALA!G33 -> 1350000 | O26: =+ROUND(N26*(1+$G26),0) -> 1606500 | P26: =+O26*$F26 -> 1606500 | R26: =+ROUND(Q26*(1+$G26),0) -> 0 | S26: =+R26*$F26 -> 0 | T26: =+ROUND(AVERAGE($Q26,$N26,$K26,$H26),0) -> 950000 | U26: =+ROUND(T26*(1+$G26),0) -> 1130500 | V26: =+U26*$F26 -> 1130500 | W26: =+ROUND(GEOMEAN($Q26,$N26,$K26,$H26),0) -> 786222 | X26: =+ROUND(W26*(1+$G26),0) -> 935604 | Y26: =+X26*$F26 -> 935604 | Z26: =+ROUND(HARMEAN($Q26,$N26,$K26,$H26),0) -> 611321 | AA26: =+ROUND(Z26*(1+$G26),0) -> 727472 | AB26: =+AA26*$F26 -> 727472 | AC26: =+ROUND(MEDIAN($Q26,$N26,$K26,$H26),0) -> 1200000 | AD26: =+ROUND(AC26*(1+$G26),0) -> 1428000 | AE26: =+AD26*$F26 -> 1428000 | AF26: =STDEV($Q26,$N26,$K26,$H26) -> 567890.83 | AG26: =+T26+AF26 -> 1517890.8 | AH26: =-T26-AG26 -> -2467890.8
B27: 6 | C27: Llenado y puesta en funcionamiento del tanque. | E27: Un | F27: 1 | G27: 0.19 | H27: =+EAI!G34 -> 300000 | I27: =+ROUND(H27*(1+$G27),0) -> 357000 | J27: =+I27*F27 -> 357000 | K27: =+RHARQ!G34 -> 280000 | L27: =+ROUND(K27*(1+$G27),0) -> 333200 | M27: =+L27*$F27 -> 333200 | N27: =+MAYALA!G34 -> 250000 | O27: =+ROUND(N27*(1+$G27),0) -> 297500 | P27: =+O27*$F27 -> 297500 | R27: =+ROUND(Q27*(1+$G27),0) -> 0 | S27: =+R27*$F27 -> 0 | T27: =+ROUND(AVERAGE($Q27,$N27,$K27,$H27),0) -> 276667 | U27: =+ROUND(T27*(1+$G27),0) -> 329234 | V27: =+U27*$F27 -> 329234 | W27: =+ROUND(GEOMEAN($Q27,$N27,$K27,$H27),0) -> 275892 | X27: =+ROUND(W27*(1+$G27),0) -> 328311 | Y27: =+X27*$F27 -> 328311 | Z27: =+ROUND(HARMEAN($Q27,$N27,$K27,$H27),0) -> 275109 | AA27: =+ROUND(Z27*(1+$G27),0) -> 327380 | AB27: =+AA27*$F27 -> 327380 | AC27: =+ROUND(MEDIAN($Q27,$N27,$K27,$H27),0) -> 280000 | AD27: =+ROUND(AC27*(1+$G27),0) -> 333200 | AE27: =+AD27*$F27 -> 333200 | AF27: =STDEV($Q27,$N27,$K27,$H27) -> 25166.115 | AG27: =+T27+AF27 -> 301833.11 | AH27: =-T27-AG27 -> -578500.11
B28: 7 | C28: Realizar el muestreo y análisis fisicoquímico y microbiológico del agua potable almacenada en el tanque y/o en un punto de consumo abastecido por éste | E28: Un | F28: 1 | G28: 0.19 | H28: =+EAI!G35 -> 1600000 | I28: =+ROUND(H28*(1+$G28),0) -> 1904000 | J28: =+I28*F28 -> 1904000 | K28: =+RHARQ!G35 -> 2000000 | L28: =+ROUND(K28*(1+$G28),0) -> 2380000 | M28: =+L28*$F28 -> 2380000 | N28: =+MAYALA!G35 -> 550000 | O28: =+ROUND(N28*(1+$G28),0) -> 654500 | P28: =+O28*$F28 -> 654500 | R28: =+ROUND(Q28*(1+$G28),0) -> 0 | S28: =+R28*$F28 -> 0 | T28: =+ROUND(AVERAGE($Q28,$N28,$K28,$H28),0) -> 1383333 | U28: =+ROUND(T28*(1+$G28),0) -> 1646166 | V28: =+U28*$F28 -> 1646166 | W28: =+ROUND(GEOMEAN($Q28,$N28,$K28,$H28),0) -> 1207362 | X28: =+ROUND(W28*(1+$G28),0) -> 1436761 | Y28: =+X28*$F28 -> 1436761 | Z28: =+ROUND(HARMEAN($Q28,$N28,$K28,$H28),0) -> 1019305 | AA28: =+ROUND(Z28*(1+$G28),0) -> 1212973 | AB28: =+AA28*$F28 -> 1212973 | AC28: =+ROUND(MEDIAN($Q28,$N28,$K28,$H28),0) -> 1600000 | AD28: =+ROUND(AC28*(1+$G28),0) -> 1904000 | AE28: =+AD28*$F28 -> 1904000 | AF28: =STDEV($Q28,$N28,$K28,$H28) -> 748888.06 | AG28: =+T28+AF28 -> 2132221.1 | AH28: =-T28-AG28 -> -3515554.1
B30: TOTAL IDOLOS | H30: =SUM(H22:H28) -> 4300000 | I30: =SUM(I22:I28) -> 5117000 | J30: =SUM(J22:J28) -> 5117000 | K30: =SUM(K22:K28) -> 6240000 | L30: =SUM(L22:L28) -> 7425600 | M30: =SUM(M22:M28) -> 7425600 | N30: =SUM(N22:N28) -> 7150000 | O30: =SUM(O22:O28) -> 8508500 | ... AH30: =SUM(AH22:AH28) -> -15102306
B32: TANQUE ALMACENAMIENTO DE AGUA POTABLE Sede administrativa Santa Marta, Ubicación: Santa Marta, Dimensiones: 3.30 x 1.20 x 1.50 Especificaciones: Tanque subterráneo, estructura en concreto reforzada impermeabilización tipo compuesto a base de cemento modificado con polímeros, diseñado para impermeabilizar superficies de concreto y mampostería expuestas a humedad, filtraciones o presión de agua. o similar. Acceso de mantenimiento tipo escotilla | H32: =+H20 -> Estudios Ambientales Integrados SAS | K32: =+K20 -> RHARQ | N32: =+N20 -> MAYALA SAS | Q32: =+Q20 -> 0 | T32: =+T20 -> PROMEDIO | W32: =+W20 -> MEDIA GEOMÉTRICA | Z32: =+Z20 -> MEDIA ARMÓNICA | AC32: =+AC20 -> MEDIANA | AF32: DESVIACIÓN ESTANDAR | AG32: LIMITE SUPERIOR | AH32: LIMITE INFERIOR
B33: Ítem | C33: Descripción (De acuerdo con lo requerido en la ficha técnica) | E33: Unidad | F33: Cantidad | G33: Porcentaje de IVA según corresponda | H33: Valor unitario antes de IVA | I33: Valor unitario IVA incluido | J33: Valor total IVA incluido | K33: Valor unitario antes de IVA | L33: Valor unitario IVA incluido | M33: Valor total IVA incluido | N33: Valor unitario antes de IVA | O33: Valor unitario IVA incluido | P33: Valor total IVA incluido | Q33: Valor unitario antes de IVA | R33: Valor unitario IVA incluido | S33: Valor total IVA incluido | T33: Valor unitario antes de IVA | U33: Valor unitario IVA incluido | V33: Valor total IVA incluido | W33: Valor unitario antes de IVA | X33: Valor unitario IVA incluido | Y33: Valor total IVA incluido | Z33: Valor unitario antes de IVA | AA33: Valor unitario IVA incluido | AB33: Valor total IVA incluido | AC33: Valor unitario antes de IVA | AD33: Valor unitario IVA incluido | AE33: Valor total IVA incluido | AF33: Valor unitario antes de IVA | AG33: Valor unitario antes de IVA | AH33: Valor unitario antes de IVA
B34: 1 | C34: Vaciado y drenaje controlado del tanque. | E34: Un | F34: 1 | G34: 0.19 | H34: =+EAI!G41 -> 1200000 | I34: =+ROUND(H34*(1+$G34),0) -> 1428000 | J34: =+I34*F34 -> 1428000 | K34: =+RHARQ!G41 -> 210000 | L34: =+ROUND(K34*(1+$G34),0) -> 249900 | M34: =+L34*$F34 -> 249900 | N34: =+MAYALA!G41 -> 650000 | O34: =+ROUND(N34*(1+$G34),0) -> 773500 | P34: =+O34*$F34 -> 773500 | R34: =+ROUND(Q34*(1+$G34),0) -> 0 | S34: =+R34*$F34 -> 0 | T34: =+ROUND(AVERAGE($Q34,$N34,$K34,$H34),0) -> 686667 | U34: =+ROUND(T34*(1+$G34),0) -> 817134 | V34: =+U34*$F34 -> 817134 | W34: =+ROUND(GEOMEAN($Q34,$N34,$K34,$H34),0) -> 547148 | X34: =+ROUND(W34*(1+$G34),0) -> 651106 | Y34: =+X34*$F34 -> 651106 | Z34: =+ROUND(HARMEAN($Q34,$N34,$K34,$H34),0) -> 420539 | AA34: =+ROUND(Z34*(1+$G34),0) -> 500441 | AB34: =+AA34*$F34 -> 500441 | AC34: =+ROUND(MEDIAN($Q34,$N34,$K34,$H34),0) -> 650000 | AD34: =+ROUND(AC34*(1+$G34),0) -> 773500 | AE34: =+AD34*$F34 -> 773500 | AF34: =STDEV($Q34,$N34,$K34,$H34) -> 496017.47 | AG34: =+T34+AF34 -> 1182684.5 | AH34: =-T34-AG34 -> -1869351.5
B35: 2 | C35: Retiro y disposición de sedimentos, lodos y residuos acumulados. | E35: Gl | F35: 1 | G35: 0.19 | H35: =+EAI!G42 -> 800000 | I35: =+ROUND(H35*(1+$G35),0) -> 952000 | J35: =+I35*F35 -> 952000 | K35: =+RHARQ!G42 -> 510000 | L35: =+ROUND(K35*(1+$G35),0) -> 606900 | M35: =+L35*$F35 -> 606900 | N35: =+MAYALA!G42 -> 1200000 | O35: =+ROUND(N35*(1+$G35),0) -> 1428000 | P35: =+O35*$F35 -> 1428000 | R35: =+ROUND(Q35*(1+$G35),0) -> 0 | S35: =+R35*$F35 -> 0 | T35: =+ROUND(AVERAGE($Q35,$N35,$K35,$H35),0) -> 836667 | U35: =+ROUND(T35*(1+$G35),0) -> 995634 | V35: =+U35*$F35 -> 995634 | W35: =+ROUND(GEOMEAN($Q35,$N35,$K35,$H35),0) -> 788159 | X35: =+ROUND(W35*(1+$G35),0) -> 937909 | Y35: =+X35*$F35 -> 937909 | Z35: =+ROUND(HARMEAN($Q35,$N35,$K35,$H35),0) -> 741818 | AA35: =+ROUND(Z35*(1+$G35),0) -> 882763 | AB35: =+AA35*$F35 -> 882763 | AC35: =+ROUND(MEDIAN($Q35,$N35,$K35,$H35),0) -> 800000 | AD35: =+ROUND(AC35*(1+$G35),0) -> 952000 | AE35: =+AD35*$F35 -> 952000 | AF35: =STDEV($Q35,$N35,$K35,$H35) -> 346458.27 | AG35: =+T35+AF35 -> 1183125.3 | AH35: =-T35-AG35 -> -2019792.3
B36: 3 | C36: Inspección y diagnóstico de las condiciones físicas y sanitarias del tanque de almacenamiento de agua potable. Incluye Revisión de fisuras, grietas, filtraciones y desprendimientos, Inspección de tapas, escaleras, válvulas, tuberías y accesorios. | E36: Gl | F36: 1 | G36: 0.19 | H36: =+EAI!G43 -> 700000 | I36: =+ROUND(H36*(1+$G36),0) -> 833000 | J36: =+I36*F36 -> 833000 | K36: =+RHARQ!G43 -> 120000 | L36: =+ROUND(K36*(1+$G36),0) -> 142800 | M36: =+L36*$F36 -> 142800 | N36: =+MAYALA!G43 -> 3500000 | O36: =+ROUND(N36*(1+$G36),0) -> 4165000 | P36: =+O36*$F36 -> 4165000 | R36: =+ROUND(Q36*(1+$G36),0) -> 0 | S36: =+R36*$F36 -> 0 | T36: =+ROUND(AVERAGE($Q36,$N36,$K36,$H36),0) -> 1440000 | U36: =+ROUND(T36*(1+$G36),0) -> 1713600 | V36: =+U36*$F36 -> 1713600 | W36: =+ROUND(GEOMEAN($Q36,$N36,$K36,$H36),0) -> 664940 | X36: =+ROUND(W36*(1+$G36),0) -> 791279 | Y36: =+X36*$F36 -> 791279 | Z36: =+ROUND(HARMEAN($Q36,$N36,$K36,$H36),0) -> 298578 | AA36: =+ROUND(Z36*(1+$G36),0) -> 355308 | AB36: =+AA36*$F36 -> 355308 | AC36: =+ROUND(MEDIAN($Q36,$N36,$K36,$H36),0) -> 700000 | AD36: =+ROUND(AC36*(1+$G36),0) -> 833000 | AE36: =+AD36*$F36 -> 833000 | AF36: =STDEV($Q36,$N36,$K36,$H36) -> 1807429.1 | AG36: =+T36+AF36 -> 3247429.1 | AH36: =-T36-AG36 -> -4687429.1
B37: 4 | C37: Lavado y limpieza interna de paredes, pisos, cubierta y accesorios del tanque. | E37: Un | F37: 1 | G37: 0.19 | H37: =+EAI!G44 -> 750000 | I37: =+ROUND(H37*(1+$G37),0) -> 892500 | J37: =+I37*F37 -> 892500 | K37: =+RHARQ!G44 -> 1200000 | L37: =+ROUND(K37*(1+$G37),0) -> 1428000 | M37: =+L37*$F37 -> 1428000 | N37: =+MAYALA!G44 -> 1500000 | O37: =+ROUND(N37*(1+$G37),0) -> 1785000 | P37: =+O37*$F37 -> 1785000 | R37: =+ROUND(Q37*(1+$G37),0) -> 0 | S37: =+R37*$F37 -> 0 | T37: =+ROUND(AVERAGE($Q37,$N37,$K37,$H37),0) -> 1150000 | U37: =+ROUND(T37*(1+$G37),0) -> 1368500 | V37: =+U37*$F37 -> 1368500 | W37: =+ROUND(GEOMEAN($Q37,$N37,$K37,$H37),0) -> 1105209 | X37: =+ROUND(W37*(1+$G37),0) -> 1315199 | Y37: =+X37*$F37 -> 1315199 | Z37: =+ROUND(HARMEAN($Q37,$N37,$K37,$H37),0) -> 1058824 | AA37: =+ROUND(Z37*(1+$G37),0) -> 1260001 | AB37: =+AA37*$F37 -> 1260001 | AC37: =+ROUND(MEDIAN($Q37,$N37,$K37,$H37),0) -> 1200000 | AD37: =+ROUND(AC37*(1+$G37),0) -> 1428000 | AE37: =+AD37*$F37 -> 1428000 | AF37: =STDEV($Q37,$N37,$K37,$H37) -> 377491.72 | AG37: =+T37+AF37 -> 1527491.7 | AH37: =-T37-AG37 -> -2677491.7
B38: 5 | C38: Desinfección y enjuague del tanque de agua potable. | E38: Un | F38: 1 | G38: 0.19 | H38: =+EAI!G45 -> 500000 | I38: =+ROUND(H38*(1+$G38),0) -> 595000 | J38: =+I38*F38 -> 595000 | K38: =+RHARQ!G45 -> 900000 | L38: =+ROUND(K38*(1+$G38),0) -> 1071000 | M38: =+L38*$F38 -> 1071000 | N38: =+MAYALA!G45 -> 2500000 | O38: =+ROUND(N38*(1+$G38),0) -> 2975000 | P38: =+O38*$F38 -> 2975000 | R38: =+ROUND(Q38*(1+$G38),0) -> 0 | S38: =+R38*$F38 -> 0 | T38: =+ROUND(AVERAGE($Q38,$N38,$K38,$H38),0) -> 1300000 | U38: =+ROUND(T38*(1+$G38),0) -> 1547000 | V38: =+U38*$F38 -> 1547000 | W38: =+ROUND(GEOMEAN($Q38,$N38,$K38,$H38),0) -> 1040042 | X38: =+ROUND(W38*(1+$G38),0) -> 1237650 | Y38: =+X38*$F38 -> 1237650 | Z38: =+ROUND(HARMEAN($Q38,$N38,$K38,$H38),0) -> 854430 | AA38: =+ROUND(Z38*(1+$G38),0) -> 1016772 | AB38: =+AA38*$F38 -> 1016772 | AC38: =+ROUND(MEDIAN($Q38,$N38,$K38,$H38),0) -> 900000 | AD38: =+ROUND(AC38*(1+$G38),0) -> 1071000 | AE38: =+AD38*$F38 -> 1071000 | AF38: =STDEV($Q38,$N38,$K38,$H38) -> 1058300.5 | AG38: =+T38+AF38 -> 2358300.5 | AH38: =-T38-AG38 -> -3658300.5
B39: 6 | C39: Llenado y puesta en funcionamiento del tanque. | E39: Un | F39: 1 | G39: 0.19 | H39: =+EAI!G46 -> 500000 | I39: =+ROUND(H39*(1+$G39),0) -> 595000 | J39: =+I39*F39 -> 595000 | K39: =+RHARQ!G46 -> 210000 | L39: =+ROUND(K39*(1+$G39),0) -> 249900 | M39: =+L39*$F39 -> 249900 | N39: =+MAYALA!G46 -> 550000 | O39: =+ROUND(N39*(1+$G39),0) -> 654500 | P39: =+O39*$F39 -> 654500 | R39: =+ROUND(Q39*(1+$G39),0) -> 0 | S39: =+R39*$F39 -> 0 | T39: =+ROUND(AVERAGE($Q39,$N39,$K39,$H39),0) -> 420000 | U39: =+ROUND(T39*(1+$G39),0) -> 499800 | V39: =+U39*$F39 -> 499800 | W39: =+ROUND(GEOMEAN($Q39,$N39,$K39,$H39),0) -> 386531 | X39: =+ROUND(W39*(1+$G39),0) -> 459972 | Y39: =+X39*$F39 -> 459972 | Z39: =+ROUND(HARMEAN($Q39,$N39,$K39,$H39),0) -> 349647 | AA39: =+ROUND(Z39*(1+$G39),0) -> 416080 | AB39: =+AA39*$F39 -> 416080 | AC39: =+ROUND(MEDIAN($Q39,$N39,$K39,$H39),0) -> 500000 | AD39: =+ROUND(AC39*(1+$G39),0) -> 595000 | AE39: =+AD39*$F39 -> 595000 | AF39: =STDEV($Q39,$N39,$K39,$H39) -> 183575.6 | AG39: =+T39+AF39 -> 603575.6 | AH39: =-T39-AG39 -> -1023575.6
B40: 7 | C40: Realizar el muestreo y análisis fisicoquímico y microbiológico del agua potable almacenada en el tanque y/o en un punto de consumo abastecido por éste | E40: Un | F40: 1 | G40: 0.19 | H40: =+EAI!G47 -> 1600000 | I40: =+ROUND(H40*(1+$G40),0) -> 1904000 | J40: =+I40*F40 -> 1904000 | K40: =+RHARQ!G47 -> 1800000 | L40: =+ROUND(K40*(1+$G40),0) -> 2142000 | M40: =+L40*$F40 -> 2142000 | N40: =+MAYALA!G47 -> 750000 | O40: =+ROUND(N40*(1+$G40),0) -> 892500 | P40: =+O40*$F40 -> 892500 | R40: =+ROUND(Q40*(1+$G40),0) -> 0 | S40: =+R40*$F40 -> 0 | T40: =+ROUND(AVERAGE($Q40,$N40,$K40,$H40),0) -> 1383333 | U40: =+ROUND(T40*(1+$G40),0) -> 1646166 | V40: =+U40*$F40 -> 1646166 | W40: =+ROUND(GEOMEAN($Q40,$N40,$K40,$H40),0) -> 1292661 | X40: =+ROUND(W40*(1+$G40),0) -> 1538267 | Y40: =+X40*$F40 -> 1538267 | Z40: =+ROUND(HARMEAN($Q40,$N40,$K40,$H40),0) -> 1193370 | AA40: =+ROUND(Z40*(1+$G40),0) -> 1420110 | AB40: =+AA40*$F40 -> 1420110 | AC40: =+ROUND(MEDIAN($Q40,$N40,$K40,$H40),0) -> 1600000 | AD40: =+ROUND(AC40*(1+$G40),0) -> 1904000 | AE40: =+AD40*$F40 -> 1904000 | AF40: =STDEV($Q40,$N40,$K40,$H40) -> 557524.29 | AG40: =+T40+AF40 -> 1940857.3 | AH40: =-T40-AG40 -> -3324190.3
B42: TOTAL SANTA MARTA | H42: =SUM(H34:H40) -> 6050000 | I42: =SUM(I34:I40) -> 7199500 | J42: =SUM(J34:J40) -> 7199500 | K42: =SUM(K34:K40) -> 4950000 | L42: =SUM(L34:L40) -> 5890500 | M42: =SUM(M34:M40) -> 5890500 | N42: =SUM(N34:N40) -> 10650000 | O42: =SUM(O34:O40) -> 12673500 | ... AH42: =SUM(AH34:AH40) -> -19260131
B44: TANQUE ALMACENAMIENTO DE AGUA POTABLE Sede Parque Arqueológico San Agustín, Ubicación: Huila, Dimensiones:7.00 x 2.50 x 2.00 Especificaciones: Tanque subterráneo, estructura en concreto reforzada impermeabilización tipo compuesto a base de cemento modificado con polímeros, diseñado para impermeabilizar superficies de concreto y mampostería expuestas a humedad, filtraciones o presión de agua o similar. Acceso de mantenimiento tipo escotilla | H44: =+H32 -> Estudios Ambientales Integrados SAS | K44: =+K32 -> RHARQ | N44: =+N32 -> MAYALA SAS | Q44: =+Q32 -> 0 | T44: =+T32 -> PROMEDIO | W44: =+W32 -> MEDIA GEOMÉTRICA | Z44: =+Z32 -> MEDIA ARMÓNICA | AC44: =+AC32 -> MEDIANA | AF44: DESVIACIÓN ESTANDAR | AG44: LIMITE SUPERIOR | AH44: LIMITE INFERIOR
B45: Ítem | C45: Descripción (De acuerdo con lo requerido en la ficha técnica) | E45: Unidad | F45: Cantidad | G45: Porcentaje de IVA según corresponda | H45: Valor unitario antes de IVA | I45: Valor unitario IVA incluido | J45: Valor total IVA incluido | K45: Valor unitario antes de IVA | L45: Valor unitario IVA incluido | M45: Valor total IVA incluido | N45: Valor unitario antes de IVA | O45: Valor unitario IVA incluido | P45: Valor total IVA incluido | Q45: Valor unitario antes de IVA | R45: Valor unitario IVA incluido | S45: Valor total IVA incluido | T45: Valor unitario antes de IVA | U45: Valor unitario IVA incluido | V45: Valor total IVA incluido | W45: Valor unitario antes de IVA | X45: Valor unitario IVA incluido | Y45: Valor total IVA incluido | Z45: Valor unitario antes de IVA | AA45: Valor unitario IVA incluido | AB45: Valor total IVA incluido | AC45: Valor unitario antes de IVA | AD45: Valor unitario IVA incluido | AE45: Valor total IVA incluido | AF45: Valor unitario antes de IVA | AG45: Valor unitario antes de IVA | AH45: Valor unitario antes de IVA
B46: 1 | C46: Vaciado y drenaje controlado del tanque. | E46: Un | F46: 1 | G46: 0.19 | H46: =+EAI!G53 -> 700000 | I46: =+ROUND(H46*(1+$G46),0) -> 833000 | J46: =+I46*F46 -> 833000 | K46: =+RHARQ!G53 -> 588000 | L46: =+ROUND(K46*(1+$G46),0) -> 699720 | M46: =+L46*$F46 -> 699720 | N46: =+MAYALA!G53 -> 350000 | O46: =+ROUND(N46*(1+$G46),0) -> 416500 | P46: =+O46*$F46 -> 416500 | R46: =+ROUND(Q46*(1+$G46),0) -> 0 | S46: =+R46*$F46 -> 0 | T46: =+ROUND(AVERAGE($Q46,$N46,$K46,$H46),0) -> 546000 | U46: =+ROUND(T46*(1+$G46),0) -> 649740 | V46: =+U46*$F46 -> 649740 | W46: =+ROUND(GEOMEAN($Q46,$N46,$K46,$H46),0) -> 524221 | X46: =+ROUND(W46*(1+$G46),0) -> 623823 | Y46: =+X46*$F46 -> 623823 | Z46: =+ROUND(HARMEAN($Q46,$N46,$K46,$H46),0) -> 501136 | AA46: =+ROUND(Z46*(1+$G46),0) -> 596352 | AB46: =+AA46*$F46 -> 596352 | AC46: =+ROUND(MEDIAN($Q46,$N46,$K46,$H46),0) -> 588000 | AD46: =+ROUND(AC46*(1+$G46),0) -> 699720 | AE46: =+AD46*$F46 -> 699720 | AF46: =STDEV($Q46,$N46,$K46,$H46) -> 178740.03 | AG46: =+T46+AF46 -> 724740.03 | AH46: =-T46-AG46 -> -1270740
B47: 2 | C47: Retiro y disposición de sedimentos, lodos y residuos acumulados. | E47: Gl | F47: 1 | G47: 0.19 | H47: =+EAI!G54 -> 800000 | I47: =+ROUND(H47*(1+$G47),0) -> 952000 | J47: =+I47*F47 -> 952000 | K47: =+RHARQ!G54 -> 860000 | L47: =+ROUND(K47*(1+$G47),0) -> 1023400 | M47: =+L47*$F47 -> 1023400 | N47: =+MAYALA!G54 -> 650000 | O47: =+ROUND(N47*(1+$G47),0) -> 773500 | P47: =+O47*$F47 -> 773500 | R47: =+ROUND(Q47*(1+$G47),0) -> 0 | S47: =+R47*$F47 -> 0 | T47: =+ROUND(AVERAGE($Q47,$N47,$K47,$H47),0) -> 770000 | U47: =+ROUND(T47*(1+$G47),0) -> 916300 | V47: =+U47*$F47 -> 916300 | W47: =+ROUND(GEOMEAN($Q47,$N47,$K47,$H47),0) -> 764717 | X47: =+ROUND(W47*(1+$G47),0) -> 910013 | Y47: =+X47*$F47 -> 910013 | Z47: =+ROUND(HARMEAN($Q47,$N47,$K47,$H47),0) -> 759253 | AA47: =+ROUND(Z47*(1+$G47),0) -> 903511 | AB47: =+AA47*$F47 -> 903511 | AC47: =+ROUND(MEDIAN($Q47,$N47,$K47,$H47),0) -> 800000 | AD47: =+ROUND(AC47*(1+$G47),0) -> 952000 | AE47: =+AD47*$F47 -> 952000 | AF47: =STDEV($Q47,$N47,$K47,$H47) -> 108166.54 | AG47: =+T47+AF47 -> 878166.54 | AH47: =-T47-AG47 -> -1648166.5
B48: 3 | C48: Inspección y diagnóstico de las condiciones físicas y sanitarias del tanque de almacenamiento de agua potable. Incluye Revisión de fisuras, grietas, filtraciones y desprendimientos, Inspección de tapas, escaleras, válvulas, tuberías y accesorios. | E48: Gl | F48: 1 | G48: 0.19 | H48: =+EAI!G55 -> 800000 | I48: =+ROUND(H48*(1+$G48),0) -> 952000 | J48: =+I48*F48 -> 952000 | K48: =+RHARQ!G55 -> 360000 | L48: =+ROUND(K48*(1+$G48),0) -> 428400 | M48: =+L48*$F48 -> 428400 | N48: =+MAYALA!G55 -> 2500000 | O48: =+ROUND(N48*(1+$G48),0) -> 2975000 | P48: =+O48*$F48 -> 2975000 | R48: =+ROUND(Q48*(1+$G48),0) -> 0 | S48: =+R48*$F48 -> 0 | T48: =+ROUND(AVERAGE($Q48,$N48,$K48,$H48),0) -> 1220000 | U48: =+ROUND(T48*(1+$G48),0) -> 1451800 | V48: =+U48*$F48 -> 1451800 | W48: =+ROUND(GEOMEAN($Q48,$N48,$K48,$H48),0) -> 896281 | X48: =+ROUND(W48*(1+$G48),0) -> 1066574 | Y48: =+X48*$F48 -> 1066574 | Z48: =+ROUND(HARMEAN($Q48,$N48,$K48,$H48),0) -> 677541 | AA48: =+ROUND(Z48*(1+$G48),0) -> 806274 | AB48: =+AA48*$F48 -> 806274 | AC48: =+ROUND(MEDIAN($Q48,$N48,$K48,$H48),0) -> 800000 | AD48: =+ROUND(AC48*(1+$G48),0) -> 952000 | AE48: =+AD48*$F48 -> 952000 | AF48: =STDEV($Q48,$N48,$K48,$H48) -> 1130132.7 | AG48: =+T48+AF48 -> 2350132.7 | AH48: =-T48-AG48 -> -3570132.7
B49: 4 | C49: Lavado y limpieza interna de paredes, pisos, cubierta y accesorios del tanque. | E49: Un | F49: 1 | G49: 0.19 | H49: =+EAI!G56 -> 800000 | I49: =+ROUND(H49*(1+$G49),0) -> 952000 | J49: =+I49*F49 -> 952000 | K49: =+RHARQ!G56 -> 3600000 | L49: =+ROUND(K49*(1+$G49),0) -> 4284000 | M49: =+L49*$F49 -> 4284000 | N49: =+MAYALA!G56 -> 1500000 | O49: =+ROUND(N49*(1+$G49),0) -> 1785000 | P49: =+O49*$F49 -> 1785000 | R49: =+ROUND(Q49*(1+$G49),0) -> 0 | S49: =+R49*$F49 -> 0 | T49: =+ROUND(AVERAGE($Q49,$N49,$K49,$H49),0) -> 1966667 | U49: =+ROUND(T49*(1+$G49),0) -> 2340334 | V49: =+U49*$F49 -> 2340334 | W49: =+ROUND(GEOMEAN($Q49,$N49,$K49,$H49),0) -> 1628651 | X49: =+ROUND(W49*(1+$G49),0) -> 1938095 | Y49: =+X49*$F49 -> 1938095 | Z49: =+ROUND(HARMEAN($Q49,$N49,$K49,$H49),0) -> 1367089 | AA49: =+ROUND(Z49*(1+$G49),0) -> 1626836 | AB49: =+AA49*$F49 -> 1626836 | AC49: =+ROUND(MEDIAN($Q49,$N49,$K49,$H49),0) -> 1500000 | AD49: =+ROUND(AC49*(1+$G49),0) -> 1785000 | AE49: =+AD49*$F49 -> 1785000 | AF49: =STDEV($Q49,$N49,$K49,$H49) -> 1457166.2 | AG49: =+T49+AF49 -> 3423833.2 | AH49: =-T49-AG49 -> -5390500.2
B50: 5 | C50: Desinfección y enjuague del tanque de agua potable. | E50: Un | F50: 1 | G50: 0.19 | H50: =+EAI!G57 -> 450000 | I50: =+ROUND(H50*(1+$G50),0) -> 535500 | J50: =+I50*F50 -> 535500 | K50: =+RHARQ!G57 -> 2700000 | L50: =+ROUND(K50*(1+$G50),0) -> 3213000 | M50: =+L50*$F50 -> 3213000 | N50: =+MAYALA!G57 -> 1350000 | O50: =+ROUND(N50*(1+$G50),0) -> 1606500 | P50: =+O50*$F50 -> 1606500 | R50: =+ROUND(Q50*(1+$G50),0) -> 0 | S50: =+R50*$F50 -> 0 | T50: =+ROUND(AVERAGE($Q50,$N50,$K50,$H50),0) -> 1500000 | U50: =+ROUND(T50*(1+$G50),0) -> 1785000 | V50: =+U50*$F50 -> 1785000 | W50: =+ROUND(GEOMEAN($Q50,$N50,$K50,$H50),0) -> 1179334 | X50: =+ROUND(W50*(1+$G50),0) -> 1403407 | Y50: =+X50*$F50 -> 1403407 | Z50: =+ROUND(HARMEAN($Q50,$N50,$K50,$H50),0) -> 900000 | AA50: =+ROUND(Z50*(1+$G50),0) -> 1071000 | AB50: =+AA50*$F50 -> 1071000 | AC50: =+ROUND(MEDIAN($Q50,$N50,$K50,$H50),0) -> 1350000 | AD50: =+ROUND(AC50*(1+$G50),0) -> 1606500 | AE50: =+AD50*$F50 -> 1606500 | AF50: =STDEV($Q50,$N50,$K50,$H50) -> 1132475.2 | AG50: =+T50+AF50 -> 2632475.2 | AH50: =-T50-AG50 -> -4132475.2
B51: 6 | C51: Llenado y puesta en funcionamiento del tanque. | E51: Un | F51: 1 | G51: 0.19 | H51: =+EAI!G58 -> 450000 | I51: =+ROUND(H51*(1+$G51),0) -> 535500 | J51: =+I51*F51 -> 535500 | K51: =+RHARQ!G58 -> 588000 | L51: =+ROUND(K51*(1+$G51),0) -> 699720 | M51: =+L51*$F51 -> 699720 | N51: =+MAYALA!G58 -> 250000 | O51: =+ROUND(N51*(1+$G51),0) -> 297500 | P51: =+O51*$F51 -> 297500 | R51: =+ROUND(Q51*(1+$G51),0) -> 0 | S51: =+R51*$F51 -> 0 | T51: =+ROUND(AVERAGE($Q51,$N51,$K51,$H51),0) -> 429333 | U51: =+ROUND(T51*(1+$G51),0) -> 510906 | V51: =+U51*$F51 -> 510906 | W51: =+ROUND(GEOMEAN($Q51,$N51,$K51,$H51),0) -> 404430 | X51: =+ROUND(W51*(1+$G51),0) -> 481272 | Y51: =+X51*$F51 -> 481272 | Z51: =+ROUND(HARMEAN($Q51,$N51,$K51,$H51),0) -> 378649 | AA51: =+ROUND(Z51*(1+$G51),0) -> 450592 | AB51: =+AA51*$F51 -> 450592 | AC51: =+ROUND(MEDIAN($Q51,$N51,$K51,$H51),0) -> 450000 | AD51: =+ROUND(AC51*(1+$G51),0) -> 535500 | AE51: =+AD51*$F51 -> 535500 | AF51: =STDEV($Q51,$N51,$K51,$H51) -> 169945.09 | AG51: =+T51+AF51 -> 599278.09 | AH51: =-T51-AG51 -> -1028611.1
B52: 7 | C52: Realizar el muestreo y análisis fisicoquímico y microbiológico del agua potable almacenada en el tanque y/o en un punto de consumo abastecido por éste | E52: Un | F52: 1 | G52: 0.19 | H52: =+EAI!G59 -> 1500000 | I52: =+ROUND(H52*(1+$G52),0) -> 1785000 | J52: =+I52*F52 -> 1785000 | K52: =+RHARQ!G59 -> 4500000 | L52: =+ROUND(K52*(1+$G52),0) -> 5355000 | M52: =+L52*$F52 -> 5355000 | N52: =+MAYALA!G59 -> 550000 | O52: =+ROUND(N52*(1+$G52),0) -> 654500 | P52: =+O52*$F52 -> 654500 | R52: =+ROUND(Q52*(1+$G52),0) -> 0 | S52: =+R52*$F52 -> 0 | T52: =+ROUND(AVERAGE($Q52,$N52,$K52,$H52),0) -> 2183333 | U52: =+ROUND(T52*(1+$G52),0) -> 2598166 | V52: =+U52*$F52 -> 2598166 | W52: =+ROUND(GEOMEAN($Q52,$N52,$K52,$H52),0) -> 1548420 | X52: =+ROUND(W52*(1+$G52),0) -> 1842620 | Y52: =+X52*$F52 -> 1842620 | Z52: =+ROUND(HARMEAN($Q52,$N52,$K52,$H52),0) -> 1108209 | AA52: =+ROUND(Z52*(1+$G52),0) -> 1318769 | AB52: =+AA52*$F52 -> 1318769 | AC52: =+ROUND(MEDIAN($Q52,$N52,$K52,$H52),0) -> 1500000 | AD52: =+ROUND(AC52*(1+$G52),0) -> 1785000 | AE52: =+AD52*$F52 -> 1785000 | AF52: =STDEV($Q52,$N52,$K52,$H52) -> 2061754.9 | AG52: =+T52+AF52 -> 4245087.9 | AH52: =-T52-AG52 -> -6428420.9
B54: TOTAL SAN AGUSTIN | H54: =SUM(H46:H52) -> 5500000 | I54: =SUM(I46:I52) -> 6545000 | J54: =SUM(J46:J52) -> 6545000 | K54: =SUM(K46:K52) -> 13196000 | L54: =SUM(L46:L52) -> 15703240 | M54: =SUM(M46:M52) -> 15703240 | N54: =SUM(N46:N52) -> 7150000 | O54: =SUM(O46:O52) -> 8508500 | ... AH54: =SUM(AH46:AH52) -> -23469047
B56: TANQUE ALMACENAMIENTO DE AGUA POTABLE Sede Parque Arqueológico San Agustin, Ubicación: Huila. Dimensiones:3.70 x 1.90 x 1.70 Especificaciones: Tanque subterráneo, estructura en concreto reforzada impermeabilización tipo compuesto a base de cemento modificado con polímeros, diseñado para impermeabilizar superficies de concreto y mampostería expuesta a humedad, filtraciones o presión de agua o similar. Acceso de mantenimiento tipo escotilla | H56: =+H44 -> Estudios Ambientales Integrados SAS | K56: =+K44 -> RHARQ | N56: =+N44 -> MAYALA SAS | Q56: =+Q44 -> 0 | T56: =+T44 -> PROMEDIO | W56: =+W44 -> MEDIA GEOMÉTRICA | Z56: =+Z44 -> MEDIA ARMÓNICA | AC56: =+AC44 -> MEDIANA | AF56: DESVIACIÓN ESTANDAR | AG56: LIMITE SUPERIOR | AH56: LIMITE INFERIOR
B57: Ítem | C57: Descripción (De acuerdo con lo requerido en la ficha técnica) | E57: Unidad | F57: Cantidad | G57: Porcentaje de IVA según corresponda | H57: Valor unitario antes de IVA | I57: Valor unitario IVA incluido | J57: Valor total IVA incluido | K57: Valor unitario antes de IVA | L57: Valor unitario IVA incluido | M57: Valor total IVA incluido | N57: Valor unitario antes de IVA | O57: Valor unitario IVA incluido | P57: Valor total IVA incluido | Q57: Valor unitario antes de IVA | R57: Valor unitario IVA incluido | S57: Valor total IVA incluido | T57: Valor unitario antes de IVA | U57: Valor unitario IVA incluido | V57: Valor total IVA incluido | W57: Valor unitario antes de IVA | X57: Valor unitario IVA incluido | Y57: Valor total IVA incluido | Z57: Valor unitario antes de IVA | AA57: Valor unitario IVA incluido | AB57: Valor total IVA incluido | AC57: Valor unitario antes de IVA | AD57: Valor unitario IVA incluido | AE57: Valor total IVA incluido | AF57: Valor unitario antes de IVA | AG57: Valor unitario antes de IVA | AH57: Valor unitario antes de IVA
B58: 1 | C58: Vaciado y drenaje controlado del tanque. | E58: Un | F58: 1 | G58: 0.19 | H58: =+EAI!G65 -> 500000 | I58: =+ROUND(H58*(1+$G58),0) -> 595000 | J58: =+I58*F58 -> 595000 | K58: =+RHARQ!G65 -> 336000 | L58: =+ROUND(K58*(1+$G58),0) -> 399840 | M58: =+L58*$F58 -> 399840 | N58: =+MAYALA!G65 -> 350000 | O58: =+ROUND(N58*(1+$G58),0) -> 416500 | P58: =+O58*$F58 -> 416500 | R58: =+ROUND(Q58*(1+$G58),0) -> 0 | S58: =+R58*$F58 -> 0 | T58: =+ROUND(AVERAGE($Q58,$N58,$K58,$H58),0) -> 395333 | U58: =+ROUND(T58*(1+$G58),0) -> 470446 | V58: =+U58*$F58 -> 470446 | W58: =+ROUND(GEOMEAN($Q58,$N58,$K58,$H58),0) -> 388859 | X58: =+ROUND(W58*(1+$G58),0) -> 462742 | Y58: =+X58*$F58 -> 462742 | Z58: =+ROUND(HARMEAN($Q58,$N58,$K58,$H58),0) -> 382979 | AA58: =+ROUND(Z58*(1+$G58),0) -> 455745 | AB58: =+AA58*$F58 -> 455745 | AC58: =+ROUND(MEDIAN($Q58,$N58,$K58,$H58),0) -> 350000 | AD58: =+ROUND(AC58*(1+$G58),0) -> 416500 | AE58: =+AD58*$F58 -> 416500 | AF58: =STDEV($Q58,$N58,$K58,$H58) -> 90913.879 | AG58: =+T58+AF58 -> 486246.88 | AH58: =-T58-AG58 -> -881579.88
B59: 2 | C59: Retiro y disposición de sedimentos, lodos y residuos acumulados. | E59: Gl | F59: 1 | G59: 0.19 | H59: =+EAI!G66 -> 650000 | I59: =+ROUND(H59*(1+$G59),0) -> 773500 | J59: =+I59*F59 -> 773500 | K59: =+RHARQ!G66 -> 510000 | L59: =+ROUND(K59*(1+$G59),0) -> 606900 | M59: =+L59*$F59 -> 606900 | N59: =+MAYALA!G66 -> 650000 | O59: =+ROUND(N59*(1+$G59),0) -> 773500 | P59: =+O59*$F59 -> 773500 | R59: =+ROUND(Q59*(1+$G59),0) -> 0 | S59: =+R59*$F59 -> 0 | T59: =+ROUND(AVERAGE($Q59,$N59,$K59,$H59),0) -> 603333 | U59: =+ROUND(T59*(1+$G59),0) -> 717966 | V59: =+U59*$F59 -> 717966 | W59: =+ROUND(GEOMEAN($Q59,$N59,$K59,$H59),0) -> 599513 | X59: =+ROUND(W59*(1+$G59),0) -> 713420 | Y59: =+X59*$F59 -> 713420 | Z59: =+ROUND(HARMEAN($Q59,$N59,$K59,$H59),0) -> 595509 | AA59: =+ROUND(Z59*(1+$G59),0) -> 708656 | AB59: =+AA59*$F59 -> 708656 | AC59: =+ROUND(MEDIAN($Q59,$N59,$K59,$H59),0) -> 650000 | AD59: =+ROUND(AC59*(1+$G59),0) -> 773500 | AE59: =+AD59*$F59 -> 773500 | AF59: =STDEV($Q59,$N59,$K59,$H59) -> 80829.038 | AG59: =+T59+AF59 -> 684162.04 | AH59: =-T59-AG59 -> -1287495
B60: 3 | C60: Inspección y diagnóstico de las condiciones físicas y sanitarias del tanque de almacenamiento de agua potable. Incluye Revisión de fisuras, grietas, filtraciones y desprendimientos, Inspección de tapas, escaleras, válvulas, tuberías y accesorios. | E60: Gl | F60: 1 | G60: 0.19 | H60: =+EAI!G67 -> 650000 | I60: =+ROUND(H60*(1+$G60),0) -> 773500 | J60: =+I60*F60 -> 773500 | K60: =+RHARQ!G67 -> 200000 | L60: =+ROUND(K60*(1+$G60),0) -> 238000 | M60: =+L60*$F60 -> 238000 | N60: =+MAYALA!G67 -> 2500000 | O60: =+ROUND(N60*(1+$G60),0) -> 2975000 | P60: =+O60*$F60 -> 2975000 | R60: =+ROUND(Q60*(1+$G60),0) -> 0 | S60: =+R60*$F60 -> 0 | T60: =+ROUND(AVERAGE($Q60,$N60,$K60,$H60),0) -> 1116667 | U60: =+ROUND(T60*(1+$G60),0) -> 1328834 | V60: =+U60*$F60 -> 1328834 | W60: =+ROUND(GEOMEAN($Q60,$N60,$K60,$H60),0) -> 687534 | X60: =+ROUND(W60*(1+$G60),0) -> 818165 | Y60: =+X60*$F60 -> 818165 | Z60: =+ROUND(HARMEAN($Q60,$N60,$K60,$H60),0) -> 432373 | AA60: =+ROUND(Z60*(1+$G60),0) -> 514524 | AB60: =+AA60*$F60 -> 514524 | AC60: =+ROUND(MEDIAN($Q60,$N60,$K60,$H60),0) -> 650000 | AD60: =+ROUND(AC60*(1+$G60),0) -> 773500 | AE60: =+AD60*$F60 -> 773500 | AF60: =STDEV($Q60,$N60,$K60,$H60) -> 1218947.6 | AG60: =+T60+AF60 -> 2335614.6 | AH60: =-T60-AG60 -> -3452281.6
B61: 4 | C61: Lavado y limpieza interna de paredes, pisos, cubierta y accesorios del tanque. | E61: Un | F61: 1 | G61: 0.19 | H61: =+EAI!G68 -> 650000 | I61: =+ROUND(H61*(1+$G61),0) -> 773500 | J61: =+I61*F61 -> 773500 | K61: =+RHARQ!G68 -> 1920000 | L61: =+ROUND(K61*(1+$G61),0) -> 2284800 | M61: =+L61*$F61 -> 2284800 | N61: =+MAYALA!G68 -> 1500000 | O61: =+ROUND(N61*(1+$G61),0) -> 1785000 | P61: =+O61*$F61 -> 1785000 | R61: =+ROUND(Q61*(1+$G61),0) -> 0 | S61: =+R61*$F61 -> 0 | T61: =+ROUND(AVERAGE($Q61,$N61,$K61,$H61),0) -> 1356667 | U61: =+ROUND(T61*(1+$G61),0) -> 1614434 | V61: =+U61*$F61 -> 1614434 | W61: =+ROUND(GEOMEAN($Q61,$N61,$K61,$H61),0) -> 1232448 | X61: =+ROUND(W61*(1+$G61),0) -> 1466613 | Y61: =+X61*$F61 -> 1466613 | Z61: =+ROUND(HARMEAN($Q61,$N61,$K61,$H61),0) -> 1100529 | AA61: =+ROUND(Z61*(1+$G61),0) -> 1309630 | AB61: =+AA61*$F61 -> 1309630 | AC61: =+ROUND(MEDIAN($Q61,$N61,$K61,$H61),0) -> 1500000 | AD61: =+ROUND(AC61*(1+$G61),0) -> 1785000 | AE61: =+AD61*$F61 -> 1785000 | AF61: =STDEV($Q61,$N61,$K61,$H61) -> 647018.8 | AG61: =+T61+AF61 -> 2003685.8 | AH61: =-T61-AG61 -> -3360352.8
B62: 5 | C62: Desinfección y enjuague del tanque de agua potable. | E62: Un | F62: 1 | G62: 0.19 | H62: =+EAI!G69 -> 350000 | I62: =+ROUND(H62*(1+$G62),0) -> 416500 | J62: =+I62*F62 -> 416500 | K62: =+RHARQ!G69 -> 1440000 | L62: =+ROUND(K62*(1+$G62),0) -> 1713600 | M62: =+L62*$F62 -> 1713600 | N62: =+MAYALA!G69 -> 1350000 | O62: =+ROUND(N62*(1+$G62),0) -> 1606500 | P62: =+O62*$F62 -> 1606500 | R62: =+ROUND(Q62*(1+$G62),0) -> 0 | S62: =+R62*$F62 -> 0 | T62: =+ROUND(AVERAGE($Q62,$N62,$K62,$H62),0) -> 1046667 | U62: =+ROUND(T62*(1+$G62),0) -> 1245534 | V62: =+U62*$F62 -> 1245534 | W62: =+ROUND(GEOMEAN($Q62,$N62,$K62,$H62),0) -> 879538 | X62: =+ROUND(W62*(1+$G62),0) -> 1046650 | Y62: =+X62*$F62 -> 1046650 | Z62: =+ROUND(HARMEAN($Q62,$N62,$K62,$H62),0) -> 698921 | AA62: =+ROUND(Z62*(1+$G62),0) -> 831716 | AB62: =+AA62*$F62 -> 831716 | AC62: =+ROUND(MEDIAN($Q62,$N62,$K62,$H62),0) -> 1350000 | AD62: =+ROUND(AC62*(1+$G62),0) -> 1606500 | AE62: =+AD62*$F62 -> 1606500 | AF62: =STDEV($Q62,$N62,$K62,$H62) -> 605006.89 | AG62: =+T62+AF62 -> 1651673.9 | AH62: =-T62-AG62 -> -2698340.9
B63: 6 | C63: Llenado y puesta en funcionamiento del tanque. | E63: Un | F63: 1 | G63: 0.19 | H63: =+EAI!G70 -> 350000 | I63: =+ROUND(H63*(1+$G63),0) -> 416500 | J63: =+I63*F63 -> 416500 | K63: =+RHARQ!G70 -> 336000 | L63: =+ROUND(K63*(1+$G63),0) -> 399840 | M63: =+L63*$F63 -> 399840 | N63: =+MAYALA!G70 -> 250000 | O63: =+ROUND(N63*(1+$G63),0) -> 297500 | P63: =+O63*$F63 -> 297500 | R63: =+ROUND(Q63*(1+$G63),0) -> 0 | S63: =+R63*$F63 -> 0 | T63: =+ROUND(AVERAGE($Q63,$N63,$K63,$H63),0) -> 312000 | U63: =+ROUND(T63*(1+$G63),0) -> 371280 | V63: =+U63*$F63 -> 371280 | W63: =+ROUND(GEOMEAN($Q63,$N63,$K63,$H63),0) -> 308638 | X63: =+ROUND(W63*(1+$G63),0) -> 367279 | Y63: =+X63*$F63 -> 367279 | Z63: =+ROUND(HARMEAN($Q63,$N63,$K63,$H63),0) -> 305085 | AA63: =+ROUND(Z63*(1+$G63),0) -> 363051 | AB63: =+AA63*$F63 -> 363051 | AC63: =+ROUND(MEDIAN($Q63,$N63,$K63,$H63),0) -> 336000 | AD63: =+ROUND(AC63*(1+$G63),0) -> 399840 | AE63: =+AD63*$F63 -> 399840 | AF63: =STDEV($Q63,$N63,$K63,$H63) -> 54147.945 | AG63: =+T63+AF63 -> 366147.95 | AH63: =-T63-AG63 -> -678147.95
B64: 7 | C64: Realizar el muestreo y análisis fisicoquímico y microbiológico del agua potable almacenada en el tanque y/o en un punto de consumo abastecido por éste | E64: Un | F64: 1 | G64: 0.19 | H64: =+EAI!G71 -> 1600000 | I64: =+ROUND(H64*(1+$G64),0) -> 1904000 | J64: =+I64*F64 -> 1904000 | K64: =+RHARQ!G71 -> 2500000 | L64: =+ROUND(K64*(1+$G64),0) -> 2975000 | M64: =+L64*$F64 -> 2975000 | N64: =+MAYALA!G71 -> 550000 | O64: =+ROUND(N64*(1+$G64),0) -> 654500 | P64: =+O64*$F64 -> 654500 | R64: =+ROUND(Q64*(1+$G64),0) -> 0 | S64: =+R64*$F64 -> 0 | T64: =+ROUND(AVERAGE($Q64,$N64,$K64,$H64),0) -> 1550000 | U64: =+ROUND(T64*(1+$G64),0) -> 1844500 | V64: =+U64*$F64 -> 1844500 | W64: =+ROUND(GEOMEAN($Q64,$N64,$K64,$H64),0) -> 1300591 | X64: =+ROUND(W64*(1+$G64),0) -> 1547703 | Y64: =+X64*$F64 -> 1547703 | Z64: =+ROUND(HARMEAN($Q64,$N64,$K64,$H64),0) -> 1055156 | AA64: =+ROUND(Z64*(1+$G64),0) -> 1255636 | AB64: =+AA64*$F64 -> 1255636 | AC64: =+ROUND(MEDIAN($Q64,$N64,$K64,$H64),0) -> 1600000 | AD64: =+ROUND(AC64*(1+$G64),0) -> 1904000 | AE64: =+AD64*$F64 -> 1904000 | AF64: =STDEV($Q64,$N64,$K64,$H64) -> 975961.06 | AG64: =+T64+AF64 -> 2525961.1 | AH64: =-T64-AG64 -> -4075961.1
B66: TOTAL SAN AGUSTIN | H66: =SUM(H58:H64) -> 4750000 | I66: =SUM(I58:I64) -> 5652500 | J66: =SUM(J58:J64) -> 5652500 | K66: =SUM(K58:K64) -> 7242000 | L66: =SUM(L58:L64) -> 8617980 | M66: =SUM(M58:M64) -> 8617980 | N66: =SUM(N58:N64) -> 7150000 | O66: =SUM(O58:O64) -> 8508500 | ... AH66: =SUM(AH58:AH64) -> -16434159
B68: TOTAL COTIZACIÓN -SERVICIOS DETERMINADOS | H68: =J66+J54+J42+J30+J18 -> 28560000 | K68: =M66+M54+M42+M30+M18 -> 51786420 | N68: =P66+P54+P42+P30+P18 -> 46707500 | Q68: =S66+S54+S42+S30+S18 -> 0 | T68: =V66+V54+V42+V30+V18 -> 42351306 | W68: =Y66+Y54+Y42+Y30+Y18 -> 34207752 | Z68: =AB66+AB54+AB42+AB30+AB18 -> 28079658 | AC68: =AE66+AE54+AE42+AE30+AE18 -> 38144260
B70: Ítem | C70: Descripción (De acuerdo con lo requerido en la ficha técnica) | E70: Unidad | F70: Cantidad | G70: Porcentaje de IVA según corresponda | H70: Valor unitario antes de IVA | I70: Valor unitario IVA incluido | J70: Valor total IVA incluido | K70: Valor unitario antes de IVA | L70: Valor unitario IVA incluido | M70: Valor total IVA incluido | N70: Valor unitario antes de IVA | O70: Valor unitario IVA incluido | P70: Valor total IVA incluido | Q70: Valor unitario antes de IVA | R70: Valor unitario IVA incluido | S70: Valor total IVA incluido | T70: Valor unitario antes de IVA | U70: Valor unitario IVA incluido | V70: Valor total IVA incluido | W70: Valor unitario antes de IVA | X70: Valor unitario IVA incluido | Y70: Valor total IVA incluido | Z70: Valor unitario antes de IVA | AA70: Valor unitario IVA incluido | AB70: Valor total IVA incluido | AC70: Valor unitario antes de IVA | AD70: Valor unitario IVA incluido | AE70: Valor total IVA incluido | AF70: Valor unitario antes de IVA | AG70: Valor unitario antes de IVA | AH70: Valor unitario antes de IVA
B71: 1 | C71: Suministro y aplicación de sistema impermeabilizante tipo compuesto a base de cemento modificado con polímeros, diseñado para impermeabilizar superficies de concreto y mampostería expuesta a humedad, filtraciones o presión de agua. o equivalente aprobado para contacto con agua potable, incluyendo materiales, mano de obra, equipos y herramientas. | E71: m2 | F71: 1 | G71: 0.19 | H71: =+EAI!G76 -> 280000 | I71: =+ROUND(H71*(1+$G71),0) -> 333200 | J71: =+I71*F71 -> 333200 | K71: =+RHARQ!G76 -> 224230 | L71: =+ROUND(K71*(1+$G71),0) -> 266834 | M71: =+L71*$F71 -> 266834 | N71: =+MAYALA!G76 -> 75000 | O71: =+ROUND(N71*(1+$G71),0) -> 89250 | P71: =+O71*$F71 -> 89250 | R71: =+ROUND(Q71*(1+$G71),0) -> 0 | S71: =+R71*$F71 -> 0 | T71: =+ROUND(AVERAGE($Q71,$N71,$K71,$H71),0) -> 193077 | U71: =+ROUND(T71*(1+$G71),0) -> 229762 | V71: =+U71*$F71 -> 229762 | W71: =+ROUND(GEOMEAN($Q71,$N71,$K71,$H71),0) -> 167612 | X71: =+ROUND(W71*(1+$G71),0) -> 199458 | Y71: =+X71*$F71 -> 199458 | Z71: =+ROUND(HARMEAN($Q71,$N71,$K71,$H71),0) -> 140420 | AA71: =+ROUND(Z71*(1+$G71),0) -> 167100 | AB71: =+AA71*$F71 -> 167100 | AC71: =+ROUND(MEDIAN($Q71,$N71,$K71,$H71),0) -> 224230 | AD71: =+ROUND(AC71*(1+$G71),0) -> 266834 | AE71: =+AD71*$F71 -> 266834 | AF71: =STDEV($Q71,$N71,$K71,$H71) -> 105991.26 | AG71: =+T71+AF71 -> 299068.26 | AH71: =-T71-AG71 -> -492145.26
B73: TOTAL IMPERMEABILIZANTE - SERVICIO CORRECTIVO | H73: =+H71 -> 280000 | I73: =+I71 -> 333200 | J73: =+J71 -> 333200 | K73: =+K71 -> 224230 | L73: =+L71 -> 266834 | M73: =+M71 -> 266834 | N73: =+N71 -> 75000 | O73: =+O71 -> 89250 | ... AE73: =+AE71 -> 266834
C79: TOTAL GENERAL SERVICIOS | E79: =AC68 -> 38144260 | X79: PROMEDIO | Y79: MEDIA GEOMÉTRICA | Z79: MEDIA ARMÓNICA | AA79: MEDIANA
C80: ESTIMACIÓN M2 MANT. CORREC | E80: 93.691209 | X80: 42351306 | Y80: 34207752 | Z80: 28079658 | AA80: 38144260
C81: ESTIMACIÓN MANT. CORRECTIVO | E81: =AE71*$E$80 -> 25000000
C82: TOTAL PRESUPUESTO | E82: =E79+E81 -> 63144260

Sheet Estudio de mercado definitivo
D2: República de Colombia
D3: Instituto Colombiano de Antropología e Historia
D4: Servicios de limpieza y desinfección de los tanques de almacenamiento de agua potable
D5: Estudio de mercado
B8: TANQUE ALMACENAMIENTO DE AGUA POTABLE Sede Gregorio Hernández de Alba, Ubicación: Bogotá., Dimensiones: 4.00 x 1.50 x 3.30 Especificaciones: Tanque subterráneo de almacenamiento de agua potable, construido en concreto reforzado e impermeabilizado con un recubrimiento cementicio modificado con polímeros o equivalente, diseñado para proteger superficies de concreto y mampostería contra la humedad, filtraciones y presión de agua. Cuenta con acceso para inspección y mantenimiento mediante escotilla. | H8: =+EAI!D7 -> Estudios Ambientales Integrados SAS | K8: =+RHARQ!D7 -> RHARQ | N8: =+MAYALA!D7 -> MAYALA SAS | T8: PROMEDIO | W8: MEDIA GEOMÉTRICA | Z8: MEDIA ARMÓNICA | AC8: MEDIANA | AF8: DESVIACIÓN ESTANDAR | AG8: LIMITE SUPERIOR | AH8: LIMITE INFERIOR
B9: Ítem | C9: Descripción (De acuerdo con lo requerido en la ficha técnica) | E9: Unidad | F9: Cantidad | G9: Porcentaje de IVA según corresponda | H9: Valor unitario antes de IVA | I9: Valor unitario IVA incluido | J9: Valor total IVA incluido | K9: Valor unitario antes de IVA | L9: Valor unitario IVA incluido | M9: Valor total IVA incluido | N9: Valor unitario antes de IVA | O9: Valor unitario IVA incluido | P9: Valor total IVA incluido | Q9: Valor unitario antes de IVA | R9: Valor unitario IVA incluido | S9: Valor total IVA incluido | T9: Valor unitario antes de IVA | U9: Valor unitario IVA incluido | V9: Valor total IVA incluido | W9: Valor unitario antes de IVA | X9: Valor unitario IVA incluido | Y9: Valor total IVA incluido | Z9: Valor unitario antes de IVA | AA9: Valor unitario IVA incluido | AB9: Valor total IVA incluido | AC9: Valor unitario antes de IVA | AD9: Valor unitario IVA incluido | AE9: Valor total IVA incluido | AF9: Valor unitario antes de IVA | AG9: Valor unitario antes de IVA | AH9: Valor unitario antes de IVA
B10: 1 | C10: Vaciado y drenaje controlado del tanque. | E10: Un | F10: 1 | G10: 0.19 | H10: =+EAI!G17 -> 200000 | I10: =+ROUND(H10*(1+$G10),0) -> 238000 | J10: =+I10*F10 -> 238000 | L10: =+ROUND(K10*(1+$G10),0) -> 0 | M10: =+L10*$F10 -> 0 | N10: =+MAYALA!G17 -> 350000 | O10: =+ROUND(N10*(1+$G10),0) -> 416500 | P10: =+O10*$F10 -> 416500 | R10: =+ROUND(Q10*(1+$G10),0) -> 0 | S10: =+R10*$F10 -> 0 | T10: =+ROUND(AVERAGE($Q10,$N10,$K10,$H10),0) -> 275000 | U10: =+ROUND(T10*(1+$G10),0) -> 327250 | V10: =+U10*$F10 -> 327250 | W10: =+ROUND(GEOMEAN($Q10,$N10,$K10,$H10),0) -> 264575 | X10: =+ROUND(W10*(1+$G10),0) -> 314844 | Y10: =+X10*$F10 -> 314844 | Z10: =+ROUND(HARMEAN($Q10,$N10,$K10,$H10),0) -> 254545 | AA10: =+ROUND(Z10*(1+$G10),0) -> 302909 | AB10: =+AA10*$F10 -> 302909 | AC10: =+ROUND(MEDIAN($Q10,$N10,$K10,$H10),0) -> 275000 | AD10: =+ROUND(AC10*(1+$G10),0) -> 327250 | AE10: =+AD10*$F10 -> 327250 | AF10: =STDEV($Q10,$N10,$K10,$H10) -> 106066.02 | AG10: =+T10+AF10 -> 381066.02 | AH10: =-T10-AG10 -> -656066.02
B11: 2 | C11: Retiro y disposición de sedimentos, lodos y residuos acumulados. | E11: Gl | F11: 1 | G11: 0.19 | H11: =+EAI!G18 -> 300000 | I11: =+ROUND(H11*(1+$G11),0) -> 357000 | J11: =+I11*F11 -> 357000 | K11: =+RHARQ!G18 -> 850000 | L11: =+ROUND(K11*(1+$G11),0) -> 1011500 | M11: =+L11*$F11 -> 1011500 | N11: =+MAYALA!G18 -> 650000 | O11: =+ROUND(N11*(1+$G11),0) -> 773500 | P11: =+O11*$F11 -> 773500 | R11: =+ROUND(Q11*(1+$G11),0) -> 0 | S11: =+R11*$F11 -> 0 | T11: =+ROUND(AVERAGE($Q11,$N11,$K11,$H11),0) -> 600000 | U11: =+ROUND(T11*(1+$G11),0) -> 714000 | V11: =+U11*$F11 -> 714000 | W11: =+ROUND(GEOMEAN($Q11,$N11,$K11,$H11),0) -> 549310 | X11: =+ROUND(W11*(1+$G11),0) -> 653679 | Y11: =+X11*$F11 -> 653679 | Z11: =+ROUND(HARMEAN($Q11,$N11,$K11,$H11),0) -> 496010 | AA11: =+ROUND(Z11*(1+$G11),0) -> 590252 | AB11: =+AA11*$F11 -> 590252 | AC11: =+ROUND(MEDIAN($Q11,$N11,$K11,$H11),0) -> 650000 | AD11: =+ROUND(AC11*(1+$G11),0) -> 773500 | AE11: =+AD11*$F11 -> 773500 | AF11: =STDEV($Q11,$N11,$K11,$H11) -> 278388.22 | AG11: =+T11+AF11 -> 878388.22 | AH11: =-T11-AG11 -> -1478388.2
B12: 3 | C12: Inspección y diagnóstico de las condiciones físicas y sanitarias del tanque de almacenamiento de agua potable. Incluye Revisión de fisuras, grietas, filtraciones y desprendimientos, Inspección de tapas, escaleras, válvulas, tuberías y accesorios. | E12: Gl | F12: 1 | G12: 0.19 | H12: =+EAI!G19 -> 400000 | I12: =+ROUND(H12*(1+$G12),0) -> 476000 | J12: =+I12*F12 -> 476000 | K12: =+RHARQ!G19 -> 320000 | L12: =+ROUND(K12*(1+$G12),0) -> 380800 | M12: =+L12*$F12 -> 380800 | O12: =+ROUND(N12*(1+$G12),0) -> 0 | P12: =+O12*$F12 -> 0 | R12: =+ROUND(Q12*(1+$G12),0) -> 0 | S12: =+R12*$F12 -> 0 | T12: =+ROUND(AVERAGE($Q12,$N12,$K12,$H12),0) -> 360000 | U12: =+ROUND(T12*(1+$G12),0) -> 428400 | V12: =+U12*$F12 -> 428400 | W12: =+ROUND(GEOMEAN($Q12,$N12,$K12,$H12),0) -> 357771 | X12: =+ROUND(W12*(1+$G12),0) -> 425747 | Y12: =+X12*$F12 -> 425747 | Z12: =+ROUND(HARMEAN($Q12,$N12,$K12,$H12),0) -> 355556 | AA12: =+ROUND(Z12*(1+$G12),0) -> 423112 | AB12: =+AA12*$F12 -> 423112 | AC12: =+ROUND(MEDIAN($Q12,$N12,$K12,$H12),0) -> 360000 | AD12: =+ROUND(AC12*(1+$G12),0) -> 428400 | AE12: =+AD12*$F12 -> 428400 | AF12: =STDEV($Q12,$N12,$K12,$H12) -> 56568.542 | AG12: =+T12+AF12 -> 416568.54 | AH12: =-T12-AG12 -> -776568.54
B13: 4 | C13: Lavado y limpieza interna de paredes, pisos, cubierta y accesorios del tanque. | E13: Un | F13: 1 | G13: 0.19 | H13: =+EAI!G20 -> 500000 | I13: =+ROUND(H13*(1+$G13),0) -> 595000 | J13: =+I13*F13 -> 595000 | L13: =+ROUND(K13*(1+$G13),0) -> 0 | M13: =+L13*$F13 -> 0 | N13: =+MAYALA!G20 -> 1500000 | O13: =+ROUND(N13*(1+$G13),0) -> 1785000 | P13: =+O13*$F13 -> 1785000 | R13: =+ROUND(Q13*(1+$G13),0) -> 0 | S13: =+R13*$F13 -> 0 | T13: =+ROUND(AVERAGE($Q13,$N13,$K13,$H13),0) -> 1000000 | U13: =+ROUND(T13*(1+$G13),0) -> 1190000 | V13: =+U13*$F13 -> 1190000 | W13: =+ROUND(GEOMEAN($Q13,$N13,$K13,$H13),0) -> 866025 | X13: =+ROUND(W13*(1+$G13),0) -> 1030570 | Y13: =+X13*$F13 -> 1030570 | Z13: =+ROUND(HARMEAN($Q13,$N13,$K13,$H13),0) -> 750000 | AA13: =+ROUND(Z13*(1+$G13),0) -> 892500 | AB13: =+AA13*$F13 -> 892500 | AC13: =+ROUND(MEDIAN($Q13,$N13,$K13,$H13),0) -> 1000000 | AD13: =+ROUND(AC13*(1+$G13),0) -> 1190000 | AE13: =+AD13*$F13 -> 1190000 | AF13: =STDEV($Q13,$N13,$K13,$H13) -> 707106.78 | AG13: =+T13+AF13 -> 1707106.8 | AH13: =-T13-AG13 -> -2707106.8
B14: 5 | C14: Desinfección y enjuague del tanque de agua potable. | E14: Un | F14: 1 | G14: 0.19 | H14: =+EAI!G21 -> 200000 | I14: =+ROUND(H14*(1+$G14),0) -> 238000 | J14: =+I14*F14 -> 238000 | K14: =+RHARQ!G21 -> 2400000 | L14: =+ROUND(K14*(1+$G14),0) -> 2856000 | M14: =+L14*$F14 -> 2856000 | N14: =+MAYALA!G21 -> 1350000 | O14: =+ROUND(N14*(1+$G14),0) -> 1606500 | P14: =+O14*$F14 -> 1606500 | R14: =+ROUND(Q14*(1+$G14),0) -> 0 | S14: =+R14*$F14 -> 0 | T14: =+ROUND(AVERAGE($Q14,$N14,$K14,$H14),0) -> 1316667 | U14: =+ROUND(T14*(1+$G14),0) -> 1566834 | V14: =+U14*$F14 -> 1566834 | W14: =+ROUND(GEOMEAN($Q14,$N14,$K14,$H14),0) -> 865350 | X14: =+ROUND(W14*(1+$G14),0) -> 1029767 | Y14: =+X14*$F14 -> 1029767 | Z14: =+ROUND(HARMEAN($Q14,$N14,$K14,$H14),0) -> 487218 | AA14: =+ROUND(Z14*(1+$G14),0) -> 579789 | AB14: =+AA14*$F14 -> 579789 | AC14: =+ROUND(MEDIAN($Q14,$N14,$K14,$H14),0) -> 1350000 | AD14: =+ROUND(AC14*(1+$G14),0) -> 1606500 | AE14: =+AD14*$F14 -> 1606500 | AF14: =STDEV($Q14,$N14,$K14,$H14) -> 1100378.7 | AG14: =+T14+AF14 -> 2417045.7 | AH14: =-T14-AG14 -> -3733712.7
B15: 6 | C15: Llenado y puesta en funcionamiento del tanque. | E15: Un | F15: 1 | G15: 0.19 | H15: =+EAI!G22 -> 200000 | I15: =+ROUND(H15*(1+$G15),0) -> 238000 | J15: =+I15*F15 -> 238000 | L15: =+ROUND(K15*(1+$G15),0) -> 0 | M15: =+L15*$F15 -> 0 | N15: =+MAYALA!G22 -> 250000 | O15: =+ROUND(N15*(1+$G15),0) -> 297500 | P15: =+O15*$F15 -> 297500 | R15: =+ROUND(Q15*(1+$G15),0) -> 0 | S15: =+R15*$F15 -> 0 | T15: =+ROUND(AVERAGE($Q15,$N15,$K15,$H15),0) -> 225000 | U15: =+ROUND(T15*(1+$G15),0) -> 267750 | V15: =+U15*$F15 -> 267750 | W15: =+ROUND(GEOMEAN($Q15,$N15,$K15,$H15),0) -> 223607 | X15: =+ROUND(W15*(1+$G15),0) -> 266092 | Y15: =+X15*$F15 -> 266092 | Z15: =+ROUND(HARMEAN($Q15,$N15,$K15,$H15),0) -> 222222 | AA15: =+ROUND(Z15*(1+$G15),0) -> 264444 | AB15: =+AA15*$F15 -> 264444 | AC15: =+ROUND(MEDIAN($Q15,$N15,$K15,$H15),0) -> 225000 | AD15: =+ROUND(AC15*(1+$G15),0) -> 267750 | AE15: =+AD15*$F15 -> 267750 | AF15: =STDEV($Q15,$N15,$K15,$H15) -> 35355.339 | AG15: =+T15+AF15 -> 260355.34 | AH15: =-T15-AG15 -> -485355.34
B16: 7 | C16: Realizar el muestreo y análisis fisicoquímico y microbiológico del agua potable almacenada en el tanque y/o en un punto de consumo abastecido por éste | E16: Un | F16: 1 | G16: 0.19 | H16: =+EAI!G23 -> 1600000 | I16: =+ROUND(H16*(1+$G16),0) -> 1904000 | J16: =+I16*F16 -> 1904000 | L16: =+ROUND(K16*(1+$G16),0) -> 0 | M16: =+L16*$F16 -> 0 | N16: =+MAYALA!G23 -> 550000 | O16: =+ROUND(N16*(1+$G16),0) -> 654500 | P16: =+O16*$F16 -> 654500 | R16: =+ROUND(Q16*(1+$G16),0) -> 0 | S16: =+R16*$F16 -> 0 | T16: =+ROUND(AVERAGE($Q16,$N16,$K16,$H16),0) -> 1075000 | U16: =+ROUND(T16*(1+$G16),0) -> 1279250 | V16: =+U16*$F16 -> 1279250 | W16: =+ROUND(GEOMEAN($Q16,$N16,$K16,$H16),0) -> 938083 | X16: =+ROUND(W16*(1+$G16),0) -> 1116319 | Y16: =+X16*$F16 -> 1116319 | Z16: =+ROUND(HARMEAN($Q16,$N16,$K16,$H16),0) -> 818605 | AA16: =+ROUND(Z16*(1+$G16),0) -> 974140 | AB16: =+AA16*$F16 -> 974140 | AC16: =+ROUND(MEDIAN($Q16,$N16,$K16,$H16),0) -> 1075000 | AD16: =+ROUND(AC16*(1+$G16),0) -> 1279250 | AE16: =+AD16*$F16 -> 1279250 | AF16: =STDEV($Q16,$N16,$K16,$H16) -> 742462.12 | AG16: =+T16+AF16 -> 1817462.1 | AH16: =-T16-AG16 -> -2892462.1
B18: TOTALES BOGOTÁ | H18: =SUM(H10:H16) -> 3400000 | I18: =SUM(I10:I16) -> 4046000 | J18: =SUM(J10:J16) -> 4046000 | K18: =SUM(K10:K16) -> 3570000 | L18: =SUM(L10:L16) -> 4248300 | M18: =SUM(M10:M16) -> 4248300 | N18: =SUM(N10:N16) -> 4650000 | O18: =SUM(O10:O16) -> 5533500 | ... AH18: =SUM(AH10:AH16) -> -12729660
B20: TANQUE ALMACENAMIENTO DE AGUA POTABLE Sede Parque Arqueológico de Ídolos, Ubicación: Huila, Dimensiones: 2.0 x 2.0 x 2.0 Especificaciones: Tanque tipo piscina, estructura en concreto reforzada impermeabilización tipo compuesto a base de cemento modificado con polímeros, diseñado para impermeabilizar superficies de concreto y mamposterías expuestas a humedad, filtraciones o presión de agua. o similar. Acceso directo | H20: =+H8 -> Estudios Ambientales Integrados SAS | K20: =+K8 -> RHARQ | N20: =+N8 -> MAYALA SAS | Q20: =+Q8 -> 0 | T20: =+T8 -> PROMEDIO | W20: =+W8 -> MEDIA GEOMÉTRICA | Z20: =+Z8 -> MEDIA ARMÓNICA | AC20: =+AC8 -> MEDIANA | AF20: DESVIACIÓN ESTANDAR | AG20: LIMITE SUPERIOR | AH20: LIMITE INFERIOR
B21: Ítem | C21: Descripción (De acuerdo con lo requerido en la ficha técnica) | E21: Unidad | F21: Cantidad | G21: Porcentaje de IVA según corresponda | H21: Valor unitario antes de IVA | I21: Valor unitario IVA incluido | J21: Valor total IVA incluido | K21: Valor unitario antes de IVA | L21: Valor unitario IVA incluido | M21: Valor total IVA incluido | N21: Valor unitario antes de IVA | O21: Valor unitario IVA incluido | P21: Valor total IVA incluido | Q21: Valor unitario antes de IVA | R21: Valor unitario IVA incluido | S21: Valor total IVA incluido | T21: Valor unitario antes de IVA | U21: Valor unitario IVA incluido | V21: Valor total IVA incluido | W21: Valor unitario antes de IVA | X21: Valor unitario IVA incluido | Y21: Valor total IVA incluido | Z21: Valor unitario antes de IVA | AA21: Valor unitario IVA incluido | AB21: Valor total IVA incluido | AC21: Valor unitario antes de IVA | AD21: Valor unitario IVA incluido | AE21: Valor total IVA incluido | AF21: Valor unitario antes de IVA | AG21: Valor unitario antes de IVA | AH21: Valor unitario antes de IVA
B22: 1 | C22: Vaciado y drenaje controlado del tanque. | E22: Un | F22: 1 | G22: 0.19 | H22: =+EAI!G29 -> 400000 | I22: =+ROUND(H22*(1+$G22),0) -> 476000 | J22: =+I22*F22 -> 476000 | K22: =+RHARQ!G29 -> 280000 | L22: =+ROUND(K22*(1+$G22),0) -> 333200 | M22: =+L22*$F22 -> 333200 | N22: =+MAYALA!G29 -> 350000 | O22: =+ROUND(N22*(1+$G22),0) -> 416500 | P22: =+O22*$F22 -> 416500 | R22: =+ROUND(Q22*(1+$G22),0) -> 0 | S22: =+R22*$F22 -> 0 | T22: =+ROUND(AVERAGE($Q22,$N22,$K22,$H22),0) -> 343333 | U22: =+ROUND(T22*(1+$G22),0) -> 408566 | V22: =+U22*$F22 -> 408566 | W22: =+ROUND(GEOMEAN($Q22,$N22,$K22,$H22),0) -> 339700 | X22: =+ROUND(W22*(1+$G22),0) -> 404243 | Y22: =+X22*$F22 -> 404243 | Z22: =+ROUND(HARMEAN($Q22,$N22,$K22,$H22),0) -> 336000 | AA22: =+ROUND(Z22*(1+$G22),0) -> 399840 | AB22: =+AA22*$F22 -> 399840 | AC22: =+ROUND(MEDIAN($Q22,$N22,$K22,$H22),0) -> 350000 | AD22: =+ROUND(AC22*(1+$G22),0) -> 416500 | AE22: =+AD22*$F22 -> 416500 | AF22: =STDEV($Q22,$N22,$K22,$H22) -> 60277.138 | AG22: =+T22+AF22 -> 403610.14 | AH22: =-T22-AG22 -> -746943.14
B23: 2 | C23: Retiro y disposición de sedimentos, lodos y residuos acumulados. | E23: Gl | F23: 1 | G23: 0.19 | H23: =+EAI!G30 -> 500000 | I23: =+ROUND(H23*(1+$G23),0) -> 595000 | J23: =+I23*F23 -> 595000 | K23: =+RHARQ!G30 -> 720000 | L23: =+ROUND(K23*(1+$G23),0) -> 856800 | M23: =+L23*$F23 -> 856800 | N23: =+MAYALA!G30 -> 650000 | O23: =+ROUND(N23*(1+$G23),0) -> 773500 | P23: =+O23*$F23 -> 773500 | R23: =+ROUND(Q23*(1+$G23),0) -> 0 | S23: =+R23*$F23 -> 0 | T23: =+ROUND(AVERAGE($Q23,$N23,$K23,$H23),0) -> 623333 | U23: =+ROUND(T23*(1+$G23),0) -> 741766 | V23: =+U23*$F23 -> 741766 | W23: =+ROUND(GEOMEAN($Q23,$N23,$K23,$H23),0) -> 616224 | X23: =+ROUND(W23*(1+$G23),0) -> 733307 | Y23: =+X23*$F23 -> 733307 | Z23: =+ROUND(HARMEAN($Q23,$N23,$K23,$H23),0) -> 608846 | AA23: =+ROUND(Z23*(1+$G23),0) -> 724527 | AB23: =+AA23*$F23 -> 724527 | AC23: =+ROUND(MEDIAN($Q23,$N23,$K23,$H23),0) -> 650000 | AD23: =+ROUND(AC23*(1+$G23),0) -> 773500 | AE23: =+AD23*$F23 -> 773500 | AF23: =STDEV($Q23,$N23,$K23,$H23) -> 112398.1 | AG23: =+T23+AF23 -> 735731.1 | AH23: =-T23-AG23 -> -1359064.1
B24: 3 | C24: Inspección y diagnóstico de las condiciones físicas y sanitarias del tanque de almacenamiento de agua potable. Incluye Revisión de fisuras, grietas, filtraciones y desprendimientos, Inspección de tapas, escaleras, válvulas, tuberías y accesorios. | E24: Gl | F24: 1 | G24: 0.19 | H24: =+EAI!G31 -> 600000 | I24: =+ROUND(H24*(1+$G24),0) -> 714000 | J24: =+I24*F24 -> 714000 | K24: =+RHARQ!G31 -> 160000 | L24: =+ROUND(K24*(1+$G24),0) -> 190400 | M24: =+L24*$F24 -> 190400 | O24: =+ROUND(N24*(1+$G24),0) -> 0 | P24: =+O24*$F24 -> 0 | R24: =+ROUND(Q24*(1+$G24),0) -> 0 | S24: =+R24*$F24 -> 0 | T24: =+ROUND(AVERAGE($Q24,$N24,$K24,$H24),0) -> 380000 | U24: =+ROUND(T24*(1+$G24),0) -> 452200 | V24: =+U24*$F24 -> 452200 | W24: =+ROUND(GEOMEAN($Q24,$N24,$K24,$H24),0) -> 309839 | X24: =+ROUND(W24*(1+$G24),0) -> 368708 | Y24: =+X24*$F24 -> 368708 | Z24: =+ROUND(HARMEAN($Q24,$N24,$K24,$H24),0) -> 252632 | AA24: =+ROUND(Z24*(1+$G24),0) -> 300632 | AB24: =+AA24*$F24 -> 300632 | AC24: =+ROUND(MEDIAN($Q24,$N24,$K24,$H24),0) -> 380000 | AD24: =+ROUND(AC24*(1+$G24),0) -> 452200 | AE24: =+AD24*$F24 -> 452200 | AF24: =STDEV($Q24,$N24,$K24,$H24) -> 311126.98 | AG24: =+T24+AF24 -> 691126.98 | AH24: =-T24-AG24 -> -1071127
B25: 4 | C25: Lavado y limpieza interna de paredes, pisos, cubierta y accesorios del tanque. | E25: Un | F25: 1 | G25: 0.19 | H25: =+EAI!G32 -> 600000 | I25: =+ROUND(H25*(1+$G25),0) -> 714000 | J25: =+I25*F25 -> 714000 | K25: =+RHARQ!G32 -> 1600000 | L25: =+ROUND(K25*(1+$G25),0) -> 1904000 | M25: =+L25*$F25 -> 1904000 | N25: =+MAYALA!G32 -> 1500000 | O25: =+ROUND(N25*(1+$G25),0) -> 1785000 | P25: =+O25*$F25 -> 1785000 | R25: =+ROUND(Q25*(1+$G25),0) -> 0 | S25: =+R25*$F25 -> 0 | T25: =+ROUND(AVERAGE($Q25,$N25,$K25,$H25),0) -> 1233333 | U25: =+ROUND(T25*(1+$G25),0) -> 1467666 | V25: =+U25*$F25 -> 1467666 | W25: =+ROUND(GEOMEAN($Q25,$N25,$K25,$H25),0) -> 1129243 | X25: =+ROUND(W25*(1+$G25),0) -> 1343799 | Y25: =+X25*$F25 -> 1343799 | Z25: =+ROUND(HARMEAN($Q25,$N25,$K25,$H25),0) -> 1014085 | AA25: =+ROUND(Z25*(1+$G25),0) -> 1206761 | AB25: =+AA25*$F25 -> 1206761 | AC25: =+ROUND(MEDIAN($Q25,$N25,$K25,$H25),0) -> 1500000 | AD25: =+ROUND(AC25*(1+$G25),0) -> 1785000 | AE25: =+AD25*$F25 -> 1785000 | AF25: =STDEV($Q25,$N25,$K25,$H25) -> 550757.05 | AG25: =+T25+AF25 -> 1784090.1 | AH25: =-T25-AG25 -> -3017423.1
B26: 5 | C26: Desinfección y enjuague del tanque de agua potable. | E26: Un | F26: 1 | G26: 0.19 | H26: =+EAI!G33 -> 300000 | I26: =+ROUND(H26*(1+$G26),0) -> 357000 | J26: =+I26*F26 -> 357000 | K26: =+RHARQ!G33 -> 1200000 | L26: =+ROUND(K26*(1+$G26),0) -> 1428000 | M26: =+L26*$F26 -> 1428000 | N26: =+MAYALA!G33 -> 1350000 | O26: =+ROUND(N26*(1+$G26),0) -> 1606500 | P26: =+O26*$F26 -> 1606500 | R26: =+ROUND(Q26*(1+$G26),0) -> 0 | S26: =+R26*$F26 -> 0 | T26: =+ROUND(AVERAGE($Q26,$N26,$K26,$H26),0) -> 950000 | U26: =+ROUND(T26*(1+$G26),0) -> 1130500 | V26: =+U26*$F26 -> 1130500 | W26: =+ROUND(GEOMEAN($Q26,$N26,$K26,$H26),0) -> 786222 | X26: =+ROUND(W26*(1+$G26),0) -> 935604 | Y26: =+X26*$F26 -> 935604 | Z26: =+ROUND(HARMEAN($Q26,$N26,$K26,$H26),0) -> 611321 | AA26: =+ROUND(Z26*(1+$G26),0) -> 727472 | AB26: =+AA26*$F26 -> 727472 | AC26: =+ROUND(MEDIAN($Q26,$N26,$K26,$H26),0) -> 1200000 | AD26: =+ROUND(AC26*(1+$G26),0) -> 1428000 | AE26: =+AD26*$F26 -> 1428000 | AF26: =STDEV($Q26,$N26,$K26,$H26) -> 567890.83 | AG26: =+T26+AF26 -> 1517890.8 | AH26: =-T26-AG26 -> -2467890.8
B27: 6 | C27: Llenado y puesta en funcionamiento del tanque. | E27: Un | F27: 1 | G27: 0.19 | H27: =+EAI!G34 -> 300000 | I27: =+ROUND(H27*(1+$G27),0) -> 357000 | J27: =+I27*F27 -> 357000 | K27: =+RHARQ!G34 -> 280000 | L27: =+ROUND(K27*(1+$G27),0) -> 333200 | M27: =+L27*$F27 -> 333200 | N27: =+MAYALA!G34 -> 250000 | O27: =+ROUND(N27*(1+$G27),0) -> 297500 | P27: =+O27*$F27 -> 297500 | R27: =+ROUND(Q27*(1+$G27),0) -> 0 | S27: =+R27*$F27 -> 0 | T27: =+ROUND(AVERAGE($Q27,$N27,$K27,$H27),0) -> 276667 | U27: =+ROUND(T27*(1+$G27),0) -> 329234 | V27: =+U27*$F27 -> 329234 | W27: =+ROUND(GEOMEAN($Q27,$N27,$K27,$H27),0) -> 275892 | X27: =+ROUND(W27*(1+$G27),0) -> 328311 | Y27: =+X27*$F27 -> 328311 | Z27: =+ROUND(HARMEAN($Q27,$N27,$K27,$H27),0) -> 275109 | AA27: =+ROUND(Z27*(1+$G27),0) -> 327380 | AB27: =+AA27*$F27 -> 327380 | AC27: =+ROUND(MEDIAN($Q27,$N27,$K27,$H27),0) -> 280000 | AD27: =+ROUND(AC27*(1+$G27),0) -> 333200 | AE27: =+AD27*$F27 -> 333200 | AF27: =STDEV($Q27,$N27,$K27,$H27) -> 25166.115 | AG27: =+T27+AF27 -> 301833.11 | AH27: =-T27-AG27 -> -578500.11
B28: 7 | C28: Realizar el muestreo y análisis fisicoquímico y microbiológico del agua potable almacenada en el tanque y/o en un punto de consumo abastecido por éste | E28: Un | F28: 1 | G28: 0.19 | H28: =+EAI!G35 -> 1600000 | I28: =+ROUND(H28*(1+$G28),0) -> 1904000 | J28: =+I28*F28 -> 1904000 | K28: =+RHARQ!G35 -> 2000000 | L28: =+ROUND(K28*(1+$G28),0) -> 2380000 | M28: =+L28*$F28 -> 2380000 | N28: =+MAYALA!G35 -> 550000 | O28: =+ROUND(N28*(1+$G28),0) -> 654500 | P28: =+O28*$F28 -> 654500 | R28: =+ROUND(Q28*(1+$G28),0) -> 0 | S28: =+R28*$F28 -> 0 | T28: =+ROUND(AVERAGE($Q28,$N28,$K28,$H28),0) -> 1383333 | U28: =+ROUND(T28*(1+$G28),0) -> 1646166 | V28: =+U28*$F28 -> 1646166 | W28: =+ROUND(GEOMEAN($Q28,$N28,$K28,$H28),0) -> 1207362 | X28: =+ROUND(W28*(1+$G28),0) -> 1436761 | Y28: =+X28*$F28 -> 1436761 | Z28: =+ROUND(HARMEAN($Q28,$N28,$K28,$H28),0) -> 1019305 | AA28: =+ROUND(Z28*(1+$G28),0) -> 1212973 | AB28: =+AA28*$F28 -> 1212973 | AC28: =+ROUND(MEDIAN($Q28,$N28,$K28,$H28),0) -> 1600000 | AD28: =+ROUND(AC28*(1+$G28),0) -> 1904000 | AE28: =+AD28*$F28 -> 1904000 | AF28: =STDEV($Q28,$N28,$K28,$H28) -> 748888.06 | AG28: =+T28+AF28 -> 2132221.1 | AH28: =-T28-AG28 -> -3515554.1
B30: TOTAL IDOLOS | H30: =SUM(H22:H28) -> 4300000 | I30: =SUM(I22:I28) -> 5117000 | J30: =SUM(J22:J28) -> 5117000 | K30: =SUM(K22:K28) -> 6240000 | L30: =SUM(L22:L28) -> 7425600 | M30: =SUM(M22:M28) -> 7425600 | N30: =SUM(N22:N28) -> 4650000 | O30: =SUM(O22:O28) -> 5533500 | ... AH30: =SUM(AH22:AH28) -> -12756502
B32: TANQUE ALMACENAMIENTO DE AGUA POTABLE Sede administrativa Santa Marta, Ubicación: Santa Marta, Dimensiones: 3.30 x 1.20 x 1.50 Especificaciones: Tanque subterráneo, estructura en concreto reforzada impermeabilización tipo compuesto a base de cemento modificado con polímeros, diseñado para impermeabilizar superficies de concreto y mampostería expuestas a humedad, filtraciones o presión de agua. o similar. Acceso de mantenimiento tipo escotilla | H32: =+H20 -> Estudios Ambientales Integrados SAS | K32: =+K20 -> RHARQ | N32: =+N20 -> MAYALA SAS | Q32: =+Q20 -> 0 | T32: =+T20 -> PROMEDIO | W32: =+W20 -> MEDIA GEOMÉTRICA | Z32: =+Z20 -> MEDIA ARMÓNICA | AC32: =+AC20 -> MEDIANA | AF32: DESVIACIÓN ESTANDAR | AG32: LIMITE SUPERIOR | AH32: LIMITE INFERIOR
B33: Ítem | C33: Descripción (De acuerdo con lo requerido en la ficha técnica) | E33: Unidad | F33: Cantidad | G33: Porcentaje de IVA según corresponda | H33: Valor unitario antes de IVA | I33: Valor unitario IVA incluido | J33: Valor total IVA incluido | K33: Valor unitario antes de IVA | L33: Valor unitario IVA incluido | M33: Valor total IVA incluido | N33: Valor unitario antes de IVA | O33: Valor unitario IVA incluido | P33: Valor total IVA incluido | Q33: Valor unitario antes de IVA | R33: Valor unitario IVA incluido | S33: Valor total IVA incluido | T33: Valor unitario antes de IVA | U33: Valor unitario IVA incluido | V33: Valor total IVA incluido | W33: Valor unitario antes de IVA | X33: Valor unitario IVA incluido | Y33: Valor total IVA incluido | Z33: Valor unitario antes de IVA | AA33: Valor unitario IVA incluido | AB33: Valor total IVA incluido | AC33: Valor unitario antes de IVA | AD33: Valor unitario IVA incluido | AE33: Valor total IVA incluido | AF33: Valor unitario antes de IVA | AG33: Valor unitario antes de IVA | AH33: Valor unitario antes de IVA
B34: 1 | C34: Vaciado y drenaje controlado del tanque. | E34: Un | F34: 1 | G34: 0.19 | I34: =+ROUND(H34*(1+$G34),0) -> 0 | J34: =+I34*F34 -> 0 | K34: =+RHARQ!G41 -> 210000 | L34: =+ROUND(K34*(1+$G34),0) -> 249900 | M34: =+L34*$F34 -> 249900 | N34: =+MAYALA!G41 -> 650000 | O34: =+ROUND(N34*(1+$G34),0) -> 773500 | P34: =+O34*$F34 -> 773500 | R34: =+ROUND(Q34*(1+$G34),0) -> 0 | S34: =+R34*$F34 -> 0 | T34: =+ROUND(AVERAGE($Q34,$N34,$K34,$H34),0) -> 430000 | U34: =+ROUND(T34*(1+$G34),0) -> 511700 | V34: =+U34*$F34 -> 511700 | W34: =+ROUND(GEOMEAN($Q34,$N34,$K34,$H34),0) -> 369459 | X34: =+ROUND(W34*(1+$G34),0) -> 439656 | Y34: =+X34*$F34 -> 439656 | Z34: =+ROUND(HARMEAN($Q34,$N34,$K34,$H34),0) -> 317442 | AA34: =+ROUND(Z34*(1+$G34),0) -> 377756 | AB34: =+AA34*$F34 -> 377756 | AC34: =+ROUND(MEDIAN($Q34,$N34,$K34,$H34),0) -> 430000 | AD34: =+ROUND(AC34*(1+$G34),0) -> 511700 | AE34: =+AD34*$F34 -> 511700 | AF34: =STDEV($Q34,$N34,$K34,$H34) -> 311126.98 | AG34: =+T34+AF34 -> 741126.98 | AH34: =-T34-AG34 -> -1171127
B35: 2 | C35: Retiro y disposición de sedimentos, lodos y residuos acumulados. | E35: Gl | F35: 1 | G35: 0.19 | H35: =+EAI!G42 -> 800000 | I35: =+ROUND(H35*(1+$G35),0) -> 952000 | J35: =+I35*F35 -> 952000 | K35: =+RHARQ!G42 -> 510000 | L35: =+ROUND(K35*(1+$G35),0) -> 606900 | M35: =+L35*$F35 -> 606900 | O35: =+ROUND(N35*(1+$G35),0) -> 0 | P35: =+O35*$F35 -> 0 | R35: =+ROUND(Q35*(1+$G35),0) -> 0 | S35: =+R35*$F35 -> 0 | T35: =+ROUND(AVERAGE($Q35,$N35,$K35,$H35),0) -> 655000 | U35: =+ROUND(T35*(1+$G35),0) -> 779450 | V35: =+U35*$F35 -> 779450 | W35: =+ROUND(GEOMEAN($Q35,$N35,$K35,$H35),0) -> 638749 | X35: =+ROUND(W35*(1+$G35),0) -> 760111 | Y35: =+X35*$F35 -> 760111 | Z35: =+ROUND(HARMEAN($Q35,$N35,$K35,$H35),0) -> 622901 | AA35: =+ROUND(Z35*(1+$G35),0) -> 741252 | AB35: =+AA35*$F35 -> 741252 | AC35: =+ROUND(MEDIAN($Q35,$N35,$K35,$H35),0) -> 655000 | AD35: =+ROUND(AC35*(1+$G35),0) -> 779450 | AE35: =+AD35*$F35 -> 779450 | AF35: =STDEV($Q35,$N35,$K35,$H35) -> 205060.97 | AG35: =+T35+AF35 -> 860060.97 | AH35: =-T35-AG35 -> -1515061
B36: 3 | C36: Inspección y diagnóstico de las condiciones físicas y sanitarias del tanque de almacenamiento de agua potable. Incluye Revisión de fisuras, grietas, filtraciones y desprendimientos, Inspección de tapas, escaleras, válvulas, tuberías y accesorios. | E36: Gl | F36: 1 | G36: 0.19 | H36: =+EAI!G43 -> 700000 | I36: =+ROUND(H36*(1+$G36),0) -> 833000 | J36: =+I36*F36 -> 833000 | K36: =+RHARQ!G43 -> 120000 | L36: =+ROUND(K36*(1+$G36),0) -> 142800 | M36: =+L36*$F36 -> 142800 | O36: =+ROUND(N36*(1+$G36),0) -> 0 | P36: =+O36*$F36 -> 0 | R36: =+ROUND(Q36*(1+$G36),0) -> 0 | S36: =+R36*$F36 -> 0 | T36: =+ROUND(AVERAGE($Q36,$N36,$K36,$H36),0) -> 410000 | U36: =+ROUND(T36*(1+$G36),0) -> 487900 | V36: =+U36*$F36 -> 487900 | W36: =+ROUND(GEOMEAN($Q36,$N36,$K36,$H36),0) -> 289828 | X36: =+ROUND(W36*(1+$G36),0) -> 344895 | Y36: =+X36*$F36 -> 344895 | Z36: =+ROUND(HARMEAN($Q36,$N36,$K36,$H36),0) -> 204878 | AA36: =+ROUND(Z36*(1+$G36),0) -> 243805 | AB36: =+AA36*$F36 -> 243805 | AC36: =+ROUND(MEDIAN($Q36,$N36,$K36,$H36),0) -> 410000 | AD36: =+ROUND(AC36*(1+$G36),0) -> 487900 | AE36: =+AD36*$F36 -> 487900 | AF36: =STDEV($Q36,$N36,$K36,$H36) -> 410121.93 | AG36: =+T36+AF36 -> 820121.93 | AH36: =-T36-AG36 -> -1230121.9
B37: 4 | C37: Lavado y limpieza interna de paredes, pisos, cubierta y accesorios del tanque. | E37: Un | F37: 1 | G37: 0.19 | H37: =+EAI!G44 -> 750000 | I37: =+ROUND(H37*(1+$G37),0) -> 892500 | J37: =+I37*F37 -> 892500 | K37: =+RHARQ!G44 -> 1200000 | L37: =+ROUND(K37*(1+$G37),0) -> 1428000 | M37: =+L37*$F37 -> 1428000 | N37: =+MAYALA!G44 -> 1500000 | O37: =+ROUND(N37*(1+$G37),0) -> 1785000 | P37: =+O37*$F37 -> 1785000 | R37: =+ROUND(Q37*(1+$G37),0) -> 0 | S37: =+R37*$F37 -> 0 | T37: =+ROUND(AVERAGE($Q37,$N37,$K37,$H37),0) -> 1150000 | U37: =+ROUND(T37*(1+$G37),0) -> 1368500 | V37: =+U37*$F37 -> 1368500 | W37: =+ROUND(GEOMEAN($Q37,$N37,$K37,$H37),0) -> 1105209 | X37: =+ROUND(W37*(1+$G37),0) -> 1315199 | Y37: =+X37*$F37 -> 1315199 | Z37: =+ROUND(HARMEAN($Q37,$N37,$K37,$H37),0) -> 1058824 | AA37: =+ROUND(Z37*(1+$G37),0) -> 1260001 | AB37: =+AA37*$F37 -> 1260001 | AC37: =+ROUND(MEDIAN($Q37,$N37,$K37,$H37),0) -> 1200000 | AD37: =+ROUND(AC37*(1+$G37),0) -> 1428000 | AE37: =+AD37*$F37 -> 1428000 | AF37: =STDEV($Q37,$N37,$K37,$H37) -> 377491.72 | AG37: =+T37+AF37 -> 1527491.7 | AH37: =-T37-AG37 -> -2677491.7
B38: 5 | C38: Desinfección y enjuague del tanque de agua potable. | E38: Un | F38: 1 | G38: 0.19 | H38: =+EAI!G45 -> 500000 | I38: =+ROUND(H38*(1+$G38),0) -> 595000 | J38: =+I38*F38 -> 595000 | K38: =+RHARQ!G45 -> 900000 | L38: =+ROUND(K38*(1+$G38),0) -> 1071000 | M38: =+L38*$F38 -> 1071000 | O38: =+ROUND(N38*(1+$G38),0) -> 0 | P38: =+O38*$F38 -> 0 | R38: =+ROUND(Q38*(1+$G38),0) -> 0 | S38: =+R38*$F38 -> 0 | T38: =+ROUND(AVERAGE($Q38,$N38,$K38,$H38),0) -> 700000 | U38: =+ROUND(T38*(1+$G38),0) -> 833000 | V38: =+U38*$F38 -> 833000 | W38: =+ROUND(GEOMEAN($Q38,$N38,$K38,$H38),0) -> 670820 | X38: =+ROUND(W38*(1+$G38),0) -> 798276 | Y38: =+X38*$F38 -> 798276 | Z38: =+ROUND(HARMEAN($Q38,$N38,$K38,$H38),0) -> 642857 | AA38: =+ROUND(Z38*(1+$G38),0) -> 765000 | AB38: =+AA38*$F38 -> 765000 | AC38: =+ROUND(MEDIAN($Q38,$N38,$K38,$H38),0) -> 700000 | AD38: =+ROUND(AC38*(1+$G38),0) -> 833000 | AE38: =+AD38*$F38 -> 833000 | AF38: =STDEV($Q38,$N38,$K38,$H38) -> 282842.71 | AG38: =+T38+AF38 -> 982842.71 | AH38: =-T38-AG38 -> -1682842.7
B39: 6 | C39: Llenado y puesta en funcionamiento del tanque. | E39: Un | F39: 1 | G39: 0.19 | H39: =+EAI!G46 -> 500000 | I39: =+ROUND(H39*(1+$G39),0) -> 595000 | J39: =+I39*F39 -> 595000 | K39: =+RHARQ!G46 -> 210000 | L39: =+ROUND(K39*(1+$G39),0) -> 249900 | M39: =+L39*$F39 -> 249900 | N39: =+MAYALA!G46 -> 550000 | O39: =+ROUND(N39*(1+$G39),0) -> 654500 | P39: =+O39*$F39 -> 654500 | R39: =+ROUND(Q39*(1+$G39),0) -> 0 | S39: =+R39*$F39 -> 0 | T39: =+ROUND(AVERAGE($Q39,$N39,$K39,$H39),0) -> 420000 | U39: =+ROUND(T39*(1+$G39),0) -> 499800 | V39: =+U39*$F39 -> 499800 | W39: =+ROUND(GEOMEAN($Q39,$N39,$K39,$H39),0) -> 386531 | X39: =+ROUND(W39*(1+$G39),0) -> 459972 | Y39: =+X39*$F39 -> 459972 | Z39: =+ROUND(HARMEAN($Q39,$N39,$K39,$H39),0) -> 349647 | AA39: =+ROUND(Z39*(1+$G39),0) -> 416080 | AB39: =+AA39*$F39 -> 416080 | AC39: =+ROUND(MEDIAN($Q39,$N39,$K39,$H39),0) -> 500000 | AD39: =+ROUND(AC39*(1+$G39),0) -> 595000 | AE39: =+AD39*$F39 -> 595000 | AF39: =STDEV($Q39,$N39,$K39,$H39) -> 183575.6 | AG39: =+T39+AF39 -> 603575.6 | AH39: =-T39-AG39 -> -1023575.6
B40: 7 | C40: Realizar el muestreo y análisis fisicoquímico y microbiológico del agua potable almacenada en el tanque y/o en un punto de consumo abastecido por éste | E40: Un | F40: 1 | G40: 0.19 | H40: =+EAI!G47 -> 1600000 | I40: =+ROUND(H40*(1+$G40),0) -> 1904000 | J40: =+I40*F40 -> 1904000 | K40: =+RHARQ!G47 -> 1800000 | L40: =+ROUND(K40*(1+$G40),0) -> 2142000 | M40: =+L40*$F40 -> 2142000 | N40: =+MAYALA!G47 -> 750000 | O40: =+ROUND(N40*(1+$G40),0) -> 892500 | P40: =+O40*$F40 -> 892500 | R40: =+ROUND(Q40*(1+$G40),0) -> 0 | S40: =+R40*$F40 -> 0 | T40: =+ROUND(AVERAGE($Q40,$N40,$K40,$H40),0) -> 1383333 | U40: =+ROUND(T40*(1+$G40),0) -> 1646166 | V40: =+U40*$F40 -> 1646166 | W40: =+ROUND(GEOMEAN($Q40,$N40,$K40,$H40),0) -> 1292661 | X40: =+ROUND(W40*(1+$G40),0) -> 1538267 | Y40: =+X40*$F40 -> 1538267 | Z40: =+ROUND(HARMEAN($Q40,$N40,$K40,$H40),0) -> 1193370 | AA40: =+ROUND(Z40*(1+$G40),0) -> 1420110 | AB40: =+AA40*$F40 -> 1420110 | AC40: =+ROUND(MEDIAN($Q40,$N40,$K40,$H40),0) -> 1600000 | AD40: =+ROUND(AC40*(1+$G40),0) -> 1904000 | AE40: =+AD40*$F40 -> 1904000 | AF40: =STDEV($Q40,$N40,$K40,$H40) -> 557524.29 | AG40: =+T40+AF40 -> 1940857.3 | AH40: =-T40-AG40 -> -3324190.3
B42: TOTAL SANTA MARTA | H42: =SUM(H34:H40) -> 4850000 | I42: =SUM(I34:I40) -> 5771500 | J42: =SUM(J34:J40) -> 5771500 | K42: =SUM(K34:K40) -> 4950000 | L42: =SUM(L34:L40) -> 5890500 | M42: =SUM(M34:M40) -> 5890500 | N42: =SUM(N34:N40) -> 3450000 | O42: =SUM(O34:O40) -> 4105500 | ... AH42: =SUM(AH34:AH40) -> -12624410
B44: TANQUE ALMACENAMIENTO DE AGUA POTABLE Sede Parque Arqueológico San Agustín, Ubicación: Huila, Dimensiones:7.00 x 2.50 x 2.00 Especificaciones: Tanque subterráneo, estructura en concreto reforzada impermeabilización tipo compuesto a base de cemento modificado con polímeros, diseñado para impermeabilizar superficies de concreto y mampostería expuestas a humedad, filtraciones o presión de agua o similar. Acceso de mantenimiento tipo escotilla | H44: =+H32 -> Estudios Ambientales Integrados SAS | K44: =+K32 -> RHARQ | N44: =+N32 -> MAYALA SAS | Q44: =+Q32 -> 0 | T44: =+T32 -> PROMEDIO | W44: =+W32 -> MEDIA GEOMÉTRICA | Z44: =+Z32 -> MEDIA ARMÓNICA | AC44: =+AC32 -> MEDIANA | AF44: DESVIACIÓN ESTANDAR | AG44: LIMITE SUPERIOR | AH44: LIMITE INFERIOR
B45: Ítem | C45: Descripción (De acuerdo con lo requerido en la ficha técnica) | E45: Unidad | F45: Cantidad | G45: Porcentaje de IVA según corresponda | H45: Valor unitario antes de IVA | I45: Valor unitario IVA incluido | J45: Valor total IVA incluido | K45: Valor unitario antes de IVA | L45: Valor unitario IVA incluido | M45: Valor total IVA incluido | N45: Valor unitario antes de IVA | O45: Valor unitario IVA incluido | P45: Valor total IVA incluido | Q45: Valor unitario antes de IVA | R45: Valor unitario IVA incluido | S45: Valor total IVA incluido | T45: Valor unitario antes de IVA | U45: Valor unitario IVA incluido | V45: Valor total IVA incluido | W45: Valor unitario antes de IVA | X45: Valor unitario IVA incluido | Y45: Valor total IVA incluido | Z45: Valor unitario antes de IVA | AA45: Valor unitario IVA incluido | AB45: Valor total IVA incluido | AC45: Valor unitario antes de IVA | AD45: Valor unitario IVA incluido | AE45: Valor total IVA incluido | AF45: Valor unitario antes de IVA | AG45: Valor unitario antes de IVA | AH45: Valor unitario antes de IVA
B46: 1 | C46: Vaciado y drenaje controlado del tanque. | E46: Un | F46: 1 | G46: 0.19 | H46: =+EAI!G53 -> 700000 | I46: =+ROUND(H46*(1+$G46),0) -> 833000 | J46: =+I46*F46 -> 833000 | K46: =+RHARQ!G53 -> 588000 | L46: =+ROUND(K46*(1+$G46),0) -> 699720 | M46: =+L46*$F46 -> 699720 | N46: =+MAYALA!G53 -> 350000 | O46: =+ROUND(N46*(1+$G46),0) -> 416500 | P46: =+O46*$F46 -> 416500 | R46: =+ROUND(Q46*(1+$G46),0) -> 0 | S46: =+R46*$F46 -> 0 | T46: =+ROUND(AVERAGE($Q46,$N46,$K46,$H46),0) -> 546000 | U46: =+ROUND(T46*(1+$G46),0) -> 649740 | V46: =+U46*$F46 -> 649740 | W46: =+ROUND(GEOMEAN($Q46,$N46,$K46,$H46),0) -> 524221 | X46: =+ROUND(W46*(1+$G46),0) -> 623823 | Y46: =+X46*$F46 -> 623823 | Z46: =+ROUND(HARMEAN($Q46,$N46,$K46,$H46),0) -> 501136 | AA46: =+ROUND(Z46*(1+$G46),0) -> 596352 | AB46: =+AA46*$F46 -> 596352 | AC46: =+ROUND(MEDIAN($Q46,$N46,$K46,$H46),0) -> 588000 | AD46: =+ROUND(AC46*(1+$G46),0) -> 699720 | AE46: =+AD46*$F46 -> 699720 | AF46: =STDEV($Q46,$N46,$K46,$H46) -> 178740.03 | AG46: =+T46+AF46 -> 724740.03 | AH46: =-T46-AG46 -> -1270740
B47: 2 | C47: Retiro y disposición de sedimentos, lodos y residuos acumulados. | E47: Gl | F47: 1 | G47: 0.19 | H47: =+EAI!G54 -> 800000 | I47: =+ROUND(H47*(1+$G47),0) -> 952000 | J47: =+I47*F47 -> 952000 | K47: =+RHARQ!G54 -> 860000 | L47: =+ROUND(K47*(1+$G47),0) -> 1023400 | M47: =+L47*$F47 -> 1023400 | N47: =+MAYALA!G54 -> 650000 | O47: =+ROUND(N47*(1+$G47),0) -> 773500 | P47: =+O47*$F47 -> 773500 | R47: =+ROUND(Q47*(1+$G47),0) -> 0 | S47: =+R47*$F47 -> 0 | T47: =+ROUND(AVERAGE($Q47,$N47,$K47,$H47),0) -> 770000 | U47: =+ROUND(T47*(1+$G47),0) -> 916300 | V47: =+U47*$F47 -> 916300 | W47: =+ROUND(GEOMEAN($Q47,$N47,$K47,$H47),0) -> 764717 | X47: =+ROUND(W47*(1+$G47),0) -> 910013 | Y47: =+X47*$F47 -> 910013 | Z47: =+ROUND(HARMEAN($Q47,$N47,$K47,$H47),0) -> 759253 | AA47: =+ROUND(Z47*(1+$G47),0) -> 903511 | AB47: =+AA47*$F47 -> 903511 | AC47: =+ROUND(MEDIAN($Q47,$N47,$K47,$H47),0) -> 800000 | AD47: =+ROUND(AC47*(1+$G47),0) -> 952000 | AE47: =+AD47*$F47 -> 952000 | AF47: =STDEV($Q47,$N47,$K47,$H47) -> 108166.54 | AG47: =+T47+AF47 -> 878166.54 | AH47: =-T47-AG47 -> -1648166.5
B48: 3 | C48: Inspección y diagnóstico de las condiciones físicas y sanitarias del tanque de almacenamiento de agua potable. Incluye Revisión de fisuras, grietas, filtraciones y desprendimientos, Inspección de tapas, escaleras, válvulas, tuberías y accesorios. | E48: Gl | F48: 1 | G48: 0.19 | H48: =+EAI!G55 -> 800000 | I48: =+ROUND(H48*(1+$G48),0) -> 952000 | J48: =+I48*F48 -> 952000 | K48: =+RHARQ!G55 -> 360000 | L48: =+ROUND(K48*(1+$G48),0) -> 428400 | M48: =+L48*$F48 -> 428400 | O48: =+ROUND(N48*(1+$G48),0) -> 0 | P48: =+O48*$F48 -> 0 | R48: =+ROUND(Q48*(1+$G48),0) -> 0 | S48: =+R48*$F48 -> 0 | T48: =+ROUND(AVERAGE($Q48,$N48,$K48,$H48),0) -> 580000 | U48: =+ROUND(T48*(1+$G48),0) -> 690200 | V48: =+U48*$F48 -> 690200 | W48: =+ROUND(GEOMEAN($Q48,$N48,$K48,$H48),0) -> 536656 | X48: =+ROUND(W48*(1+$G48),0) -> 638621 | Y48: =+X48*$F48 -> 638621 | Z48: =+ROUND(HARMEAN($Q48,$N48,$K48,$H48),0) -> 496552 | AA48: =+ROUND(Z48*(1+$G48),0) -> 590897 | AB48: =+AA48*$F48 -> 590897 | AC48: =+ROUND(MEDIAN($Q48,$N48,$K48,$H48),0) -> 580000 | AD48: =+ROUND(AC48*(1+$G48),0) -> 690200 | AE48: =+AD48*$F48 -> 690200 | AF48: =STDEV($Q48,$N48,$K48,$H48) -> 311126.98 | AG48: =+T48+AF48 -> 891126.98 | AH48: =-T48-AG48 -> -1471127
B49: 4 | C49: Lavado y limpieza interna de paredes, pisos, cubierta y accesorios del tanque. | E49: Un | F49: 1 | G49: 0.19 | H49: =+EAI!G56 -> 800000 | I49: =+ROUND(H49*(1+$G49),0) -> 952000 | J49: =+I49*F49 -> 952000 | L49: =+ROUND(K49*(1+$G49),0) -> 0 | M49: =+L49*$F49 -> 0 | N49: =+MAYALA!G56 -> 1500000 | O49: =+ROUND(N49*(1+$G49),0) -> 1785000 | P49: =+O49*$F49 -> 1785000 | R49: =+ROUND(Q49*(1+$G49),0) -> 0 | S49: =+R49*$F49 -> 0 | T49: =+ROUND(AVERAGE($Q49,$N49,$K49,$H49),0) -> 1150000 | U49: =+ROUND(T49*(1+$G49),0) -> 1368500 | V49: =+U49*$F49 -> 1368500 | W49: =+ROUND(GEOMEAN($Q49,$N49,$K49,$H49),0) -> 1095445 | X49: =+ROUND(W49*(1+$G49),0) -> 1303580 | Y49: =+X49*$F49 -> 1303580 | Z49: =+ROUND(HARMEAN($Q49,$N49,$K49,$H49),0) -> 1043478 | AA49: =+ROUND(Z49*(1+$G49),0) -> 1241739 | AB49: =+AA49*$F49 -> 1241739 | AC49: =+ROUND(MEDIAN($Q49,$N49,$K49,$H49),0) -> 1150000 | AD49: =+ROUND(AC49*(1+$G49),0) -> 1368500 | AE49: =+AD49*$F49 -> 1368500 | AF49: =STDEV($Q49,$N49,$K49,$H49) -> 494974.75 | AG49: =+T49+AF49 -> 1644974.7 | AH49: =-T49-AG49 -> -2794974.7
B50: 5 | C50: Desinfección y enjuague del tanque de agua potable. | E50: Un | F50: 1 | G50: 0.19 | H50: =+EAI!G57 -> 450000 | I50: =+ROUND(H50*(1+$G50),0) -> 535500 | J50: =+I50*F50 -> 535500 | L50: =+ROUND(K50*(1+$G50),0) -> 0 | M50: =+L50*$F50 -> 0 | N50: =+MAYALA!G57 -> 1350000 | O50: =+ROUND(N50*(1+$G50),0) -> 1606500 | P50: =+O50*$F50 -> 1606500 | R50: =+ROUND(Q50*(1+$G50),0) -> 0 | S50: =+R50*$F50 -> 0 | T50: =+ROUND(AVERAGE($Q50,$N50,$K50,$H50),0) -> 900000 | U50: =+ROUND(T50*(1+$G50),0) -> 1071000 | V50: =+U50*$F50 -> 1071000 | W50: =+ROUND(GEOMEAN($Q50,$N50,$K50,$H50),0) -> 779423 | X50: =+ROUND(W50*(1+$G50),0) -> 927513 | Y50: =+X50*$F50 -> 927513 | Z50: =+ROUND(HARMEAN($Q50,$N50,$K50,$H50),0) -> 675000 | AA50: =+ROUND(Z50*(1+$G50),0) -> 803250 | AB50: =+AA50*$F50 -> 803250 | AC50: =+ROUND(MEDIAN($Q50,$N50,$K50,$H50),0) -> 900000 | AD50: =+ROUND(AC50*(1+$G50),0) -> 1071000 | AE50: =+AD50*$F50 -> 1071000 | AF50: =STDEV($Q50,$N50,$K50,$H50) -> 636396.1 | AG50: =+T50+AF50 -> 1536396.1 | AH50: =-T50-AG50 -> -2436396.1
B51: 6 | C51: Llenado y puesta en funcionamiento del tanque. | E51: Un | F51: 1 | G51: 0.19 | H51: =+EAI!G58 -> 450000 | I51: =+ROUND(H51*(1+$G51),0) -> 535500 | J51: =+I51*F51 -> 535500 | K51: =+RHARQ!G58 -> 588000 | L51: =+ROUND(K51*(1+$G51),0) -> 699720 | M51: =+L51*$F51 -> 699720 | N51: =+MAYALA!G58 -> 250000 | O51: =+ROUND(N51*(1+$G51),0) -> 297500 | P51: =+O51*$F51 -> 297500 | R51: =+ROUND(Q51*(1+$G51),0) -> 0 | S51: =+R51*$F51 -> 0 | T51: =+ROUND(AVERAGE($Q51,$N51,$K51,$H51),0) -> 429333 | U51: =+ROUND(T51*(1+$G51),0) -> 510906 | V51: =+U51*$F51 -> 510906 | W51: =+ROUND(GEOMEAN($Q51,$N51,$K51,$H51),0) -> 404430 | X51: =+ROUND(W51*(1+$G51),0) -> 481272 | Y51: =+X51*$F51 -> 481272 | Z51: =+ROUND(HARMEAN($Q51,$N51,$K51,$H51),0) -> 378649 | AA51: =+ROUND(Z51*(1+$G51),0) -> 450592 | AB51: =+AA51*$F51 -> 450592 | AC51: =+ROUND(MEDIAN($Q51,$N51,$K51,$H51),0) -> 450000 | AD51: =+ROUND(AC51*(1+$G51),0) -> 535500 | AE51: =+AD51*$F51 -> 535500 | AF51: =STDEV($Q51,$N51,$K51,$H51) -> 169945.09 | AG51: =+T51+AF51 -> 599278.09 | AH51: =-T51-AG51 -> -1028611.1
B52: 7 | C52: Realizar el muestreo y análisis fisicoquímico y microbiológico del agua potable almacenada en el tanque y/o en un punto de consumo abastecido por éste | E52: Un | F52: 1 | G52: 0.19 | H52: =+EAI!G59 -> 1500000 | I52: =+ROUND(H52*(1+$G52),0) -> 1785000 | J52: =+I52*F52 -> 1785000 | L52: =+ROUND(K52*(1+$G52),0) -> 0 | M52: =+L52*$F52 -> 0 | N52: =+MAYALA!G59 -> 550000 | O52: =+ROUND(N52*(1+$G52),0) -> 654500 | P52: =+O52*$F52 -> 654500 | R52: =+ROUND(Q52*(1+$G52),0) -> 0 | S52: =+R52*$F52 -> 0 | T52: =+ROUND(AVERAGE($Q52,$N52,$K52,$H52),0) -> 1025000 | U52: =+ROUND(T52*(1+$G52),0) -> 1219750 | V52: =+U52*$F52 -> 1219750 | W52: =+ROUND(GEOMEAN($Q52,$N52,$K52,$H52),0) -> 908295 | X52: =+ROUND(W52*(1+$G52),0) -> 1080871 | Y52: =+X52*$F52 -> 1080871 | Z52: =+ROUND(HARMEAN($Q52,$N52,$K52,$H52),0) -> 804878 | AA52: =+ROUND(Z52*(1+$G52),0) -> 957805 | AB52: =+AA52*$F52 -> 957805 | AC52: =+ROUND(MEDIAN($Q52,$N52,$K52,$H52),0) -> 1025000 | AD52: =+ROUND(AC52*(1+$G52),0) -> 1219750 | AE52: =+AD52*$F52 -> 1219750 | AF52: =STDEV($Q52,$N52,$K52,$H52) -> 671751.44 | AG52: =+T52+AF52 -> 1696751.4 | AH52: =-T52-AG52 -> -2721751.4
B54: TOTAL SAN AGUSTIN | H54: =SUM(H46:H52) -> 5500000 | I54: =SUM(I46:I52) -> 6545000 | J54: =SUM(J46:J52) -> 6545000 | K54: =SUM(K46:K52) -> 2396000 | L54: =SUM(L46:L52) -> 2851240 | M54: =SUM(M46:M52) -> 2851240 | N54: =SUM(N46:N52) -> 4650000 | O54: =SUM(O46:O52) -> 5533500 | ... AH54: =SUM(AH46:AH52) -> -13371767
B56: TANQUE ALMACENAMIENTO DE AGUA POTABLE Sede Parque Arqueológico San Agustin, Ubicación: Huila. Dimensiones:3.70 x 1.90 x 1.70 Especificaciones: Tanque subterráneo, estructura en concreto reforzada impermeabilización tipo compuesto a base de cemento modificado con polímeros, diseñado para impermeabilizar superficies de concreto y mampostería expuesta a humedad, filtraciones o presión de agua o similar. Acceso de mantenimiento tipo escotilla | H56: =+H44 -> Estudios Ambientales Integrados SAS | K56: =+K44 -> RHARQ | N56: =+N44 -> MAYALA SAS | Q56: =+Q44 -> 0 | T56: =+T44 -> PROMEDIO | W56: =+W44 -> MEDIA GEOMÉTRICA | Z56: =+Z44 -> MEDIA ARMÓNICA | AC56: =+AC44 -> MEDIANA | AF56: DESVIACIÓN ESTANDAR | AG56: LIMITE SUPERIOR | AH56: LIMITE INFERIOR
B57: Ítem | C57: Descripción (De acuerdo con lo requerido en la ficha técnica) | E57: Unidad | F57: Cantidad | G57: Porcentaje de IVA según corresponda | H57: Valor unitario antes de IVA | I57: Valor unitario IVA incluido | J57: Valor total IVA incluido | K57: Valor unitario antes de IVA | L57: Valor unitario IVA incluido | M57: Valor total IVA incluido | N57: Valor unitario antes de IVA | O57: Valor unitario IVA incluido | P57: Valor total IVA incluido | Q57: Valor unitario antes de IVA | R57: Valor unitario IVA incluido | S57: Valor total IVA incluido | T57: Valor unitario antes de IVA | U57: Valor unitario IVA incluido | V57: Valor total IVA incluido | W57: Valor unitario antes de IVA | X57: Valor unitario IVA incluido | Y57: Valor total IVA incluido | Z57: Valor unitario antes de IVA | AA57: Valor unitario IVA incluido | AB57: Valor total IVA incluido | AC57: Valor unitario antes de IVA | AD57: Valor unitario IVA incluido | AE57: Valor total IVA incluido | AF57: Valor unitario antes de IVA | AG57: Valor unitario antes de IVA | AH57: Valor unitario antes de IVA
B58: 1 | C58: Vaciado y drenaje controlado del tanque. | E58: Un | F58: 1 | G58: 0.19 | I58: =+ROUND(H58*(1+$G58),0) -> 0 | J58: =+I58*F58 -> 0 | K58: =+RHARQ!G65 -> 336000 | L58: =+ROUND(K58*(1+$G58),0) -> 399840 | M58: =+L58*$F58 -> 399840 | N58: =+MAYALA!G65 -> 350000 | O58: =+ROUND(N58*(1+$G58),0) -> 416500 | P58: =+O58*$F58 -> 416500 | R58: =+ROUND(Q58*(1+$G58),0) -> 0 | S58: =+R58*$F58 -> 0 | T58: =+ROUND(AVERAGE($Q58,$N58,$K58,$H58),0) -> 343000 | U58: =+ROUND(T58*(1+$G58),0) -> 408170 | V58: =+U58*$F58 -> 408170 | W58: =+ROUND(GEOMEAN($Q58,$N58,$K58,$H58),0) -> 342929 | X58: =+ROUND(W58*(1+$G58),0) -> 408086 | Y58: =+X58*$F58 -> 408086 | Z58: =+ROUND(HARMEAN($Q58,$N58,$K58,$H58),0) -> 342857 | AA58: =+ROUND(Z58*(1+$G58),0) -> 408000 | AB58: =+AA58*$F58 -> 408000 | AC58: =+ROUND(MEDIAN($Q58,$N58,$K58,$H58),0) -> 343000 | AD58: =+ROUND(AC58*(1+$G58),0) -> 408170 | AE58: =+AD58*$F58 -> 408170 | AF58: =STDEV($Q58,$N58,$K58,$H58) -> 9899.4949 | AG58: =+T58+AF58 -> 352899.49 | AH58: =-T58-AG58 -> -695899.49
B59: 2 | C59: Retiro y disposición de sedimentos, lodos y residuos acumulados. | E59: Gl | F59: 1 | G59: 0.19 | H59: =+EAI!G66 -> 650000 | I59: =+ROUND(H59*(1+$G59),0) -> 773500 | J59: =+I59*F59 -> 773500 | K59: =+RHARQ!G66 -> 510000 | L59: =+ROUND(K59*(1+$G59),0) -> 606900 | M59: =+L59*$F59 -> 606900 | N59: =+MAYALA!G66 -> 650000 | O59: =+ROUND(N59*(1+$G59),0) -> 773500 | P59: =+O59*$F59 -> 773500 | R59: =+ROUND(Q59*(1+$G59),0) -> 0 | S59: =+R59*$F59 -> 0 | T59: =+ROUND(AVERAGE($Q59,$N59,$K59,$H59),0) -> 603333 | U59: =+ROUND(T59*(1+$G59),0) -> 717966 | V59: =+U59*$F59 -> 717966 | W59: =+ROUND(GEOMEAN($Q59,$N59,$K59,$H59),0) -> 599513 | X59: =+ROUND(W59*(1+$G59),0) -> 713420 | Y59: =+X59*$F59 -> 713420 | Z59: =+ROUND(HARMEAN($Q59,$N59,$K59,$H59),0) -> 595509 | AA59: =+ROUND(Z59*(1+$G59),0) -> 708656 | AB59: =+AA59*$F59 -> 708656 | AC59: =+ROUND(MEDIAN($Q59,$N59,$K59,$H59),0) -> 650000 | AD59: =+ROUND(AC59*(1+$G59),0) -> 773500 | AE59: =+AD59*$F59 -> 773500 | AF59: =STDEV($Q59,$N59,$K59,$H59) -> 80829.038 | AG59: =+T59+AF59 -> 684162.04 | AH59: =-T59-AG59 -> -1287495
B60: 3 | C60: Inspección y diagnóstico de las condiciones físicas y sanitarias del tanque de almacenamiento de agua potable. Incluye Revisión de fisuras, grietas, filtraciones y desprendimientos, Inspección de tapas, escaleras, válvulas, tuberías y accesorios. | E60: Gl | F60: 1 | G60: 0.19 | H60: =+EAI!G67 -> 650000 | I60: =+ROUND(H60*(1+$G60),0) -> 773500 | J60: =+I60*F60 -> 773500 | K60: =+RHARQ!G67 -> 200000 | L60: =+ROUND(K60*(1+$G60),0) -> 238000 | M60: =+L60*$F60 -> 238000 | O60: =+ROUND(N60*(1+$G60),0) -> 0 | P60: =+O60*$F60 -> 0 | R60: =+ROUND(Q60*(1+$G60),0) -> 0 | S60: =+R60*$F60 -> 0 | T60: =+ROUND(AVERAGE($Q60,$N60,$K60,$H60),0) -> 425000 | U60: =+ROUND(T60*(1+$G60),0) -> 505750 | V60: =+U60*$F60 -> 505750 | W60: =+ROUND(GEOMEAN($Q60,$N60,$K60,$H60),0) -> 360555 | X60: =+ROUND(W60*(1+$G60),0) -> 429060 | Y60: =+X60*$F60 -> 429060 | Z60: =+ROUND(HARMEAN($Q60,$N60,$K60,$H60),0) -> 305882 | AA60: =+ROUND(Z60*(1+$G60),0) -> 364000 | AB60: =+AA60*$F60 -> 364000 | AC60: =+ROUND(MEDIAN($Q60,$N60,$K60,$H60),0) -> 425000 | AD60: =+ROUND(AC60*(1+$G60),0) -> 505750 | AE60: =+AD60*$F60 -> 505750 | AF60: =STDEV($Q60,$N60,$K60,$H60) -> 318198.05 | AG60: =+T60+AF60 -> 743198.05 | AH60: =-T60-AG60 -> -1168198.1
B61: 4 | C61: Lavado y limpieza interna de paredes, pisos, cubierta y accesorios del tanque. | E61: Un | F61: 1 | G61: 0.19 | H61: =+EAI!G68 -> 650000 | I61: =+ROUND(H61*(1+$G61),0) -> 773500 | J61: =+I61*F61 -> 773500 | K61: =+RHARQ!G68 -> 1920000 | L61: =+ROUND(K61*(1+$G61),0) -> 2284800 | M61: =+L61*$F61 -> 2284800 | N61: =+MAYALA!G68 -> 1500000 | O61: =+ROUND(N61*(1+$G61),0) -> 1785000 | P61: =+O61*$F61 -> 1785000 | R61: =+ROUND(Q61*(1+$G61),0) -> 0 | S61: =+R61*$F61 -> 0 | T61: =+ROUND(AVERAGE($Q61,$N61,$K61,$H61),0) -> 1356667 | U61: =+ROUND(T61*(1+$G61),0) -> 1614434 | V61: =+U61*$F61 -> 1614434 | W61: =+ROUND(GEOMEAN($Q61,$N61,$K61,$H61),0) -> 1232448 | X61: =+ROUND(W61*(1+$G61),0) -> 1466613 | Y61: =+X61*$F61 -> 1466613 | Z61: =+ROUND(HARMEAN($Q61,$N61,$K61,$H61),0) -> 1100529 | AA61: =+ROUND(Z61*(1+$G61),0) -> 1309630 | AB61: =+AA61*$F61 -> 1309630 | AC61: =+ROUND(MEDIAN($Q61,$N61,$K61,$H61),0) -> 1500000 | AD61: =+ROUND(AC61*(1+$G61),0) -> 1785000 | AE61: =+AD61*$F61 -> 1785000 | AF61: =STDEV($Q61,$N61,$K61,$H61) -> 647018.8 | AG61: =+T61+AF61 -> 2003685.8 | AH61: =-T61-AG61 -> -3360352.8
B62: 5 | C62: Desinfección y enjuague del tanque de agua potable. | E62: Un | F62: 1 | G62: 0.19 | H62: =+EAI!G69 -> 350000 | I62: =+ROUND(H62*(1+$G62),0) -> 416500 | J62: =+I62*F62 -> 416500 | K62: =+RHARQ!G69 -> 1440000 | L62: =+ROUND(K62*(1+$G62),0) -> 1713600 | M62: =+L62*$F62 -> 1713600 | N62: =+MAYALA!G69 -> 1350000 | O62: =+ROUND(N62*(1+$G62),0) -> 1606500 | P62: =+O62*$F62 -> 1606500 | R62: =+ROUND(Q62*(1+$G62),0) -> 0 | S62: =+R62*$F62 -> 0 | T62: =+ROUND(AVERAGE($Q62,$N62,$K62,$H62),0) -> 1046667 | U62: =+ROUND(T62*(1+$G62),0) -> 1245534 | V62: =+U62*$F62 -> 1245534 | W62: =+ROUND(GEOMEAN($Q62,$N62,$K62,$H62),0) -> 879538 | X62: =+ROUND(W62*(1+$G62),0) -> 1046650 | Y62: =+X62*$F62 -> 1046650 | Z62: =+ROUND(HARMEAN($Q62,$N62,$K62,$H62),0) -> 698921 | AA62: =+ROUND(Z62*(1+$G62),0) -> 831716 | AB62: =+AA62*$F62 -> 831716 | AC62: =+ROUND(MEDIAN($Q62,$N62,$K62,$H62),0) -> 1350000 | AD62: =+ROUND(AC62*(1+$G62),0) -> 1606500 | AE62: =+AD62*$F62 -> 1606500 | AF62: =STDEV($Q62,$N62,$K62,$H62) -> 605006.89 | AG62: =+T62+AF62 -> 1651673.9 | AH62: =-T62-AG62 -> -2698340.9
B63: 6 | C63: Llenado y puesta en funcionamiento del tanque. | E63: Un | F63: 1 | G63: 0.19 | H63: =+EAI!G70 -> 350000 | I63: =+ROUND(H63*(1+$G63),0) -> 416500 | J63: =+I63*F63 -> 416500 | K63: =+RHARQ!G70 -> 336000 | L63: =+ROUND(K63*(1+$G63),0) -> 399840 | M63: =+L63*$F63 -> 399840 | N63: =+MAYALA!G70 -> 250000 | O63: =+ROUND(N63*(1+$G63),0) -> 297500 | P63: =+O63*$F63 -> 297500 | R63: =+ROUND(Q63*(1+$G63),0) -> 0 | S63: =+R63*$F63 -> 0 | T63: =+ROUND(AVERAGE($Q63,$N63,$K63,$H63),0) -> 312000 | U63: =+ROUND(T63*(1+$G63),0) -> 371280 | V63: =+U63*$F63 -> 371280 | W63: =+ROUND(GEOMEAN($Q63,$N63,$K63,$H63),0) -> 308638 | X63: =+ROUND(W63*(1+$G63),0) -> 367279 | Y63: =+X63*$F63 -> 367279 | Z63: =+ROUND(HARMEAN($Q63,$N63,$K63,$H63),0) -> 305085 | AA63: =+ROUND(Z63*(1+$G63),0) -> 363051 | AB63: =+AA63*$F63 -> 363051 | AC63: =+ROUND(MEDIAN($Q63,$N63,$K63,$H63),0) -> 336000 | AD63: =+ROUND(AC63*(1+$G63),0) -> 399840 | AE63: =+AD63*$F63 -> 399840 | AF63: =STDEV($Q63,$N63,$K63,$H63) -> 54147.945 | AG63: =+T63+AF63 -> 366147.95 | AH63: =-T63-AG63 -> -678147.95
B64: 7 | C64: Realizar el muestreo y análisis fisicoquímico y microbiológico del agua potable almacenada en el tanque y/o en un punto de consumo abastecido por éste | E64: Un | F64: 1 | G64: 0.19 | H64: =+EAI!G71 -> 1600000 | I64: =+ROUND(H64*(1+$G64),0) -> 1904000 | J64: =+I64*F64 -> 1904000 | K64: =+RHARQ!G71 -> 2500000 | L64: =+ROUND(K64*(1+$G64),0) -> 2975000 | M64: =+L64*$F64 -> 2975000 | N64: =+MAYALA!G71 -> 550000 | O64: =+ROUND(N64*(1+$G64),0) -> 654500 | P64: =+O64*$F64 -> 654500 | R64: =+ROUND(Q64*(1+$G64),0) -> 0 | S64: =+R64*$F64 -> 0 | T64: =+ROUND(AVERAGE($Q64,$N64,$K64,$H64),0) -> 1550000 | U64: =+ROUND(T64*(1+$G64),0) -> 1844500 | V64: =+U64*$F64 -> 1844500 | W64: =+ROUND(GEOMEAN($Q64,$N64,$K64,$H64),0) -> 1300591 | X64: =+ROUND(W64*(1+$G64),0) -> 1547703 | Y64: =+X64*$F64 -> 1547703 | Z64: =+ROUND(HARMEAN($Q64,$N64,$K64,$H64),0) -> 1055156 | AA64: =+ROUND(Z64*(1+$G64),0) -> 1255636 | AB64: =+AA64*$F64 -> 1255636 | AC64: =+ROUND(MEDIAN($Q64,$N64,$K64,$H64),0) -> 1600000 | AD64: =+ROUND(AC64*(1+$G64),0) -> 1904000 | AE64: =+AD64*$F64 -> 1904000 | AF64: =STDEV($Q64,$N64,$K64,$H64) -> 975961.06 | AG64: =+T64+AF64 -> 2525961.1 | AH64: =-T64-AG64 -> -4075961.1
B66: TOTAL SAN AGUSTIN | H66: =SUM(H58:H64) -> 4250000 | I66: =SUM(I58:I64) -> 5057500 | J66: =SUM(J58:J64) -> 5057500 | K66: =SUM(K58:K64) -> 7242000 | L66: =SUM(L58:L64) -> 8617980 | M66: =SUM(M58:M64) -> 8617980 | N66: =SUM(N58:N64) -> 4650000 | O66: =SUM(O58:O64) -> 5533500 | ... AH66: =SUM(AH58:AH64) -> -13964395
B68: Ítem | C68: Descripción (De acuerdo con lo requerido en la ficha técnica) | E68: Unidad | F68: Cantidad | G68: Porcentaje de IVA según corresponda | H68: Valor unitario antes de IVA | I68: Valor unitario IVA incluido | J68: Valor total IVA incluido | K68: Valor unitario antes de IVA | L68: Valor unitario IVA incluido | M68: Valor total IVA incluido | N68: Valor unitario antes de IVA | O68: Valor unitario IVA incluido | P68: Valor total IVA incluido | Q68: Valor unitario antes de IVA | R68: Valor unitario IVA incluido | S68: Valor total IVA incluido | T68: Valor unitario antes de IVA | U68: Valor unitario IVA incluido | V68: Valor total IVA incluido | W68: Valor unitario antes de IVA | X68: Valor unitario IVA incluido | Y68: Valor total IVA incluido | Z68: Valor unitario antes de IVA | AA68: Valor unitario IVA incluido | AB68: Valor total IVA incluido | AC68: Valor unitario antes de IVA | AD68: Valor unitario IVA incluido | AE68: Valor total IVA incluido | AF68: Valor unitario antes de IVA | AG68: Valor unitario antes de IVA | AH68: Valor unitario antes de IVA
B69: 1 | C69: Suministro y aplicación de sistema impermeabilizante tipo compuesto a base de cemento modificado con polímeros, diseñado para impermeabilizar superficies de concreto y mampostería expuesta a humedad, filtraciones o presión de agua. o equivalente aprobado para contacto con agua potable, incluyendo materiales, mano de obra, equipos y herramientas. | E69: m2 | F69: 1 | G69: 0.19 | H69: =+EAI!G76 -> 280000 | I69: =+ROUND(H69*(1+$G69),0) -> 333200 | J69: =+I69*F69 -> 333200 | K69: =+RHARQ!G76 -> 224230 | L69: =+ROUND(K69*(1+$G69),0) -> 266834 | M69: =+L69*$F69 -> 266834 | N69: =+MAYALA!G76 -> 75000 | O69: =+ROUND(N69*(1+$G69),0) -> 89250 | P69: =+O69*$F69 -> 89250 | R69: =+ROUND(Q69*(1+$G69),0) -> 0 | S69: =+R69*$F69 -> 0 | T69: =+ROUND(AVERAGE($Q69,$N69,$K69,$H69),0) -> 193077 | U69: =+ROUND(T69*(1+$G69),0) -> 229762 | V69: =+U69*$F69 -> 229762 | W69: =+ROUND(GEOMEAN($Q69,$N69,$K69,$H69),0) -> 167612 | X69: =+ROUND(W69*(1+$G69),0) -> 199458 | Y69: =+X69*$F69 -> 199458 | Z69: =+ROUND(HARMEAN($Q69,$N69,$K69,$H69),0) -> 140420 | AA69: =+ROUND(Z69*(1+$G69),0) -> 167100 | AB69: =+AA69*$F69 -> 167100 | AC69: =+ROUND(MEDIAN($Q69,$N69,$K69,$H69),0) -> 224230 | AD69: =+ROUND(AC69*(1+$G69),0) -> 266834 | AE69: =+AD69*$F69 -> 266834 | AF69: =STDEV($Q69,$N69,$K69,$H69) -> 105991.26 | AG69: =+T69+AF69 -> 299068.26 | AH69: =-T69-AG69 -> -492145.26
B71: TOTAL IMPERMEABILIZANTE | H71: =+H69 -> 280000 | I71: =+I69 -> 333200 | J71: =+J69 -> 333200 | K71: =+K69 -> 224230 | L71: =+L69 -> 266834 | M71: =+M69 -> 266834 | N71: =+N69 -> 75000 | O71: =+O69 -> 89250 | ... AE71: =+AE69 -> 266834
B73: TOTAL COTIZACIÓN | H73: =+J71+J66+J54+J42+J30+J18 -> 26870200 | K73: =+M71+M66+M54+M42+M30+M18 -> 29300454 | N73: =+P71+P66+P54+P42+P30+P18 -> 26328750 | Q73: =+S71+S66+S54+S42+S30+S18 -> 0 | T73: =+V71+V66+V54+V42+V30+V18 -> 31439890 | W73: =+Y71+Y66+Y54+Y42+Y30+Y18 -> 28188089 | Z73: =+AB71+AB66+AB54+AB42+AB30+AB18 -> 25102670 | AC73: =+AE71+AE66+AE54+AE42+AE30+AE18 -> 33690364

Sheet EAI
D2: República de Colombia
D3: Instituto Colombiano de Antropología e Historia
D4: Servicios de limpieza y desinfección de los tanques de almacenamiento de agua potable
D5: Formato de cotización
B7: Nombre o Razón Social | D7: Estudios Ambientales Integrados SAS | H7: NIT | I7: 901367179-3
B8: Persona de contacto | D8: Alexandra Rodriguez Duarte | H8: Teléfono celular | I8: 3187289038
B9: Correo electrónico | D9: direccioneaintegrados@gmail.com | H9: Teléfono fijo | I9: NA
B11: Instrucciones para el diligenciamiento de la cotización
B13: • Por favor diligenciar solo las celdas en AZUL. • Revisar todos los requerimientos que se exponen en los documentos técnico y formular su cotización en concordancia con este, de tal forma que cumplan con la necesidad del Instituto. • Por favor diligenciar en la columna "Porcentaje de IVA" el porcentaje de IVA segun corresponda • Los precios unitarios deberán ser expresado en PESOS COLOMBIANOS. • Los precios unitarios deberán aproximarse por exceso o por defecto al entero más cercano así: (i) si es igual o superior a 50 centavos, se aproxima al entero siguiente; (ii) si es inferior a 50 centavos se baja al entero anterior. • El formato contiene los insumos de costos estimados por el Instituto por lo tanto no se permite modificar, agregar o quitar ningún ítem o sub-ítem. • Los precios unitarios deben contemplar todos los rubros requeridos para la adecuada prestación del servicio y el cumplimiento de las obligaciones tributarias y contractuales como los son trazabilidad del servicio, equipo mínimo de trabajo, impuestos entre otros.
B15: TANQUE ALMACENAMIENTO DE AGUA POTABLE Sede Gregorio Hernández de Alba, Ubicación: Bogotá., Dimensiones: 4.00 x 1.50 x 3.30 Especificaciones: Tanque subterráneo de almacenamiento de agua potable, construido en concreto reforzado e impermeabilizado con un recubrimiento cementicio modificado con polímeros o equivalente, diseñado para proteger superficies de concreto y mampostería contra la humedad, filtraciones y presión de agua. Cuenta con acceso para inspección y mantenimiento mediante escotilla.
B16: Ítem | C16: Descripción (De acuerdo con lo requerido en la ficha técnica) | E16: Unidad | F16: Cantidad | G16: Valor unitario antes de IVA | H16: Porcentaje de IVA según corresponda | I16: Valor unitario IVA incluido | J16: Valor total IVA incluido
B17: 1 | C17: Vaciado y drenaje controlado del tanque. | E17: Un | F17: 1 | G17: 200000 | H17: 0.19 | I17: =+ROUND(G17*(1+H17),0) -> 238000 | J17: =+I17*F17 -> 238000
B18: 2 | C18: Retiro y disposición de sedimentos, lodos y residuos acumulados. | E18: Gl | F18: 1 | G18: 300000 | H18: 0.19 | I18: =+ROUND(G18*(1+H18),0) -> 357000 | J18: =+I18*F18 -> 357000
B19: 3 | C19: Inspección y diagnóstico de las condiciones físicas y sanitarias del tanque de almacenamiento de agua potable. Incluye Revisión de fisuras, grietas, filtraciones y desprendimientos, Inspección de tapas, escaleras, válvulas, tuberías y accesorios. | E19: Gl | F19: 1 | G19: 400000 | H19: 0.19 | I19: =+ROUND(G19*(1+H19),0) -> 476000 | J19: =+I19*F19 -> 476000
B20: 4 | C20: Lavado y limpieza interna de paredes, pisos, cubierta y accesorios del tanque. | E20: Un | F20: 1 | G20: 500000 | H20: 0.19 | I20: =+ROUND(G20*(1+H20),0) -> 595000 | J20: =+I20*F20 -> 595000
B21: 5 | C21: Desinfección y enjuague del tanque de agua potable. | E21: Un | F21: 1 | G21: 200000 | I21: =+ROUND(G21*(1+H21),0) -> 200000 | J21: =+I21*F21 -> 200000
B22: 6 | C22: Llenado y puesta en funcionamiento del tanque. | E22: Un | F22: 1 | G22: 200000 | H22: 0.19 | I22: =+ROUND(G22*(1+H22),0) -> 238000 | J22: =+I22*F22 -> 238000
B23: 7 | C23: Realizar el muestreo y análisis fisicoquímico y microbiológico del agua potable almacenada en el tanque y/o en un punto de consumo abastecido por éste | E23: Un | F23: 1 | G23: 1600000 | H23: 0.19 | I23: =+ROUND(G23*(1+H23),0) -> 1904000 | J23: =+I23*F23 -> 1904000
B25: TOTALES BOGOTÁ | G25: =SUM(G17:G23) -> 3400000 | I25: =SUM(I17:I23) -> 4008000 | J25: =SUM(J17:J23) -> 4008000
B27: TANQUE ALMACENAMIENTO DE AGUA POTABLE Sede Parque Arqueológico de Ídolos, Ubicación: Huila, Dimensiones: 2.0 x 2.0 x 2.0 Especificaciones: Tanque tipo piscina, estructura en concreto reforzada impermeabilización tipo compuesto a base de cemento modificado con polímeros, diseñado para impermeabilizar superficies de concreto y mamposterías expuestas a humedad, filtraciones o presión de agua. o similar. Acceso directo
B28: Ítem | C28: Descripción (De acuerdo con lo requerido en la ficha técnica) | E28: Unidad | F28: Cantidad | G28: Valor unitario antes de IVA | H28: Porcentaje de IVA según corresponda | I28: Valor unitario IVA incluido | J28: Valor total IVA incluido
B29: 1 | C29: Vaciado y drenaje controlado del tanque. | E29: Un | F29: 1 | G29: 400000 | H29: 0.19 | I29: =+ROUND(G29*(1+H29),0) -> 476000 | J29: =+I29*F29 -> 476000
B30: 2 | C30: Retiro y disposición de sedimentos, lodos y residuos acumulados. | E30: Gl | F30: 1 | G30: 500000 | H30: 0.19 | I30: =+ROUND(G30*(1+H30),0) -> 595000 | J30: =+I30*F30 -> 595000
B31: 3 | C31: Inspección y diagnóstico de las condiciones físicas y sanitarias del tanque de almacenamiento de agua potable. Incluye Revisión de fisuras, grietas, filtraciones y desprendimientos, Inspección de tapas, escaleras, válvulas, tuberías y accesorios. | E31: Gl | F31: 1 | G31: 600000 | H31: 0.19 | I31: =+ROUND(G31*(1+H31),0) -> 714000 | J31: =+I31*F31 -> 714000
B32: 4 | C32: Lavado y limpieza interna de paredes, pisos, cubierta y accesorios del tanque. | E32: Un | F32: 1 | G32: 600000 | H32: 0.19 | I32: =+ROUND(G32*(1+H32),0) -> 714000 | J32: =+I32*F32 -> 714000
B33: 5 | C33: Desinfección y enjuague del tanque de agua potable. | E33: Un | F33: 1 | G33: 300000 | I33: =+ROUND(G33*(1+H33),0) -> 300000 | J33: =+I33*F33 -> 300000
B34: 6 | C34: Llenado y puesta en funcionamiento del tanque. | E34: Un | F34: 1 | G34: 300000 | H34: 0.19 | I34: =+ROUND(G34*(1+H34),0) -> 357000 | J34: =+I34*F34 -> 357000
B35: 7 | C35: Realizar el muestreo y análisis fisicoquímico y microbiológico del agua potable almacenada en el tanque y/o en un punto de consumo abastecido por éste | E35: Un | F35: 1 | G35: 1600000 | H35: 0.19 | I35: =+ROUND(G35*(1+H35),0) -> 1904000 | J35: =+I35*F35 -> 1904000
B37: TOTAL IDOLOS | G37: =SUM(G29:G35) -> 4300000 | I37: =SUM(I29:I35) -> 5060000 | J37: =SUM(J29:J35) -> 5060000
B39: TANQUE ALMACENAMIENTO DE AGUA POTABLE Sede administrativa Santa Marta, Ubicación: Santa Marta, Dimensiones: 3.30 x 1.20 x 1.50 Especificaciones: Tanque subterráneo, estructura en concreto reforzada impermeabilización tipo compuesto a base de cemento modificado con polímeros, diseñado para impermeabilizar superficies de concreto y mampostería expuestas a humedad, filtraciones o presión de agua. o similar. Acceso de mantenimiento tipo escotilla
B40: Ítem | C40: Descripción (De acuerdo con lo requerido en la ficha técnica) | E40: Unidad | F40: Cantidad | G40: Valor unitario antes de IVA | H40: Porcentaje de IVA según corresponda | I40: Valor unitario IVA incluido | J40: Valor total IVA incluido
B41: 1 | C41: Vaciado y drenaje controlado del tanque. | E41: Un | F41: 1 | G41: 1200000 | H41: 0.19 | I41: =+ROUND(G41*(1+H41),0) -> 1428000 | J41: =+I41*F41 -> 1428000
B42: 2 | C42: Retiro y disposición de sedimentos, lodos y residuos acumulados. | E42: Gl | F42: 1 | G42: 800000 | H42: 0.19 | I42: =+ROUND(G42*(1+H42),0) -> 952000 | J42: =+I42*F42 -> 952000
B43: 3 | C43: Inspección y diagnóstico de las condiciones físicas y sanitarias del tanque de almacenamiento de agua potable. Incluye Revisión de fisuras, grietas, filtraciones y desprendimientos, Inspección de tapas, escaleras, válvulas, tuberías y accesorios. | E43: Gl | F43: 1 | G43: 700000 | H43: 0.19 | I43: =+ROUND(G43*(1+H43),0) -> 833000 | J43: =+I43*F43 -> 833000
B44: 4 | C44: Lavado y limpieza interna de paredes, pisos, cubierta y accesorios del tanque. | E44: Un | F44: 1 | G44: 750000 | H44: 0.19 | I44: =+ROUND(G44*(1+H44),0) -> 892500 | J44: =+I44*F44 -> 892500
B45: 5 | C45: Desinfección y enjuague del tanque de agua potable. | E45: Un | F45: 1 | G45: 500000 | I45: =+ROUND(G45*(1+H45),0) -> 500000 | J45: =+I45*F45 -> 500000
B46: 6 | C46: Llenado y puesta en funcionamiento del tanque. | E46: Un | F46: 1 | G46: 500000 | H46: 0.19 | I46: =+ROUND(G46*(1+H46),0) -> 595000 | J46: =+I46*F46 -> 595000
B47: 7 | C47: Realizar el muestreo y análisis fisicoquímico y microbiológico del agua potable almacenada en el tanque y/o en un punto de consumo abastecido por éste | E47: Un | F47: 1 | G47: 1600000 | H47: 0.19 | I47: =+ROUND(G47*(1+H47),0) -> 1904000 | J47: =+I47*F47 -> 1904000
B49: TOTAL SANTA MARTA | G49: =SUM(G41:G47) -> 6050000 | I49: =SUM(I41:I47) -> 7104500 | J49: =SUM(J41:J47) -> 7104500
B51: TANQUE ALMACENAMIENTO DE AGUA POTABLE Sede Parque Arqueológico San Agustín, Ubicación: Huila, Dimensiones:7.00 x 2.50 x 2.00 Especificaciones: Tanque subterráneo, estructura en concreto reforzada impermeabilización tipo compuesto a base de cemento modificado con polímeros, diseñado para impermeabilizar superficies de concreto y mampostería expuestas a humedad, filtraciones o presión de agua o similar. Acceso de mantenimiento tipo escotilla
B52: Ítem | C52: Descripción (De acuerdo con lo requerido en la ficha técnica) | E52: Unidad | F52: Cantidad | G52: Valor unitario antes de IVA | H52: Porcentaje de IVA según corresponda | I52: Valor unitario IVA incluido | J52: Valor total IVA incluido
B53: 1 | C53: Vaciado y drenaje controlado del tanque. | E53: Un | F53: 1 | G53: 700000 | H53: 0.19 | I53: =+ROUND(G53*(1+H53),0) -> 833000 | J53: =+I53*F53 -> 833000
B54: 2 | C54: Retiro y disposición de sedimentos, lodos y residuos acumulados. | E54: Gl | F54: 1 | G54: 800000 | H54: 0.19 | I54: =+ROUND(G54*(1+H54),0) -> 952000 | J54: =+I54*F54 -> 952000
B55: 3 | C55: Inspección y diagnóstico de las condiciones físicas y sanitarias del tanque de almacenamiento de agua potable. Incluye Revisión de fisuras, grietas, filtraciones y desprendimientos, Inspección de tapas, escaleras, válvulas, tuberías y accesorios. | E55: Gl | F55: 1 | G55: 800000 | H55: 0.19 | I55: =+ROUND(G55*(1+H55),0) -> 952000 | J55: =+I55*F55 -> 952000
B56: 4 | C56: Lavado y limpieza interna de paredes, pisos, cubierta y accesorios del tanque. | E56: Un | F56: 1 | G56: 800000 | H56: 0.19 | I56: =+ROUND(G56*(1+H56),0) -> 952000 | J56: =+I56*F56 -> 952000
B57: 5 | C57: Desinfección y enjuague del tanque de agua potable. | E57: Un | F57: 1 | G57: 450000 | I57: =+ROUND(G57*(1+H57),0) -> 450000 | J57: =+I57*F57 -> 450000
B58: 6 | C58: Llenado y puesta en funcionamiento del tanque. | E58: Un | F58: 1 | G58: 450000 | H58: 0.19 | I58: =+ROUND(G58*(1+H58),0) -> 535500 | J58: =+I58*F58 -> 535500
B59: 7 | C59: Realizar el muestreo y análisis fisicoquímico y microbiológico del agua potable almacenada en el tanque y/o en un punto de consumo abastecido por éste | E59: Un | F59: 1 | G59: 1500000 | H59: 0.19 | I59: =+ROUND(G59*(1+H59),0) -> 1785000 | J59: =+I59*F59 -> 1785000
B61: TOTAL SAN AGUSTIN | G61: =SUM(G53:G59) -> 5500000 | I61: =SUM(I53:I59) -> 6459500 | J61: =SUM(J53:J59) -> 6459500
B63: TANQUE ALMACENAMIENTO DE AGUA POTABLE Sede Parque Arqueológico San Agustin, Ubicación: Huila. Dimensiones:3.70 x 1.90 x 1.70 Especificaciones: Tanque subterráneo, estructura en concreto reforzada impermeabilización tipo compuesto a base de cemento modificado con polímeros, diseñado para impermeabilizar superficies de concreto y mampostería expuesta a humedad, filtraciones o presión de agua o similar. Acceso de mantenimiento tipo escotilla
B64: Ítem | C64: Descripción (De acuerdo con lo requerido en la ficha técnica) | E64: Unidad | F64: Cantidad | G64: Valor unitario antes de IVA | H64: Porcentaje de IVA según corresponda | I64: Valor unitario IVA incluido | J64: Valor total IVA incluido
B65: 1 | C65: Vaciado y drenaje controlado del tanque. | E65: Un | F65: 1 | G65: 500000 | H65: 0.19 | I65: =+ROUND(G65*(1+H65),0) -> 595000 | J65: =+I65*F65 -> 595000
B66: 2 | C66: Retiro y disposición de sedimentos, lodos y residuos acumulados. | E66: Gl | F66: 1 | G66: 650000 | H66: 0.19 | I66: =+ROUND(G66*(1+H66),0) -> 773500 | J66: =+I66*F66 -> 773500
B67: 3 | C67: Inspección y diagnóstico de las condiciones físicas y sanitarias del tanque de almacenamiento de agua potable. Incluye Revisión de fisuras, grietas, filtraciones y desprendimientos, Inspección de tapas, escaleras, válvulas, tuberías y accesorios. | E67: Gl | F67: 1 | G67: 650000 | H67: 0.19 | I67: =+ROUND(G67*(1+H67),0) -> 773500 | J67: =+I67*F67 -> 773500
B68: 4 | C68: Lavado y limpieza interna de paredes, pisos, cubierta y accesorios del tanque. | E68: Un | F68: 1 | G68: 650000 | H68: 0.19 | I68: =+ROUND(G68*(1+H68),0) -> 773500 | J68: =+I68*F68 -> 773500
B69: 5 | C69: Desinfección y enjuague del tanque de agua potable. | E69: Un | F69: 1 | G69: 350000 | I69: =+ROUND(G69*(1+H69),0) -> 350000 | J69: =+I69*F69 -> 350000
B70: 6 | C70: Llenado y puesta en funcionamiento del tanque. | E70: Un | F70: 1 | G70: 350000 | H70: 0.19 | I70: =+ROUND(G70*(1+H70),0) -> 416500 | J70: =+I70*F70 -> 416500
B71: 7 | C71: Realizar el muestreo y análisis fisicoquímico y microbiológico del agua potable almacenada en el tanque y/o en un punto de consumo abastecido por éste | E71: Un | F71: 1 | G71: 1600000 | H71: 0.19 | I71: =+ROUND(G71*(1+H71),0) -> 1904000 | J71: =+I71*F71 -> 1904000
B73: TOTAL SAN AGUSTIN | G73: =SUM(G65:G71) -> 4750000 | I73: =SUM(I65:I71) -> 5586000 | J73: =SUM(J65:J71) -> 5586000
B75: Ítem | C75: Descripción (De acuerdo con lo requerido en la ficha técnica) | E75: Unidad | F75: Cantidad | G75: Valor unitario antes de IVA | H75: Porcentaje de IVA según corresponda | I75: Valor unitario IVA incluido | J75: Valor total IVA incluido
B76: 1 | C76: Suministro y aplicación de sistema impermeabilizante tipo compuesto a base de cemento modificado con polímeros, diseñado para impermeabilizar superficies de concreto y mampostería expuesta a humedad, filtraciones o presión de agua. o equivalente aprobado para contacto con agua potable, incluyendo materiales, mano de obra, equipos y herramientas. | E76: m2 | F76: 1 | G76: 280000 | H76: 0.19 | I76: =+ROUND(G76*(1+H76),0) -> 333200 | J76: =+I76*F76 -> 333200
B78: TOTAL IMPERMEABILIZANTE | G78: =+G76 -> 280000 | I78: =+I76 -> 333200 | J78: =+J76 -> 333200
B80: TOTAL COTIZACIÓN | H80: =+J78+J73+J61+J49+J37+J25 -> 28551200
B82: La presente cotización:
B83: • Se remite como parte del estudio de mercado, previo a la contratación, y no implica ninguna obligación de contratar. • El Icanh no se hace responsable de ningún costo directo o indirecto en que incurra el potencial proveedor para presentar la actual cotización, dado que se recibe de buena fe, como fuente de información de precios de referencia del mercado para el estudio de sector. • Tiene una vigencia de 90 días a partir de la fecha de diligenciamiento.
B84: Inscripción en el Registro Único de Proponentes: Las personas naturales y jurídicas, nacionales o extranjeras, con domicilio en Colombia, interesadas en participar en procesos de contratación convocados por las entidades estatales, deben estar inscritas en el RUP, salvo las excepciones previstas de forma taxativa en la ley (Artículo 2.2.1.1.1.5.1 del Decreto 1082 de 2015). Se aclara que esta inscripción no se requiere para remitir cotización durante el estudio de sector.
B90: Firma Representante legal
B92: Nombre Representante legal
B94: Fecha de cotización

Sheet RHARQ
D2: República de Colombia
D3: Instituto Colombiano de Antropología e Historia
D4: Servicios de limpieza y desinfección de los tanques de almacenamiento de agua potable
D5: Formato de cotización
B7: Nombre o Razón Social | D7: RHARQ | H7: NIT | I7: 901158622
B8: Persona de contacto | D8: Arq. JOSE F RHENALS | H8: Teléfono celular | I8: 3015679236
B9: Correo electrónico | D9: rharq.direccion@gmail.com | H9: Teléfono fijo
B11: Instrucciones para el diligenciamiento de la cotización
B13: • Por favor diligenciar solo las celdas en AZUL. • Revisar todos los requerimientos que se exponen en los documentos técnico y formular su cotización en concordancia con este, de tal forma que cumplan con la necesidad del Instituto. • Por favor diligenciar en la columna "Porcentaje de IVA" el porcentaje de IVA segun corresponda • Los precios unitarios deberán ser expresado en PESOS COLOMBIANOS. • Los precios unitarios deberán aproximarse por exceso o por defecto al entero más cercano así: (i) si es igual o superior a 50 centavos, se aproxima al entero siguiente; (ii) si es inferior a 50 centavos se baja al entero anterior. • El formato contiene los insumos de costos estimados por el Instituto por lo tanto no se permite modificar, agregar o quitar ningún ítem o sub-ítem. • Los precios unitarios deben contemplar todos los rubros requeridos para la adecuada prestación del servicio y el cumplimiento de las obligaciones tributarias y contractuales como los son trazabilidad del servicio, equipo mínimo de trabajo, impuestos entre otros.
B15: TANQUE ALMACENAMIENTO DE AGUA POTABLE Sede Gregorio Hernández de Alba, Ubicación: Bogotá., Dimensiones: 4.00 x 1.50 x 3.30 Especificaciones: Tanque subterráneo de almacenamiento de agua potable, construido en concreto reforzado e impermeabilizado con un recubrimiento cementicio modificado con polímeros o equivalente, diseñado para proteger superficies de concreto y mampostería contra la humedad, filtraciones y presión de agua. Cuenta con acceso para inspección y mantenimiento mediante escotilla.
B16: Ítem | C16: Descripción (De acuerdo con lo requerido en la ficha técnica) | E16: Unidad | F16: Cantidad | G16: Valor unitario antes de IVA | H16: Porcentaje de IVA según corresponda | I16: Valor unitario IVA incluido | J16: Valor total IVA incluido
B17: 1 | C17: Vaciado y drenaje controlado del tanque. | E17: Un | F17: 1 | G17: 560000 | H17: 0.19 | I17: =+ROUND(G17*(1+H17),0) -> 666400 | J17: =+I17*F17 -> 666400
B18: 2 | C18: Retiro y disposición de sedimentos, lodos y residuos acumulados. | E18: Gl | F18: 1 | G18: 850000 | H18: 0.19 | I18: =+ROUND(G18*(1+H18),0) -> 1011500 | J18: =+I18*F18 -> 1011500
B19: 3 | C19: Inspección y diagnóstico de las condiciones físicas y sanitarias del tanque de almacenamiento de agua potable. Incluye Revisión de fisuras, grietas, filtraciones y desprendimientos, Inspección de tapas, escaleras, válvulas, tuberías y accesorios. | E19: Gl | F19: 1 | G19: 320000 | H19: 0.19 | I19: =+ROUND(G19*(1+H19),0) -> 380800 | J19: =+I19*F19 -> 380800
B20: 4 | C20: Lavado y limpieza interna de paredes, pisos, cubierta y accesorios del tanque. | E20: Un | F20: 1 | G20: 3200000 | H20: 0.19 | I20: =+ROUND(G20*(1+H20),0) -> 3808000 | J20: =+I20*F20 -> 3808000
B21: 5 | C21: Desinfección y enjuague del tanque de agua potable. | E21: Un | F21: 1 | G21: 2400000 | I21: =+ROUND(G21*(1+H21),0) -> 2400000 | J21: =+I21*F21 -> 2400000
B22: 6 | C22: Llenado y puesta en funcionamiento del tanque. | E22: Un | F22: 1 | G22: 560000 | H22: 0.19 | I22: =+ROUND(G22*(1+H22),0) -> 666400 | J22: =+I22*F22 -> 666400
B23: 7 | C23: Realizar el muestreo y análisis fisicoquímico y microbiológico del agua potable almacenada en el tanque y/o en un punto de consumo abastecido por éste | E23: Un | F23: 1 | G23: 4000000 | H23: 0.19 | I23: =+ROUND(G23*(1+H23),0) -> 4760000 | J23: =+I23*F23 -> 4760000
B25: TOTALES BOGOTÁ | G25: =SUM(G17:G23) -> 11890000 | I25: =SUM(I17:I23) -> 13693100 | J25: =SUM(J17:J23) -> 13693100
B27: TANQUE ALMACENAMIENTO DE AGUA POTABLE Sede Parque Arqueológico de Ídolos, Ubicación: Huila, Dimensiones: 2.0 x 2.0 x 2.0 Especificaciones: Tanque tipo piscina, estructura en concreto reforzada impermeabilización tipo compuesto a base de cemento modificado con polímeros, diseñado para impermeabilizar superficies de concreto y mamposterías expuestas a humedad, filtraciones o presión de agua. o similar. Acceso directo
B28: Ítem | C28: Descripción (De acuerdo con lo requerido en la ficha técnica) | E28: Unidad | F28: Cantidad | G28: Valor unitario antes de IVA | H28: Porcentaje de IVA según corresponda | I28: Valor unitario IVA incluido | J28: Valor total IVA incluido
B29: 1 | C29: Vaciado y drenaje controlado del tanque. | E29: Un | F29: 1 | G29: 280000 | H29: 0.19 | I29: =+ROUND(G29*(1+H29),0) -> 333200 | J29: =+I29*F29 -> 333200
B30: 2 | C30: Retiro y disposición de sedimentos, lodos y residuos acumulados. | E30: Gl | F30: 1 | G30: 720000 | H30: 0.19 | I30: =+ROUND(G30*(1+H30),0) -> 856800 | J30: =+I30*F30 -> 856800
B31: 3 | C31: Inspección y diagnóstico de las condiciones físicas y sanitarias del tanque de almacenamiento de agua potable. Incluye Revisión de fisuras, grietas, filtraciones y desprendimientos, Inspección de tapas, escaleras, válvulas, tuberías y accesorios. | E31: Gl | F31: 1 | G31: 160000 | H31: 0.19 | I31: =+ROUND(G31*(1+H31),0) -> 190400 | J31: =+I31*F31 -> 190400
B32: 4 | C32: Lavado y limpieza interna de paredes, pisos, cubierta y accesorios del tanque. | E32: Un | F32: 1 | G32: 1600000 | H32: 0.19 | I32: =+ROUND(G32*(1+H32),0) -> 1904000 | J32: =+I32*F32 -> 1904000
B33: 5 | C33: Desinfección y enjuague del tanque de agua potable. | E33: Un | F33: 1 | G33: 1200000 | I33: =+ROUND(G33*(1+H33),0) -> 1200000 | J33: =+I33*F33 -> 1200000
B34: 6 | C34: Llenado y puesta en funcionamiento del tanque. | E34: Un | F34: 1 | G34: 280000 | H34: 0.19 | I34: =+ROUND(G34*(1+H34),0) -> 333200 | J34: =+I34*F34 -> 333200
B35: 7 | C35: Realizar el muestreo y análisis fisicoquímico y microbiológico del agua potable almacenada en el tanque y/o en un punto de consumo abastecido por éste | E35: Un | F35: 1 | G35: 2000000 | H35: 0.19 | I35: =+ROUND(G35*(1+H35),0) -> 2380000 | J35: =+I35*F35 -> 2380000
B37: TOTAL IDOLOS | G37: =SUM(G29:G35) -> 6240000 | I37: =SUM(I29:I35) -> 7197600 | J37: =SUM(J29:J35) -> 7197600
B39: TANQUE ALMACENAMIENTO DE AGUA POTABLE Sede administrativa Santa Marta, Ubicación: Santa Marta, Dimensiones: 3.30 x 1.20 x 1.50 Especificaciones: Tanque subterráneo, estructura en concreto reforzada impermeabilización tipo compuesto a base de cemento modificado con polímeros, diseñado para impermeabilizar superficies de concreto y mampostería expuestas a humedad, filtraciones o presión de agua. o similar. Acceso de mantenimiento tipo escotilla
B40: Ítem | C40: Descripción (De acuerdo con lo requerido en la ficha técnica) | E40: Unidad | F40: Cantidad | G40: Valor unitario antes de IVA | H40: Porcentaje de IVA según corresponda | I40: Valor unitario IVA incluido | J40: Valor total IVA incluido
B41: 1 | C41: Vaciado y drenaje controlado del tanque. | E41: Un | F41: 1 | G41: 210000 | H41: 0.19 | I41: =+ROUND(G41*(1+H41),0) -> 249900 | J41: =+I41*F41 -> 249900
B42: 2 | C42: Retiro y disposición de sedimentos, lodos y residuos acumulados. | E42: Gl | F42: 1 | G42: 510000 | H42: 0.19 | I42: =+ROUND(G42*(1+H42),0) -> 606900 | J42: =+I42*F42 -> 606900
B43: 3 | C43: Inspección y diagnóstico de las condiciones físicas y sanitarias del tanque de almacenamiento de agua potable. Incluye Revisión de fisuras, grietas, filtraciones y desprendimientos, Inspección de tapas, escaleras, válvulas, tuberías y accesorios. | E43: Gl | F43: 1 | G43: 120000 | H43: 0.19 | I43: =+ROUND(G43*(1+H43),0) -> 142800 | J43: =+I43*F43 -> 142800
B44: 4 | C44: Lavado y limpieza interna de paredes, pisos, cubierta y accesorios del tanque. | E44: Un | F44: 1 | G44: 1200000 | H44: 0.19 | I44: =+ROUND(G44*(1+H44),0) -> 1428000 | J44: =+I44*F44 -> 1428000
B45: 5 | C45: Desinfección y enjuague del tanque de agua potable. | E45: Un | F45: 1 | G45: 900000 | I45: =+ROUND(G45*(1+H45),0) -> 900000 | J45: =+I45*F45 -> 900000
B46: 6 | C46: Llenado y puesta en funcionamiento del tanque. | E46: Un | F46: 1 | G46: 210000 | H46: 0.19 | I46: =+ROUND(G46*(1+H46),0) -> 249900 | J46: =+I46*F46 -> 249900
B47: 7 | C47: Realizar el muestreo y análisis fisicoquímico y microbiológico del agua potable almacenada en el tanque y/o en un punto de consumo abastecido por éste | E47: Un | F47: 1 | G47: 1800000 | H47: 0.19 | I47: =+ROUND(G47*(1+H47),0) -> 2142000 | J47: =+I47*F47 -> 2142000
B49: TOTAL SANTA MARTA | G49: =SUM(G41:G47) -> 4950000 | I49: =SUM(I41:I47) -> 5719500 | J49: =SUM(J41:J47) -> 5719500
B51: TANQUE ALMACENAMIENTO DE AGUA POTABLE Sede Parque Arqueológico San Agustín, Ubicación: Huila, Dimensiones:7.00 x 2.50 x 2.00 Especificaciones: Tanque subterráneo, estructura en concreto reforzada impermeabilización tipo compuesto a base de cemento modificado con polímeros, diseñado para impermeabilizar superficies de concreto y mampostería expuestas a humedad, filtraciones o presión de agua o similar. Acceso de mantenimiento tipo escotilla
B52: Ítem | C52: Descripción (De acuerdo con lo requerido en la ficha técnica) | E52: Unidad | F52: Cantidad | G52: Valor unitario antes de IVA | H52: Porcentaje de IVA según corresponda | I52: Valor unitario IVA incluido | J52: Valor total IVA incluido
B53: 1 | C53: Vaciado y drenaje controlado del tanque. | E53: Un | F53: 1 | G53: 588000 | H53: 0.19 | I53: =+ROUND(G53*(1+H53),0) -> 699720 | J53: =+I53*F53 -> 699720
B54: 2 | C54: Retiro y disposición de sedimentos, lodos y residuos acumulados. | E54: Gl | F54: 1 | G54: 860000 | H54: 0.19 | I54: =+ROUND(G54*(1+H54),0) -> 1023400 | J54: =+I54*F54 -> 1023400
B55: 3 | C55: Inspección y diagnóstico de las condiciones físicas y sanitarias del tanque de almacenamiento de agua potable. Incluye Revisión de fisuras, grietas, filtraciones y desprendimientos, Inspección de tapas, escaleras, válvulas, tuberías y accesorios. | E55: Gl | F55: 1 | G55: 360000 | H55: 0.19 | I55: =+ROUND(G55*(1+H55),0) -> 428400 | J55: =+I55*F55 -> 428400
B56: 4 | C56: Lavado y limpieza interna de paredes, pisos, cubierta y accesorios del tanque. | E56: Un | F56: 1 | G56: 3600000 | H56: 0.19 | I56: =+ROUND(G56*(1+H56),0) -> 4284000 | J56: =+I56*F56 -> 4284000
B57: 5 | C57: Desinfección y enjuague del tanque de agua potable. | E57: Un | F57: 1 | G57: 2700000 | I57: =+ROUND(G57*(1+H57),0) -> 2700000 | J57: =+I57*F57 -> 2700000
B58: 6 | C58: Llenado y puesta en funcionamiento del tanque. | E58: Un | F58: 1 | G58: 588000 | H58: 0.19 | I58: =+ROUND(G58*(1+H58),0) -> 699720 | J58: =+I58*F58 -> 699720
B59: 7 | C59: Realizar el muestreo y análisis fisicoquímico y microbiológico del agua potable almacenada en el tanque y/o en un punto de consumo abastecido por éste | E59: Un | F59: 1 | G59: 4500000 | H59: 0.19 | I59: =+ROUND(G59*(1+H59),0) -> 5355000 | J59: =+I59*F59 -> 5355000
B61: TOTAL SAN AGUSTIN | G61: =SUM(G53:G59) -> 13196000 | I61: =SUM(I53:I59) -> 15190240 | J61: =SUM(J53:J59) -> 15190240
B63: TANQUE ALMACENAMIENTO DE AGUA POTABLE Sede Parque Arqueológico San Agustin, Ubicación: Huila. Dimensiones:3.70 x 1.90 x 1.70 Especificaciones: Tanque subterráneo, estructura en concreto reforzada impermeabilización tipo compuesto a base de cemento modificado con polímeros, diseñado para impermeabilizar superficies de concreto y mampostería expuesta a humedad, filtraciones o presión de agua o similar. Acceso de mantenimiento tipo escotilla
B64: Ítem | C64: Descripción (De acuerdo con lo requerido en la ficha técnica) | E64: Unidad | F64: Cantidad | G64: Valor unitario antes de IVA | H64: Porcentaje de IVA según corresponda | I64: Valor unitario IVA incluido | J64: Valor total IVA incluido
B65: 1 | C65: Vaciado y drenaje controlado del tanque. | E65: Un | F65: 1 | G65: 336000 | H65: 0.19 | I65: =+ROUND(G65*(1+H65),0) -> 399840 | J65: =+I65*F65 -> 399840
B66: 2 | C66: Retiro y disposición de sedimentos, lodos y residuos acumulados. | E66: Gl | F66: 1 | G66: 510000 | H66: 0.19 | I66: =+ROUND(G66*(1+H66),0) -> 606900 | J66: =+I66*F66 -> 606900
B67: 3 | C67: Inspección y diagnóstico de las condiciones físicas y sanitarias del tanque de almacenamiento de agua potable. Incluye Revisión de fisuras, grietas, filtraciones y desprendimientos, Inspección de tapas, escaleras, válvulas, tuberías y accesorios. | E67: Gl | F67: 1 | G67: 200000 | H67: 0.19 | I67: =+ROUND(G67*(1+H67),0) -> 238000 | J67: =+I67*F67 -> 238000
B68: 4 | C68: Lavado y limpieza interna de paredes, pisos, cubierta y accesorios del tanque. | E68: Un | F68: 1 | G68: 1920000 | H68: 0.19 | I68: =+ROUND(G68*(1+H68),0) -> 2284800 | J68: =+I68*F68 -> 2284800
B69: 5 | C69: Desinfección y enjuague del tanque de agua potable. | E69: Un | F69: 1 | G69: 1440000 | I69: =+ROUND(G69*(1+H69),0) -> 1440000 | J69: =+I69*F69 -> 1440000
B70: 6 | C70: Llenado y puesta en funcionamiento del tanque. | E70: Un | F70: 1 | G70: 336000 | H70: 0.19 | I70: =+ROUND(G70*(1+H70),0) -> 399840 | J70: =+I70*F70 -> 399840
B71: 7 | C71: Realizar el muestreo y análisis fisicoquímico y microbiológico del agua potable almacenada en el tanque y/o en un punto de consumo abastecido por éste | E71: Un | F71: 1 | G71: 2500000 | H71: 0.19 | I71: =+ROUND(G71*(1+H71),0) -> 2975000 | J71: =+I71*F71 -> 2975000
B73: TOTAL SAN AGUSTIN | G73: =SUM(G65:G71) -> 7242000 | I73: =SUM(I65:I71) -> 8344380 | J73: =SUM(J65:J71) -> 8344380
B75: Ítem | C75: Descripción (De acuerdo con lo requerido en la ficha técnica) | E75: Unidad | F75: Cantidad | G75: Valor unitario antes de IVA | H75: Porcentaje de IVA según corresponda | I75: Valor unitario IVA incluido | J75: Valor total IVA incluido
B76: 1 | C76: Suministro y aplicación de sistema impermeabilizante tipo compuesto a base de cemento modificado con polímeros, diseñado para impermeabilizar superficies de concreto y mampostería expuesta a humedad, filtraciones o presión de agua. o equivalente aprobado para contacto con agua potable, incluyendo materiales, mano de obra, equipos y herramientas. | E76: m2 | F76: 1 | G76: 224230 | H76: 0.19 | I76: =+ROUND(G76*(1+H76),0) -> 266834 | J76: =+I76*F76 -> 266834
B78: TOTAL IMPERMEABILIZANTE | G78: =+G76 -> 224230 | I78: =+I76 -> 266834 | J78: =+J76 -> 266834
B80: TOTAL COTIZACIÓN | H80: =+J78+J73+J61+J49+J37+J25 -> 50411654
B82: La presente cotización:
B83: • Se remite como parte del estudio de mercado, previo a la contratación, y no implica ninguna obligación de contratar. • El Icanh no se hace responsable de ningún costo directo o indirecto en que incurra el potencial proveedor para presentar la actual cotización, dado que se recibe de buena fe, como fuente de información de precios de referencia del mercado para el estudio de sector. • Tiene una vigencia de 90 días a partir de la fecha de diligenciamiento.
B84: Inscripción en el Registro Único de Proponentes: Las personas naturales y jurídicas, nacionales o extranjeras, con domicilio en Colombia, interesadas en participar en procesos de contratación convocados por las entidades estatales, deben estar inscritas en el RUP, salvo las excepciones previstas de forma taxativa en la ley (Artículo 2.2.1.1.1.5.1 del Decreto 1082 de 2015). Se aclara que esta inscripción no se requiere para remitir cotización durante el estudio de sector.
B90: Firma Representante legal
B92: Nombre Representante legal
B94: Fecha de cotización

Sheet MAYALA
D2: República de Colombia
D3: Instituto Colombiano de Antropología e Historia
D4: Servicios de limpieza y desinfección de los tanques de almacenamiento de agua potable
D5: Formato de cotización
B7: Nombre o Razón Social | D7: MAYALA SAS | H7: NIT | I7: 901,288,237-3
B8: Persona de contacto | D8: Nestor Perilla | H8: Teléfono celular | I8: 3176682483
B9: Correo electrónico | D9: mayapyg@gmail.com | H9: Teléfono fijo
B11: Instrucciones para el diligenciamiento de la cotización
B13: • Por favor diligenciar solo las celdas en AZUL. • Revisar todos los requerimientos que se exponen en los documentos técnico y formular su cotización en concordancia con este, de tal forma que cumplan con la necesidad del Instituto. • Por favor diligenciar en la columna "Porcentaje de IVA" el porcentaje de IVA segun corresponda • Los precios unitarios deberán ser expresado en PESOS COLOMBIANOS. • Los precios unitarios deberán aproximarse por exceso o por defecto al entero más cercano así: (i) si es igual o superior a 50 centavos, se aproxima al entero siguiente; (ii) si es inferior a 50 centavos se baja al entero anterior. • El formato contiene los insumos de costos estimados por el Instituto por lo tanto no se permite modificar, agregar o quitar ningún ítem o sub-ítem. • Los precios unitarios deben contemplar todos los rubros requeridos para la adecuada prestación del servicio y el cumplimiento de las obligaciones tributarias y contractuales como los son trazabilidad del servicio, equipo mínimo de trabajo, impuestos entre otros.
B15: TANQUE ALMACENAMIENTO DE AGUA POTABLE Sede Gregorio Hernández de Alba, Ubicación: Bogotá., Dimensiones: 4.00 x 1.50 x 3.30 Especificaciones: Tanque subterráneo de almacenamiento de agua potable, construido en concreto reforzado e impermeabilizado con un recubrimiento cementicio modificado con polímeros o equivalente, diseñado para proteger superficies de concreto y mampostería contra la humedad, filtraciones y presión de agua. Cuenta con acceso para inspección y mantenimiento mediante escotilla.
B16: Ítem | C16: Descripción (De acuerdo con lo requerido en la ficha técnica) | E16: Unidad | F16: Cantidad | G16: Valor unitario antes de IVA | H16: Porcentaje de IVA según corresponda | I16: Valor unitario IVA incluido | J16: Valor total IVA incluido
B17: 1 | C17: Vaciado y drenaje controlado del tanque. | E17: Un | F17: 1 | G17: 350000 | H17: 0.19 | I17: =+ROUND(G17*(1+H17),0) -> 416500 | J17: =+I17*F17 -> 416500
B18: 2 | C18: Retiro y disposición de sedimentos, lodos y residuos acumulados. | E18: Gl | F18: 1 | G18: 650000 | H18: 0.19 | I18: =+ROUND(G18*(1+H18),0) -> 773500 | J18: =+I18*F18 -> 773500
B19: 3 | C19: Inspección y diagnóstico de las condiciones físicas y sanitarias del tanque de almacenamiento de agua potable. Incluye Revisión de fisuras, grietas, filtraciones y desprendimientos, Inspección de tapas, escaleras, válvulas, tuberías y accesorios. | E19: Gl | F19: 1 | G19: 2500000 | H19: 0.19 | I19: =+ROUND(G19*(1+H19),0) -> 2975000 | J19: =+I19*F19 -> 2975000
B20: 4 | C20: Lavado y limpieza interna de paredes, pisos, cubierta y accesorios del tanque. | E20: Un | F20: 1 | G20: 1500000 | H20: 0.19 | I20: =+ROUND(G20*(1+H20),0) -> 1785000 | J20: =+I20*F20 -> 1785000
B21: 5 | C21: Desinfección y enjuague del tanque de agua potable. | E21: Un | F21: 1 | G21: 1350000 | I21: =+ROUND(G21*(1+H21),0) -> 1350000 | J21: =+I21*F21 -> 1350000
B22: 6 | C22: Llenado y puesta en funcionamiento del tanque. | E22: Un | F22: 1 | G22: 250000 | H22: 0.19 | I22: =+ROUND(G22*(1+H22),0) -> 297500 | J22: =+I22*F22 -> 297500
B23: 7 | C23: Realizar el muestreo y análisis fisicoquímico y microbiológico del agua potable almacenada en el tanque y/o en un punto de consumo abastecido por éste | E23: Un | F23: 1 | G23: 550000 | H23: 0.19 | I23: =+ROUND(G23*(1+H23),0) -> 654500 | J23: =+I23*F23 -> 654500
B25: TOTALES BOGOTÁ | G25: =SUM(G17:G23) -> 7150000 | I25: =SUM(I17:I23) -> 8252000 | J25: =SUM(J17:J23) -> 8252000
B27: TANQUE ALMACENAMIENTO DE AGUA POTABLE Sede Parque Arqueológico de Ídolos, Ubicación: Huila, Dimensiones: 2.0 x 2.0 x 2.0 Especificaciones: Tanque tipo piscina, estructura en concreto reforzada impermeabilización tipo compuesto a base de cemento modificado con polímeros, diseñado para impermeabilizar superficies de concreto y mamposterías expuestas a humedad, filtraciones o presión de agua. o similar. Acceso directo
B28: Ítem | C28: Descripción (De acuerdo con lo requerido en la ficha técnica) | E28: Unidad | F28: Cantidad | G28: Valor unitario antes de IVA | H28: Porcentaje de IVA según corresponda | I28: Valor unitario IVA incluido | J28: Valor total IVA incluido
B29: 1 | C29: Vaciado y drenaje controlado del tanque. | E29: Un | F29: 1 | G29: 350000 | H29: 0.19 | I29: =+ROUND(G29*(1+H29),0) -> 416500 | J29: =+I29*F29 -> 416500
B30: 2 | C30: Retiro y disposición de sedimentos, lodos y residuos acumulados. | E30: Gl | F30: 1 | G30: 650000 | H30: 0.19 | I30: =+ROUND(G30*(1+H30),0) -> 773500 | J30: =+I30*F30 -> 773500
B31: 3 | C31: Inspección y diagnóstico de las condiciones físicas y sanitarias del tanque de almacenamiento de agua potable. Incluye Revisión de fisuras, grietas, filtraciones y desprendimientos, Inspección de tapas, escaleras, válvulas, tuberías y accesorios. | E31: Gl | F31: 1 | G31: 2500000 | H31: 0.19 | I31: =+ROUND(G31*(1+H31),0) -> 2975000 | J31: =+I31*F31 -> 2975000
B32: 4 | C32: Lavado y limpieza interna de paredes, pisos, cubierta y accesorios del tanque. | E32: Un | F32: 1 | G32: 1500000 | H32: 0.19 | I32: =+ROUND(G32*(1+H32),0) -> 1785000 | J32: =+I32*F32 -> 1785000
B33: 5 | C33: Desinfección y enjuague del tanque de agua potable. | E33: Un | F33: 1 | G33: 1350000 | I33: =+ROUND(G33*(1+H33),0) -> 1350000 | J33: =+I33*F33 -> 1350000
B34: 6 | C34: Llenado y puesta en funcionamiento del tanque. | E34: Un | F34: 1 | G34: 250000 | H34: 0.19 | I34: =+ROUND(G34*(1+H34),0) -> 297500 | J34: =+I34*F34 -> 297500
B35: 7 | C35: Realizar el muestreo y análisis fisicoquímico y microbiológico del agua potable almacenada en el tanque y/o en un punto de consumo abastecido por éste | E35: Un | F35: 1 | G35: 550000 | H35: 0.19 | I35: =+ROUND(G35*(1+H35),0) -> 654500 | J35: =+I35*F35 -> 654500
B37: TOTAL IDOLOS | G37: =SUM(G29:G35) -> 7150000 | I37: =SUM(I29:I35) -> 8252000 | J37: =SUM(J29:J35) -> 8252000
B39: TANQUE ALMACENAMIENTO DE AGUA POTABLE Sede administrativa Santa Marta, Ubicación: Santa Marta, Dimensiones: 3.30 x 1.20 x 1.50 Especificaciones: Tanque subterráneo, estructura en concreto reforzada impermeabilización tipo compuesto a base de cemento modificado con polímeros, diseñado para impermeabilizar superficies de concreto y mampostería expuestas a humedad, filtraciones o presión de agua. o similar. Acceso de mantenimiento tipo escotilla
B40: Ítem | C40: Descripción (De acuerdo con lo requerido en la ficha técnica) | E40: Unidad | F40: Cantidad | G40: Valor unitario antes de IVA | H40: Porcentaje de IVA según corresponda | I40: Valor unitario IVA incluido | J40: Valor total IVA incluido
B41: 1 | C41: Vaciado y drenaje controlado del tanque. | E41: Un | F41: 1 | G41: 650000 | H41: 0.19 | I41: =+ROUND(G41*(1+H41),0) -> 773500 | J41: =+I41*F41 -> 773500
B42: 2 | C42: Retiro y disposición de sedimentos, lodos y residuos acumulados. | E42: Gl | F42: 1 | G42: 1200000 | H42: 0.19 | I42: =+ROUND(G42*(1+H42),0) -> 1428000 | J42: =+I42*F42 -> 1428000
B43: 3 | C43: Inspección y diagnóstico de las condiciones físicas y sanitarias del tanque de almacenamiento de agua potable. Incluye Revisión de fisuras, grietas, filtraciones y desprendimientos, Inspección de tapas, escaleras, válvulas, tuberías y accesorios. | E43: Gl | F43: 1 | G43: 3500000 | H43: 0.19 | I43: =+ROUND(G43*(1+H43),0) -> 4165000 | J43: =+I43*F43 -> 4165000
B44: 4 | C44: Lavado y limpieza interna de paredes, pisos, cubierta y accesorios del tanque. | E44: Un | F44: 1 | G44: 1500000 | H44: 0.19 | I44: =+ROUND(G44*(1+H44),0) -> 1785000 | J44: =+I44*F44 -> 1785000
B45: 5 | C45: Desinfección y enjuague del tanque de agua potable. | E45: Un | F45: 1 | G45: 2500000 | H45: 0.19 | I45: =+ROUND(G45*(1+H45),0) -> 2975000 | J45: =+I45*F45 -> 2975000
B46: 6 | C46: Llenado y puesta en funcionamiento del tanque. | E46: Un | F46: 1 | G46: 550000 | H46: 0.19 | I46: =+ROUND(G46*(1+H46),0) -> 654500 | J46: =+I46*F46 -> 654500
B47: 7 | C47: Realizar el muestreo y análisis fisicoquímico y microbiológico del agua potable almacenada en el tanque y/o en un punto de consumo abastecido por éste | E47: Un | F47: 1 | G47: 750000 | H47: 0.19 | I47: =+ROUND(G47*(1+H47),0) -> 892500 | J47: =+I47*F47 -> 892500
B49: TOTAL SANTA MARTA | G49: =SUM(G41:G47) -> 10650000 | I49: =SUM(I41:I47) -> 12673500 | J49: =SUM(J41:J47) -> 12673500
B51: TANQUE ALMACENAMIENTO DE AGUA POTABLE Sede Parque Arqueológico San Agustín, Ubicación: Huila, Dimensiones:7.00 x 2.50 x 2.00 Especificaciones: Tanque subterráneo, estructura en concreto reforzada impermeabilización tipo compuesto a base de cemento modificado con polímeros, diseñado para impermeabilizar superficies de concreto y mampostería expuestas a humedad, filtraciones o presión de agua o similar. Acceso de mantenimiento tipo escotilla
B52: Ítem | C52: Descripción (De acuerdo con lo requerido en la ficha técnica) | E52: Unidad | F52: Cantidad | G52: Valor unitario antes de IVA | H52: Porcentaje de IVA según corresponda | I52: Valor unitario IVA incluido | J52: Valor total IVA incluido
B53: 1 | C53: Vaciado y drenaje controlado del tanque. | E53: Un | F53: 1 | G53: 350000 | H53: 0.19 | I53: =+ROUND(G53*(1+H53),0) -> 416500 | J53: =+I53*F53 -> 416500
B54: 2 | C54: Retiro y disposición de sedimentos, lodos y residuos acumulados. | E54: Gl | F54: 1 | G54: 650000 | H54: 0.19 | I54: =+ROUND(G54*(1+H54),0) -> 773500 | J54: =+I54*F54 -> 773500
B55: 3 | C55: Inspección y diagnóstico de las condiciones físicas y sanitarias del tanque de almacenamiento de agua potable. Incluye Revisión de fisuras, grietas, filtraciones y desprendimientos, Inspección de tapas, escaleras, válvulas, tuberías y accesorios. | E55: Gl | F55: 1 | G55: 2500000 | H55: 0.19 | I55: =+ROUND(G55*(1+H55),0) -> 2975000 | J55: =+I55*F55 -> 2975000
B56: 4 | C56: Lavado y limpieza interna de paredes, pisos, cubierta y accesorios del tanque. | E56: Un | F56: 1 | G56: 1500000 | H56: 0.19 | I56: =+ROUND(G56*(1+H56),0) -> 1785000 | J56: =+I56*F56 -> 1785000
B57: 5 | C57: Desinfección y enjuague del tanque de agua potable. | E57: Un | F57: 1 | G57: 1350000 | I57: =+ROUND(G57*(1+H57),0) -> 1350000 | J57: =+I57*F57 -> 1350000
B58: 6 | C58: Llenado y puesta en funcionamiento del tanque. | E58: Un | F58: 1 | G58: 250000 | H58: 0.19 | I58: =+ROUND(G58*(1+H58),0) -> 297500 | J58: =+I58*F58 -> 297500
B59: 7 | C59: Realizar el muestreo y análisis fisicoquímico y microbiológico del agua potable almacenada en el tanque y/o en un punto de consumo abastecido por éste | E59: Un | F59: 1 | G59: 550000 | H59: 0.19 | I59: =+ROUND(G59*(1+H59),0) -> 654500 | J59: =+I59*F59 -> 654500
B61: TOTAL SAN AGUSTIN | G61: =SUM(G53:G59) -> 7150000 | I61: =SUM(I53:I59) -> 8252000 | J61: =SUM(J53:J59) -> 8252000
B63: TANQUE ALMACENAMIENTO DE AGUA POTABLE Sede Parque Arqueológico San Agustin, Ubicación: Huila. Dimensiones:3.70 x 1.90 x 1.70 Especificaciones: Tanque subterráneo, estructura en concreto reforzada impermeabilización tipo compuesto a base de cemento modificado con polímeros, diseñado para impermeabilizar superficies de concreto y mampostería expuesta a humedad, filtraciones o presión de agua o similar. Acceso de mantenimiento tipo escotilla
B64: Ítem | C64: Descripción (De acuerdo con lo requerido en la ficha técnica) | E64: Unidad | F64: Cantidad | G64: Valor unitario antes de IVA | H64: Porcentaje de IVA según corresponda | I64: Valor unitario IVA incluido | J64: Valor total IVA incluido
B65: 1 | C65: Vaciado y drenaje controlado del tanque. | E65: Un | F65: 1 | G65: 350000 | H65: 0.19 | I65: =+ROUND(G65*(1+H65),0) -> 416500 | J65: =+I65*F65 -> 416500
B66: 2 | C66: Retiro y disposición de sedimentos, lodos y residuos acumulados. | E66: Gl | F66: 1 | G66: 650000 | H66: 0.19 | I66: =+ROUND(G66*(1+H66),0) -> 773500 | J66: =+I66*F66 -> 773500
B67: 3 | C67: Inspección y diagnóstico de las condiciones físicas y sanitarias del tanque de almacenamiento de agua potable. Incluye Revisión de fisuras, grietas, filtraciones y desprendimientos, Inspección de tapas, escaleras, válvulas, tuberías y accesorios. | E67: Gl | F67: 1 | G67: 2500000 | H67: 0.19 | I67: =+ROUND(G67*(1+H67),0) -> 2975000 | J67: =+I67*F67 -> 2975000
B68: 4 | C68: Lavado y limpieza interna de paredes, pisos, cubierta y accesorios del tanque. | E68: Un | F68: 1 | G68: 1500000 | H68: 0.19 | I68: =+ROUND(G68*(1+H68),0) -> 1785000 | J68: =+I68*F68 -> 1785000
B69: 5 | C69: Desinfección y enjuague del tanque de agua potable. | E69: Un | F69: 1 | G69: 1350000 | I69: =+ROUND(G69*(1+H69),0) -> 1350000 | J69: =+I69*F69 -> 1350000
B70: 6 | C70: Llenado y puesta en funcionamiento del tanque. | E70: Un | F70: 1 | G70: 250000 | H70: 0.19 | I70: =+ROUND(G70*(1+H70),0) -> 297500 | J70: =+I70*F70 -> 297500
B71: 7 | C71: Realizar el muestreo y análisis fisicoquímico y microbiológico del agua potable almacenada en el tanque y/o en un punto de consumo abastecido por éste | E71: Un | F71: 1 | G71: 550000 | H71: 0.19 | I71: =+ROUND(G71*(1+H71),0) -> 654500 | J71: =+I71*F71 -> 654500
B73: TOTAL SAN AGUSTIN | G73: =SUM(G65:G71) -> 7150000 | I73: =SUM(I65:I71) -> 8252000 | J73: =SUM(J65:J71) -> 8252000
B75: Ítem | C75: Descripción (De acuerdo con lo requerido en la ficha técnica) | E75: Unidad | F75: Cantidad | G75: Valor unitario antes de IVA | H75: Porcentaje de IVA según corresponda | I75: Valor unitario IVA incluido | J75: Valor total IVA incluido
B76: 1 | C76: Suministro y aplicación de sistema impermeabilizante tipo compuesto a base de cemento modificado con polímeros, diseñado para impermeabilizar superficies de concreto y mampostería expuesta a humedad, filtraciones o presión de agua. o equivalente aprobado para contacto con agua potable, incluyendo materiales, mano de obra, equipos y herramientas. | E76: m2 | F76: 1 | G76: 75000 | H76: 0.19 | I76: =+ROUND(G76*(1+H76),0) -> 89250 | J76: =+I76*F76 -> 89250
B78: TOTAL IMPERMEABILIZANTE | G78: =+G76 -> 75000 | I78: =+I76 -> 89250 | J78: =+J76 -> 89250
B80: TOTAL COTIZACIÓN | H80: =+J78+J73+J61+J49+J37+J25 -> 45770750
B82: La presente cotización:
B83: • Se remite como parte del estudio de mercado, previo a la contratación, y no implica ninguna obligación de contratar. • El Icanh no se hace responsable de ningún costo directo o indirecto en que incurra el potencial proveedor para presentar la actual cotización, dado que se recibe de buena fe, como fuente de información de precios de referencia del mercado para el estudio de sector. • Tiene una vigencia de 90 días a partir de la fecha de diligenciamiento.
B84: Inscripción en el Registro Único de Proponentes: Las personas naturales y jurídicas, nacionales o extranjeras, con domicilio en Colombia, interesadas en participar en procesos de contratación convocados por las entidades estatales, deben estar inscritas en el RUP, salvo las excepciones previstas de forma taxativa en la ley (Artículo 2.2.1.1.1.5.1 del Decreto 1082 de 2015). Se aclara que esta inscripción no se requiere para remitir cotización durante el estudio de sector.
B90: Firma Representante legal
B92: Nombre Representante legal
B94: Fecha de cotización
